Workbook

Sheet Index
A1: Scheme Code | B1: Scheme Code | C1: Scheme Name
A2: LIC33 | B2: LDBOND | C2: LIC MF Bond Fund
A3: LIC142 | B3: LDCPO2 | C3: LIC MF Capital Protection Oriented Fund-Series 2
A4: LIC172 | B4: LDDAF1 | C4: LIC MF Dual Advantage Fixed Term Plan-Series 1
A5: LIC173 | B5: LDDAF2 | C5: LIC MF Dual Advantage Fixed Term Plan-Series 2
A6: LIC174 | B6: LDDAF3 | C6: LIC MF Dual Advantage Fixed Term Plan-Series 3
A7: LIC168 | B7: LDGETF | C7: LIC MF G-Sec Long Term Exchange Traded Fund
A8: LIC34 | B8: LDGSEC | C8: LIC MF Govt. Securities Fund
A9: LIC72 | B9: LDINPF | C9: LIC MF Income Plus Fund
A10: LIC31 | B10: LDMIPF | C10: LIC MF Monthly Income Plan
A11: LIC40 | B11: LDSAPF | C11: LIC MF Savings Plus Fund
A12: LIC08 | B12: LEBALF | C12: LIC MF Balanced Fund
... A26: LIC36 | B26: LLIQDF | C26: LIC MF Liquid Fund

Sheet Main File
F1: Regular Plan | K1: Direct Plan
A2: Coding | B2: DB Scheme Code | C2: SCB Scheme Code | D2: Date (DD/MM/YYYY) | E2: Scheme Name | F2: Base TER (%)1 | G2: Additional expense as per Regulation 52(6A)(b) (%)2 | H2: Additional expense as per Regulation 52(6A)(c) (%)3 | I2: GST (%)4 | J2: Total TER (%) | K2: Base TER (%)1 | L2: Additional expense as per Regulation 52(6A)(b) (%)2 | M2: Additional expense as per Regulation 52(6A)(c) (%)3 | N2: GST (%)4 | O2: Total TER (%)
A3: =C3&D3 -> LDBOND43191 | B3: LIC33 | C3: LDBOND | D3: 43191 | E3: LIC MF Bond Fund | F3: 1.0700193 | G3: 0 | H3: 0 | I3: 0.095403171 | J3: 1.1654225 | K3: 0.56678083 | L3: 0 | M3: 0 | N3: 0.094822254 | O3: 0.66160308
A4: =C4&D4 -> LDCPO243191 | B4: LIC142 | C4: LDCPO2 | D4: 43191 | E4: LIC MF Capital Protection Oriented Fund-Series 2 | F4: 2.250077 | G4: 0 | H4: 0 | I4: 0.28801829 | J4: 2.5380953 | K4: 1.7500943 | L4: 0 | M4: 0 | N4: 0.28802384 | O4: 2.0381181
A5: =C5&D5 -> LDDAF143191 | B5: LIC172 | C5: LDDAF1 | D5: 43191 | E5: LIC MF Dual Advantage Fixed Term Plan-Series 1 | F5: 2.2500856 | G5: 0 | H5: 0 | I5: 0.17461298 | J5: 2.4246986 | K5: 1.0800118 | L5: 0 | M5: 0 | N5: 0.17460304 | O5: 1.2546148
A6: =C6&D6 -> LDDAF243191 | B6: LIC173 | C6: LDDAF2 | D6: 43191 | E6: LIC MF Dual Advantage Fixed Term Plan-Series 2 | F6: 2.2500891 | G6: 0 | H6: 0 | I6: 0.19801288 | J6: 2.448102 | K6: 1.2200093 | L6: 0 | M6: 0 | N6: 0.19800614 | O6: 1.4180154
A7: =C7&D7 -> LDDAF343191 | B7: LIC174 | C7: LDDAF3 | D7: 43191 | E7: LIC MF Dual Advantage Fixed Term Plan-Series 3 | F7: 2.2500872 | G7: 0 | H7: 0 | I7: 0.19621437 | J7: 2.4463015 | K7: 1.2300154 | L7: 0 | M7: 0 | N7: 0.1962054 | O7: 1.4262208
A8: =C8&D8 -> LDGETF43191 | B8: LIC168 | C8: LDGETF | D8: 43191 | E8: LIC MF G-Sec Long Term Exchange Traded Fund# | F8: 0.25000076 | G8: 0 | H8: 0 | I8: 0.027000066 | J8: 0.27700083 | K8: 0 | L8: 0 | M8: 0 | N8: 0 | O8: 0
A9: =C9&D9 -> LDGSEC43191 | B9: LIC34 | C9: LDGSEC | D9: 43191 | E9: LIC MF Govt. Securities Fund | F9: 2.2500977 | G9: 0 | H9: 0.2 | I9: 0.27541891 | J9: 2.7255166 | K9: 1.3460867 | L9: 0 | M9: 0.2 | N9: 0.27110458 | O9: 1.8171913
A10: =C10&D10 -> LDINPF43191 | B10: LIC72 | C10: LDINPF | D10: 43191 | E10: LIC MF Income Plus Fund | F10: 1.1300209 | G10: 0 | H10: 0 | I10: 0.068401699 | J10: 1.1984226 | K10: 0.47721288 | L10: 0 | M10: 0 | N10: 0.067899342 | O10: 0.54511222
A11: =C11&D11 -> LDMIPF43191 | B11: LIC31 | C11: LDMIPF | D11: 43191 | E11: LIC MF Monthly Income Plan | F11: 2.2391717 | G11: 0 | H11: 0.2 | I11: 0.32745814 | J11: 2.7666298 | K11: 1.5475981 | L11: 0 | M11: 0.2 | N11: 0.30378559 | O11: 2.0513837
A12: =C12&D12 -> LDSAPF43191 | B12: LIC40 | C12: LDSAPF | D12: 43191 | E12: LIC MF Savings Plus Fund | F12: 0.80000922 | G12: 0 | H12: 0 | I12: 0.03960089 | J12: 0.83961011 | K12: 0.26524754 | L12: 0 | M12: 0 | N12: 0.038744647 | O12: 0.30399219
A13: =C13&D13 -> LEBALF43191 | B13: LIC08 | C13: LEBALF | D13: 43191 | E13: LIC MF Balanced Fund | F13: 2.3254777 | G13: 0 | H13: 0.2 | I13: 0.058578508 | J13: 2.5840562 | K13: 0.32354198 | L13: 0 | M13: 0.2 | N13: 0.058238035 | O13: 0.58178002
A14: =C14&D14 -> LEBFSF43191 | B14: LIC171 | C14: LEBFSF | D14: 43191 | E14: LIC MF Banking and Financial Services Fund | F14: 2.5001203 | G14: 0 | H14: 0.2 | I14: 0.21961783 | J14: 2.9197381 | K14: 1.0370859 | L14: 0 | M14: 0.2 | N14: 0.20828069 | O14: 1.4453665
... A1202: =C1202&D1202 -> LLIQDF43238 | B1202: LIC36 | C1202: LLIQDF | D1202: 43238 | E1202: LIC MF Liquid Fund | F1202: 0.23955567 | G1202: 0 | H1202: 0 | I1202: 0.0053188785 | J1202: 0.24487455 | K1202: 0.099536401 | L1202: 0 | M1202: 0 | N1202: 0.0053164136 | O1202: 0.10485281

Sheet LDBOND
A1: =+VLOOKUP(+(MID(CELL("filename",A1),FIND("]",CELL("filename",A1))+1,255)),'Main File'!C:E,3,0) -> LIC MF Bond Fund | N1: Go to Index
B2: Regular Plan | G2: Direct Plan
A3: Date (DD/MM/YYYY) | B3: Base TER (%)1 | C3: Additional expense as per Regulation 52(6A)(b) (%)2 | D3: Additional expense as per Regulation 52(6A)(c) (%)3 | E3: GST (%)4 | F3: Total TER (%) | G3: Base TER (%)1 | H3: Additional expense as per Regulation 52(6A)(b) (%)2 | I3: Additional expense as per Regulation 52(6A)(c) (%)3 | J3: GST (%)4 | K3: Total TER (%)
A4: 43191 | B4: =IFERROR(+VLOOKUP("LDBOND"&A4,'Main File'!A:O,6,0),0) -> 1.0700193 | C4: =IFERROR(+VLOOKUP("LDBOND"&A4,'Main File'!A:O,7,0),0) -> 0 | D4: =IFERROR(+VLOOKUP("LDBOND"&A4,'Main File'!A:O,8,0),0) -> 0 | E4: =IFERROR(+VLOOKUP("LDBOND"&A4,'Main File'!A:O,9,0),0) -> 0.095403171 | F4: =IFERROR(+VLOOKUP("LDBOND"&A4,'Main File'!A:O,10,0),0) -> 1.1654225 | G4: =IFERROR(+VLOOKUP("LDBOND"&A4,'Main File'!A:O,11,0),0) -> 0.56678083 | H4: =IFERROR(+VLOOKUP("LDBOND"&A4,'Main File'!A:O,12,0),0) -> 0 | I4: =IFERROR(+VLOOKUP("LDBOND"&A4,'Main File'!A:O,13,0),0) -> 0 | J4: =IFERROR(+VLOOKUP("LDBOND"&A4,'Main File'!A:O,14,0),0) -> 0.094822254 | K4: =IFERROR(+VLOOKUP("LDBOND"&A4,'Main File'!A:O,15,0),0) -> 0.66160308
A5: =A4+1 -> 43192 | B5: =IFERROR(+VLOOKUP("LDBOND"&A5,'Main File'!A:O,6,0),0) -> 1.0700193 | C5: =IFERROR(+VLOOKUP("LDBOND"&A5,'Main File'!A:O,7,0),0) -> 0 | D5: =IFERROR(+VLOOKUP("LDBOND"&A5,'Main File'!A:O,8,0),0) -> 0 | E5: =IFERROR(+VLOOKUP("LDBOND"&A5,'Main File'!A:O,9,0),0) -> 0.09540321 | F5: =IFERROR(+VLOOKUP("LDBOND"&A5,'Main File'!A:O,10,0),0) -> 1.1654225 | G5: =IFERROR(+VLOOKUP("LDBOND"&A5,'Main File'!A:O,11,0),0) -> 0.56677982 | H5: =IFERROR(+VLOOKUP("LDBOND"&A5,'Main File'!A:O,12,0),0) -> 0 | I5: =IFERROR(+VLOOKUP("LDBOND"&A5,'Main File'!A:O,13,0),0) -> 0 | J5: =IFERROR(+VLOOKUP("LDBOND"&A5,'Main File'!A:O,14,0),0) -> 0.094821528 | K5: =IFERROR(+VLOOKUP("LDBOND"&A5,'Main File'!A:O,15,0),0) -> 0.66160135
A6: =+A5+1 -> 43193 | B6: =IFERROR(+VLOOKUP("LDBOND"&A6,'Main File'!A:O,6,0),0) -> 1.0700193 | C6: =IFERROR(+VLOOKUP("LDBOND"&A6,'Main File'!A:O,7,0),0) -> 0 | D6: =IFERROR(+VLOOKUP("LDBOND"&A6,'Main File'!A:O,8,0),0) -> 0 | E6: =IFERROR(+VLOOKUP("LDBOND"&A6,'Main File'!A:O,9,0),0) -> 0.095402816 | F6: =IFERROR(+VLOOKUP("LDBOND"&A6,'Main File'!A:O,10,0),0) -> 1.1654221 | G6: =IFERROR(+VLOOKUP("LDBOND"&A6,'Main File'!A:O,11,0),0) -> 0.56678549 | H6: =IFERROR(+VLOOKUP("LDBOND"&A6,'Main File'!A:O,12,0),0) -> 0 | I6: =IFERROR(+VLOOKUP("LDBOND"&A6,'Main File'!A:O,13,0),0) -> 0 | J6: =IFERROR(+VLOOKUP("LDBOND"&A6,'Main File'!A:O,14,0),0) -> 0.094822849 | K6: =IFERROR(+VLOOKUP("LDBOND"&A6,'Main File'!A:O,15,0),0) -> 0.66160834
A7: =+A6+1 -> 43194 | B7: =IFERROR(+VLOOKUP("LDBOND"&A7,'Main File'!A:O,6,0),0) -> 1.0700196 | C7: =IFERROR(+VLOOKUP("LDBOND"&A7,'Main File'!A:O,7,0),0) -> 0 | D7: =IFERROR(+VLOOKUP("LDBOND"&A7,'Main File'!A:O,8,0),0) -> 0 | E7: =IFERROR(+VLOOKUP("LDBOND"&A7,'Main File'!A:O,9,0),0) -> 0.095402834 | F7: =IFERROR(+VLOOKUP("LDBOND"&A7,'Main File'!A:O,10,0),0) -> 1.1654224 | G7: =IFERROR(+VLOOKUP("LDBOND"&A7,'Main File'!A:O,11,0),0) -> 0.5667823 | H7: =IFERROR(+VLOOKUP("LDBOND"&A7,'Main File'!A:O,12,0),0) -> 0 | I7: =IFERROR(+VLOOKUP("LDBOND"&A7,'Main File'!A:O,13,0),0) -> 0 | J7: =IFERROR(+VLOOKUP("LDBOND"&A7,'Main File'!A:O,14,0),0) -> 0.094823122 | K7: =IFERROR(+VLOOKUP("LDBOND"&A7,'Main File'!A:O,15,0),0) -> 0.66160542
A8: =+A7+1 -> 43195 | B8: =IFERROR(+VLOOKUP("LDBOND"&A8,'Main File'!A:O,6,0),0) -> 1.0700188 | C8: =IFERROR(+VLOOKUP("LDBOND"&A8,'Main File'!A:O,7,0),0) -> 0 | D8: =IFERROR(+VLOOKUP("LDBOND"&A8,'Main File'!A:O,8,0),0) -> 0 | E8: =IFERROR(+VLOOKUP("LDBOND"&A8,'Main File'!A:O,9,0),0) -> 0.09540318 | F8: =IFERROR(+VLOOKUP("LDBOND"&A8,'Main File'!A:O,10,0),0) -> 1.165422 | G8: =IFERROR(+VLOOKUP("LDBOND"&A8,'Main File'!A:O,11,0),0) -> 0.56679579 | H8: =IFERROR(+VLOOKUP("LDBOND"&A8,'Main File'!A:O,12,0),0) -> 0 | I8: =IFERROR(+VLOOKUP("LDBOND"&A8,'Main File'!A:O,13,0),0) -> 0 | J8: =IFERROR(+VLOOKUP("LDBOND"&A8,'Main File'!A:O,14,0),0) -> 0.09482474 | K8: =IFERROR(+VLOOKUP("LDBOND"&A8,'Main File'!A:O,15,0),0) -> 0.66162053
A9: =+A8+1 -> 43196 | B9: =IFERROR(+VLOOKUP("LDBOND"&A9,'Main File'!A:O,6,0),0) -> 1.042838 | C9: =IFERROR(+VLOOKUP("LDBOND"&A9,'Main File'!A:O,7,0),0) -> 0 | D9: =IFERROR(+VLOOKUP("LDBOND"&A9,'Main File'!A:O,8,0),0) -> 0 | E9: =IFERROR(+VLOOKUP("LDBOND"&A9,'Main File'!A:O,9,0),0) -> 0.090510338 | F9: =IFERROR(+VLOOKUP("LDBOND"&A9,'Main File'!A:O,10,0),0) -> 1.1333484 | G9: =IFERROR(+VLOOKUP("LDBOND"&A9,'Main File'!A:O,11,0),0) -> 0.53959369 | H9: =IFERROR(+VLOOKUP("LDBOND"&A9,'Main File'!A:O,12,0),0) -> 0 | I9: =IFERROR(+VLOOKUP("LDBOND"&A9,'Main File'!A:O,13,0),0) -> 0 | J9: =IFERROR(+VLOOKUP("LDBOND"&A9,'Main File'!A:O,14,0),0) -> 0.089928077 | K9: =IFERROR(+VLOOKUP("LDBOND"&A9,'Main File'!A:O,15,0),0) -> 0.62952176
A10: =+A9+1 -> 43197 | B10: =IFERROR(+VLOOKUP("LDBOND"&A10,'Main File'!A:O,6,0),0) -> 1.0428379 | C10: =IFERROR(+VLOOKUP("LDBOND"&A10,'Main File'!A:O,7,0),0) -> 0 | D10: =IFERROR(+VLOOKUP("LDBOND"&A10,'Main File'!A:O,8,0),0) -> 0 | E10: =IFERROR(+VLOOKUP("LDBOND"&A10,'Main File'!A:O,9,0),0) -> 0.090510331 | F10: =IFERROR(+VLOOKUP("LDBOND"&A10,'Main File'!A:O,10,0),0) -> 1.1333483 | G10: =IFERROR(+VLOOKUP("LDBOND"&A10,'Main File'!A:O,11,0),0) -> 0.53959764 | H10: =IFERROR(+VLOOKUP("LDBOND"&A10,'Main File'!A:O,12,0),0) -> 0 | I10: =IFERROR(+VLOOKUP("LDBOND"&A10,'Main File'!A:O,13,0),0) -> 0 | J10: =IFERROR(+VLOOKUP("LDBOND"&A10,'Main File'!A:O,14,0),0) -> 0.089928309 | K10: =IFERROR(+VLOOKUP("LDBOND"&A10,'Main File'!A:O,15,0),0) -> 0.62952595
A11: =+A10+1 -> 43198 | B11: =IFERROR(+VLOOKUP("LDBOND"&A11,'Main File'!A:O,6,0),0) -> 1.0428374 | C11: =IFERROR(+VLOOKUP("LDBOND"&A11,'Main File'!A:O,7,0),0) -> 0 | D11: =IFERROR(+VLOOKUP("LDBOND"&A11,'Main File'!A:O,8,0),0) -> 0 | E11: =IFERROR(+VLOOKUP("LDBOND"&A11,'Main File'!A:O,9,0),0) -> 0.090510325 | F11: =IFERROR(+VLOOKUP("LDBOND"&A11,'Main File'!A:O,10,0),0) -> 1.1333477 | G11: =IFERROR(+VLOOKUP("LDBOND"&A11,'Main File'!A:O,11,0),0) -> 0.53959793 | H11: =IFERROR(+VLOOKUP("LDBOND"&A11,'Main File'!A:O,12,0),0) -> 0 | I11: =IFERROR(+VLOOKUP("LDBOND"&A11,'Main File'!A:O,13,0),0) -> 0 | J11: =IFERROR(+VLOOKUP("LDBOND"&A11,'Main File'!A:O,14,0),0) -> 0.089928541 | K11: =IFERROR(+VLOOKUP("LDBOND"&A11,'Main File'!A:O,15,0),0) -> 0.62952647
A12: =+A11+1 -> 43199 | B12: =IFERROR(+VLOOKUP("LDBOND"&A12,'Main File'!A:O,6,0),0) -> 1.0444077 | C12: =IFERROR(+VLOOKUP("LDBOND"&A12,'Main File'!A:O,7,0),0) -> 0 | D12: =IFERROR(+VLOOKUP("LDBOND"&A12,'Main File'!A:O,8,0),0) -> 0 | E12: =IFERROR(+VLOOKUP("LDBOND"&A12,'Main File'!A:O,9,0),0) -> 0.090793005 | F12: =IFERROR(+VLOOKUP("LDBOND"&A12,'Main File'!A:O,10,0),0) -> 1.1352007 | G12: =IFERROR(+VLOOKUP("LDBOND"&A12,'Main File'!A:O,11,0),0) -> 0.54116362 | H12: =IFERROR(+VLOOKUP("LDBOND"&A12,'Main File'!A:O,12,0),0) -> 0 | I12: =IFERROR(+VLOOKUP("LDBOND"&A12,'Main File'!A:O,13,0),0) -> 0 | J12: =IFERROR(+VLOOKUP("LDBOND"&A12,'Main File'!A:O,14,0),0) -> 0.090210284 | K12: =IFERROR(+VLOOKUP("LDBOND"&A12,'Main File'!A:O,15,0),0) -> 0.6313739
A13: =+A12+1 -> 43200 | B13: =IFERROR(+VLOOKUP("LDBOND"&A13,'Main File'!A:O,6,0),0) -> 1.0491247 | C13: =IFERROR(+VLOOKUP("LDBOND"&A13,'Main File'!A:O,7,0),0) -> 0 | D13: =IFERROR(+VLOOKUP("LDBOND"&A13,'Main File'!A:O,8,0),0) -> 0 | E13: =IFERROR(+VLOOKUP("LDBOND"&A13,'Main File'!A:O,9,0),0) -> 0.091642191 | F13: =IFERROR(+VLOOKUP("LDBOND"&A13,'Main File'!A:O,10,0),0) -> 1.1407669 | G13: =IFERROR(+VLOOKUP("LDBOND"&A13,'Main File'!A:O,11,0),0) -> 0.54587166 | H13: =IFERROR(+VLOOKUP("LDBOND"&A13,'Main File'!A:O,12,0),0) -> 0 | I13: =IFERROR(+VLOOKUP("LDBOND"&A13,'Main File'!A:O,13,0),0) -> 0 | J13: =IFERROR(+VLOOKUP("LDBOND"&A13,'Main File'!A:O,14,0),0) -> 0.091057856 | K13: =IFERROR(+VLOOKUP("LDBOND"&A13,'Main File'!A:O,15,0),0) -> 0.63692952
A14: =+A13+1 -> 43201 | B14: =IFERROR(+VLOOKUP("LDBOND"&A14,'Main File'!A:O,6,0),0) -> 1.0361356 | C14: =IFERROR(+VLOOKUP("LDBOND"&A14,'Main File'!A:O,7,0),0) -> 0 | D14: =IFERROR(+VLOOKUP("LDBOND"&A14,'Main File'!A:O,8,0),0) -> 0 | E14: =IFERROR(+VLOOKUP("LDBOND"&A14,'Main File'!A:O,9,0),0) -> 0.089304095 | F14: =IFERROR(+VLOOKUP("LDBOND"&A14,'Main File'!A:O,10,0),0) -> 1.1254397 | G14: =IFERROR(+VLOOKUP("LDBOND"&A14,'Main File'!A:O,11,0),0) -> 0.53288325 | H14: =IFERROR(+VLOOKUP("LDBOND"&A14,'Main File'!A:O,12,0),0) -> 0 | I14: =IFERROR(+VLOOKUP("LDBOND"&A14,'Main File'!A:O,13,0),0) -> 0 | J14: =IFERROR(+VLOOKUP("LDBOND"&A14,'Main File'!A:O,14,0),0) -> 0.088720123 | K14: =IFERROR(+VLOOKUP("LDBOND"&A14,'Main File'!A:O,15,0),0) -> 0.62160338
A15: =+A14+1 -> 43202 | B15: =IFERROR(+VLOOKUP("LDBOND"&A15,'Main File'!A:O,6,0),0) -> 1.0700194 | C15: =IFERROR(+VLOOKUP("LDBOND"&A15,'Main File'!A:O,7,0),0) -> 0 | D15: =IFERROR(+VLOOKUP("LDBOND"&A15,'Main File'!A:O,8,0),0) -> 0 | E15: =IFERROR(+VLOOKUP("LDBOND"&A15,'Main File'!A:O,9,0),0) -> 0.095403212 | F15: =IFERROR(+VLOOKUP("LDBOND"&A15,'Main File'!A:O,10,0),0) -> 1.1654226 | G15: =IFERROR(+VLOOKUP("LDBOND"&A15,'Main File'!A:O,11,0),0) -> 0.56678672 | H15: =IFERROR(+VLOOKUP("LDBOND"&A15,'Main File'!A:O,12,0),0) -> 0 | I15: =IFERROR(+VLOOKUP("LDBOND"&A15,'Main File'!A:O,13,0),0) -> 0 | J15: =IFERROR(+VLOOKUP("LDBOND"&A15,'Main File'!A:O,14,0),0) -> 0.094822517 | K15: =IFERROR(+VLOOKUP("LDBOND"&A15,'Main File'!A:O,15,0),0) -> 0.66160924
A16: =+A15+1 -> 43203 | B16: =IFERROR(+VLOOKUP("LDBOND"&A16,'Main File'!A:O,6,0),0) -> 1.0700195 | C16: =IFERROR(+VLOOKUP("LDBOND"&A16,'Main File'!A:O,7,0),0) -> 0 | D16: =IFERROR(+VLOOKUP("LDBOND"&A16,'Main File'!A:O,8,0),0) -> 0 | E16: =IFERROR(+VLOOKUP("LDBOND"&A16,'Main File'!A:O,9,0),0) -> 0.095403284 | F16: =IFERROR(+VLOOKUP("LDBOND"&A16,'Main File'!A:O,10,0),0) -> 1.1654227 | G16: =IFERROR(+VLOOKUP("LDBOND"&A16,'Main File'!A:O,11,0),0) -> 0.56678471 | H16: =IFERROR(+VLOOKUP("LDBOND"&A16,'Main File'!A:O,12,0),0) -> 0 | I16: =IFERROR(+VLOOKUP("LDBOND"&A16,'Main File'!A:O,13,0),0) -> 0 | J16: =IFERROR(+VLOOKUP("LDBOND"&A16,'Main File'!A:O,14,0),0) -> 0.094822 | K16: =IFERROR(+VLOOKUP("LDBOND"&A16,'Main File'!A:O,15,0),0) -> 0.66160671
A17: =+A16+1 -> 43204 | B17: =IFERROR(+VLOOKUP("LDBOND"&A17,'Main File'!A:O,6,0),0) -> 1.0700193 | C17: =IFERROR(+VLOOKUP("LDBOND"&A17,'Main File'!A:O,7,0),0) -> 0 | D17: =IFERROR(+VLOOKUP("LDBOND"&A17,'Main File'!A:O,8,0),0) -> 0 | E17: =IFERROR(+VLOOKUP("LDBOND"&A17,'Main File'!A:O,9,0),0) -> 0.09540308 | F17: =IFERROR(+VLOOKUP("LDBOND"&A17,'Main File'!A:O,10,0),0) -> 1.1654224 | G17: =IFERROR(+VLOOKUP("LDBOND"&A17,'Main File'!A:O,11,0),0) -> 0.56678302 | H17: =IFERROR(+VLOOKUP("LDBOND"&A17,'Main File'!A:O,12,0),0) -> 0 | I17: =IFERROR(+VLOOKUP("LDBOND"&A17,'Main File'!A:O,13,0),0) -> 0 | J17: =IFERROR(+VLOOKUP("LDBOND"&A17,'Main File'!A:O,14,0),0) -> 0.094822191 | K17: =IFERROR(+VLOOKUP("LDBOND"&A17,'Main File'!A:O,15,0),0) -> 0.66160521
... A368: =+A367+1 -> 43555 | B368: =IFERROR(+VLOOKUP("LDBOND"&A368,'Main File'!A:O,6,0),0) -> 0 | C368: =IFERROR(+VLOOKUP("LDBOND"&A368,'Main File'!A:O,7,0),0) -> 0 | D368: =IFERROR(+VLOOKUP("LDBOND"&A368,'Main File'!A:O,8,0),0) -> 0 | E368: =IFERROR(+VLOOKUP("LDBOND"&A368,'Main File'!A:O,9,0),0) -> 0 | F368: =IFERROR(+VLOOKUP("LDBOND"&A368,'Main File'!A:O,10,0),0) -> 0 | G368: =IFERROR(+VLOOKUP("LDBOND"&A368,'Main File'!A:O,11,0),0) -> 0 | H368: =IFERROR(+VLOOKUP("LDBOND"&A368,'Main File'!A:O,12,0),0) -> 0 | I368: =IFERROR(+VLOOKUP("LDBOND"&A368,'Main File'!A:O,13,0),0) -> 0 | J368: =IFERROR(+VLOOKUP("LDBOND"&A368,'Main File'!A:O,14,0),0) -> 0 | K368: =IFERROR(+VLOOKUP("LDBOND"&A368,'Main File'!A:O,15,0),0) -> 0
A370: Notes:
A371: 1. Base TER excludes additional expenses provided in Regulation 52(6A)(b) and 52(6A)(c) of SEBI (Mutual Funds) Regulations, 1996.
A372: 2. Additional Expenses not exceeding 0.30% in terms of Regulation 52(6A)(b) of SEBI (Mutual Funds) Regulations, 1996.
A373: 3. Additional Expenses not exceeding 0.20% in terms of Regulation 52(6A)(c) of SEBI (Mutual Funds) Regulations, 1996.
A374: 4. Present GST rate is 18 %.
A375: 5. Percentages mentioned above are annualized.

Sheet LDCPO2
A1: =+VLOOKUP(+(MID(CELL("filename",A1),FIND("]",CELL("filename",A1))+1,255)),'Main File'!C:E,3,0) -> LIC MF Capital Protection Oriented Fund-Series 2 | N1: Go to Index
B2: Regular Plan | G2: Direct Plan
A3: Date (DD/MM/YYYY) | B3: Base TER (%)1 | C3: Additional expense as per Regulation 52(6A)(b) (%)2 | D3: Additional expense as per Regulation 52(6A)(c) (%)3 | E3: GST (%)4 | F3: Total TER (%) | G3: Base TER (%)1 | H3: Additional expense as per Regulation 52(6A)(b) (%)2 | I3: Additional expense as per Regulation 52(6A)(c) (%)3 | J3: GST (%)4 | K3: Total TER (%)
A4: =LDBOND!A4 -> 43191 | B4: =IFERROR(+VLOOKUP("LDCPO2"&A4,'Main File'!A:O,6,0),0) -> 2.250077 | C4: =IFERROR(+VLOOKUP("LDCPO2"&A4,'Main File'!A:O,7,0),0) -> 0 | D4: =IFERROR(+VLOOKUP("LDCPO2"&A4,'Main File'!A:O,8,0),0) -> 0 | E4: =IFERROR(+VLOOKUP("LDCPO2"&A4,'Main File'!A:O,9,0),0) -> 0.28801829 | F4: =IFERROR(+VLOOKUP("LDCPO2"&A4,'Main File'!A:O,10,0),0) -> 2.5380953 | G4: =IFERROR(+VLOOKUP("LDCPO2"&A4,'Main File'!A:O,11,0),0) -> 1.7500943 | H4: =IFERROR(+VLOOKUP("LDCPO2"&A4,'Main File'!A:O,12,0),0) -> 0 | I4: =IFERROR(+VLOOKUP("LDCPO2"&A4,'Main File'!A:O,13,0),0) -> 0 | J4: =IFERROR(+VLOOKUP("LDCPO2"&A4,'Main File'!A:O,14,0),0) -> 0.28802384 | K4: =IFERROR(+VLOOKUP("LDCPO2"&A4,'Main File'!A:O,15,0),0) -> 2.0381181
A5: =A4+1 -> 43192 | B5: =IFERROR(+VLOOKUP("LDCPO2"&A5,'Main File'!A:O,6,0),0) -> 2.2500751 | C5: =IFERROR(+VLOOKUP("LDCPO2"&A5,'Main File'!A:O,7,0),0) -> 0 | D5: =IFERROR(+VLOOKUP("LDCPO2"&A5,'Main File'!A:O,8,0),0) -> 0 | E5: =IFERROR(+VLOOKUP("LDCPO2"&A5,'Main File'!A:O,9,0),0) -> 0.28801793 | F5: =IFERROR(+VLOOKUP("LDCPO2"&A5,'Main File'!A:O,10,0),0) -> 2.538093 | G5: =IFERROR(+VLOOKUP("LDCPO2"&A5,'Main File'!A:O,11,0),0) -> 1.7501519 | H5: =IFERROR(+VLOOKUP("LDCPO2"&A5,'Main File'!A:O,12,0),0) -> 0 | I5: =IFERROR(+VLOOKUP("LDCPO2"&A5,'Main File'!A:O,13,0),0) -> 0 | J5: =IFERROR(+VLOOKUP("LDCPO2"&A5,'Main File'!A:O,14,0),0) -> 0.28806573 | K5: =IFERROR(+VLOOKUP("LDCPO2"&A5,'Main File'!A:O,15,0),0) -> 2.0382177
A6: =+A5+1 -> 43193 | B6: =IFERROR(+VLOOKUP("LDCPO2"&A6,'Main File'!A:O,6,0),0) -> 2.2690161 | C6: =IFERROR(+VLOOKUP("LDCPO2"&A6,'Main File'!A:O,7,0),0) -> 0 | D6: =IFERROR(+VLOOKUP("LDCPO2"&A6,'Main File'!A:O,8,0),0) -> 0 | E6: =IFERROR(+VLOOKUP("LDCPO2"&A6,'Main File'!A:O,9,0),0) -> 0.29044285 | F6: =IFERROR(+VLOOKUP("LDCPO2"&A6,'Main File'!A:O,10,0),0) -> 2.559459 | G6: =IFERROR(+VLOOKUP("LDCPO2"&A6,'Main File'!A:O,11,0),0) -> 1.7501206 | H6: =IFERROR(+VLOOKUP("LDCPO2"&A6,'Main File'!A:O,12,0),0) -> 0 | I6: =IFERROR(+VLOOKUP("LDCPO2"&A6,'Main File'!A:O,13,0),0) -> 0 | J6: =IFERROR(+VLOOKUP("LDCPO2"&A6,'Main File'!A:O,14,0),0) -> 0.28802817 | K6: =IFERROR(+VLOOKUP("LDCPO2"&A6,'Main File'!A:O,15,0),0) -> 2.0381487
A7: =+A6+1 -> 43194 | B7: =IFERROR(+VLOOKUP("LDCPO2"&A7,'Main File'!A:O,6,0),0) -> 2.2500772 | C7: =IFERROR(+VLOOKUP("LDCPO2"&A7,'Main File'!A:O,7,0),0) -> 0 | D7: =IFERROR(+VLOOKUP("LDCPO2"&A7,'Main File'!A:O,8,0),0) -> 0 | E7: =IFERROR(+VLOOKUP("LDCPO2"&A7,'Main File'!A:O,9,0),0) -> 0.28801811 | F7: =IFERROR(+VLOOKUP("LDCPO2"&A7,'Main File'!A:O,10,0),0) -> 2.5380953 | G7: =IFERROR(+VLOOKUP("LDCPO2"&A7,'Main File'!A:O,11,0),0) -> 1.7501365 | H7: =IFERROR(+VLOOKUP("LDCPO2"&A7,'Main File'!A:O,12,0),0) -> 0 | I7: =IFERROR(+VLOOKUP("LDCPO2"&A7,'Main File'!A:O,13,0),0) -> 0 | J7: =IFERROR(+VLOOKUP("LDCPO2"&A7,'Main File'!A:O,14,0),0) -> 0.28799839 | K7: =IFERROR(+VLOOKUP("LDCPO2"&A7,'Main File'!A:O,15,0),0) -> 2.0381349
A8: =+A7+1 -> 43195 | B8: =IFERROR(+VLOOKUP("LDCPO2"&A8,'Main File'!A:O,6,0),0) -> 2.2500763 | C8: =IFERROR(+VLOOKUP("LDCPO2"&A8,'Main File'!A:O,7,0),0) -> 0 | D8: =IFERROR(+VLOOKUP("LDCPO2"&A8,'Main File'!A:O,8,0),0) -> 0 | E8: =IFERROR(+VLOOKUP("LDCPO2"&A8,'Main File'!A:O,9,0),0) -> 0.28801908 | F8: =IFERROR(+VLOOKUP("LDCPO2"&A8,'Main File'!A:O,10,0),0) -> 2.5380954 | G8: =IFERROR(+VLOOKUP("LDCPO2"&A8,'Main File'!A:O,11,0),0) -> 1.7501502 | H8: =IFERROR(+VLOOKUP("LDCPO2"&A8,'Main File'!A:O,12,0),0) -> 0 | I8: =IFERROR(+VLOOKUP("LDCPO2"&A8,'Main File'!A:O,13,0),0) -> 0 | J8: =IFERROR(+VLOOKUP("LDCPO2"&A8,'Main File'!A:O,14,0),0) -> 0.28796825 | K8: =IFERROR(+VLOOKUP("LDCPO2"&A8,'Main File'!A:O,15,0),0) -> 2.0381184
A10: Notes:
A11: 1. Base TER excludes additional expenses provided in Regulation 52(6A)(b) and 52(6A)(c) of SEBI (Mutual Funds) Regulations, 1996.
A12: 2. Additional Expenses not exceeding 0.30% in terms of Regulation 52(6A)(b) of SEBI (Mutual Funds) Regulations, 1996.
A13: 3. Additional Expenses not exceeding 0.20% in terms of Regulation 52(6A)(c) of SEBI (Mutual Funds) Regulations, 1996.
A14: 4. Present GST rate is 18 %.
A15: 5. Percentages mentioned above are annualized.

Sheet LDDAF1
A1: =+VLOOKUP(+(MID(CELL("filename",A1),FIND("]",CELL("filename",A1))+1,255)),'Main File'!C:E,3,0) -> LIC MF Dual Advantage Fixed Term Plan-Series 1 | N1: Go to Index
B2: Regular Plan | G2: Direct Plan
A3: Date (DD/MM/YYYY) | B3: Base TER (%)1 | C3: Additional expense as per Regulation 52(6A)(b) (%)2 | D3: Additional expense as per Regulation 52(6A)(c) (%)3 | E3: GST (%)4 | F3: Total TER (%) | G3: Base TER (%)1 | H3: Additional expense as per Regulation 52(6A)(b) (%)2 | I3: Additional expense as per Regulation 52(6A)(c) (%)3 | J3: GST (%)4 | K3: Total TER (%)
A4: =LDBOND!A4 -> 43191 | B4: =IFERROR(+VLOOKUP("LDDAF1"&A4,'Main File'!A:O,6,0),0) -> 2.2500856 | C4: =IFERROR(+VLOOKUP("LDDAF1"&A4,'Main File'!A:O,7,0),0) -> 0 | D4: =IFERROR(+VLOOKUP("LDDAF1"&A4,'Main File'!A:O,8,0),0) -> 0 | E4: =IFERROR(+VLOOKUP("LDDAF1"&A4,'Main File'!A:O,9,0),0) -> 0.17461298 | F4: =IFERROR(+VLOOKUP("LDDAF1"&A4,'Main File'!A:O,10,0),0) -> 2.4246986 | G4: =IFERROR(+VLOOKUP("LDDAF1"&A4,'Main File'!A:O,11,0),0) -> 1.0800118 | H4: =IFERROR(+VLOOKUP("LDDAF1"&A4,'Main File'!A:O,12,0),0) -> 0 | I4: =IFERROR(+VLOOKUP("LDDAF1"&A4,'Main File'!A:O,13,0),0) -> 0 | J4: =IFERROR(+VLOOKUP("LDDAF1"&A4,'Main File'!A:O,14,0),0) -> 0.17460304 | K4: =IFERROR(+VLOOKUP("LDDAF1"&A4,'Main File'!A:O,15,0),0) -> 1.2546148
A5: =A4+1 -> 43192 | B5: =IFERROR(+VLOOKUP("LDDAF1"&A5,'Main File'!A:O,6,0),0) -> 2.2500875 | C5: =IFERROR(+VLOOKUP("LDDAF1"&A5,'Main File'!A:O,7,0),0) -> 0 | D5: =IFERROR(+VLOOKUP("LDDAF1"&A5,'Main File'!A:O,8,0),0) -> 0 | E5: =IFERROR(+VLOOKUP("LDDAF1"&A5,'Main File'!A:O,9,0),0) -> 0.17461241 | F5: =IFERROR(+VLOOKUP("LDDAF1"&A5,'Main File'!A:O,10,0),0) -> 2.4247 | G5: =IFERROR(+VLOOKUP("LDDAF1"&A5,'Main File'!A:O,11,0),0) -> 1.0800106 | H5: =IFERROR(+VLOOKUP("LDDAF1"&A5,'Main File'!A:O,12,0),0) -> 0 | I5: =IFERROR(+VLOOKUP("LDDAF1"&A5,'Main File'!A:O,13,0),0) -> 0 | J5: =IFERROR(+VLOOKUP("LDDAF1"&A5,'Main File'!A:O,14,0),0) -> 0.17460516 | K5: =IFERROR(+VLOOKUP("LDDAF1"&A5,'Main File'!A:O,15,0),0) -> 1.2546157
A6: =+A5+1 -> 43193 | B6: =IFERROR(+VLOOKUP("LDDAF1"&A6,'Main File'!A:O,6,0),0) -> 2.2500858 | C6: =IFERROR(+VLOOKUP("LDDAF1"&A6,'Main File'!A:O,7,0),0) -> 0 | D6: =IFERROR(+VLOOKUP("LDDAF1"&A6,'Main File'!A:O,8,0),0) -> 0 | E6: =IFERROR(+VLOOKUP("LDDAF1"&A6,'Main File'!A:O,9,0),0) -> 0.17461141 | F6: =IFERROR(+VLOOKUP("LDDAF1"&A6,'Main File'!A:O,10,0),0) -> 2.4246972 | G6: =IFERROR(+VLOOKUP("LDDAF1"&A6,'Main File'!A:O,11,0),0) -> 1.080013 | H6: =IFERROR(+VLOOKUP("LDDAF1"&A6,'Main File'!A:O,12,0),0) -> 0 | I6: =IFERROR(+VLOOKUP("LDDAF1"&A6,'Main File'!A:O,13,0),0) -> 0 | J6: =IFERROR(+VLOOKUP("LDDAF1"&A6,'Main File'!A:O,14,0),0) -> 0.17460594 | K6: =IFERROR(+VLOOKUP("LDDAF1"&A6,'Main File'!A:O,15,0),0) -> 1.254619
A7: =+A6+1 -> 43194 | B7: =IFERROR(+VLOOKUP("LDDAF1"&A7,'Main File'!A:O,6,0),0) -> 2.2500855 | C7: =IFERROR(+VLOOKUP("LDDAF1"&A7,'Main File'!A:O,7,0),0) -> 0 | D7: =IFERROR(+VLOOKUP("LDDAF1"&A7,'Main File'!A:O,8,0),0) -> 0 | E7: =IFERROR(+VLOOKUP("LDDAF1"&A7,'Main File'!A:O,9,0),0) -> 0.17461136 | F7: =IFERROR(+VLOOKUP("LDDAF1"&A7,'Main File'!A:O,10,0),0) -> 2.4246969 | G7: =IFERROR(+VLOOKUP("LDDAF1"&A7,'Main File'!A:O,11,0),0) -> 1.0800098 | H7: =IFERROR(+VLOOKUP("LDDAF1"&A7,'Main File'!A:O,12,0),0) -> 0 | I7: =IFERROR(+VLOOKUP("LDDAF1"&A7,'Main File'!A:O,13,0),0) -> 0 | J7: =IFERROR(+VLOOKUP("LDDAF1"&A7,'Main File'!A:O,14,0),0) -> 0.17460663 | K7: =IFERROR(+VLOOKUP("LDDAF1"&A7,'Main File'!A:O,15,0),0) -> 1.2546165
A8: =+A7+1 -> 43195 | B8: =IFERROR(+VLOOKUP("LDDAF1"&A8,'Main File'!A:O,6,0),0) -> 2.2500834 | C8: =IFERROR(+VLOOKUP("LDDAF1"&A8,'Main File'!A:O,7,0),0) -> 0 | D8: =IFERROR(+VLOOKUP("LDDAF1"&A8,'Main File'!A:O,8,0),0) -> 0 | E8: =IFERROR(+VLOOKUP("LDDAF1"&A8,'Main File'!A:O,9,0),0) -> 0.17461096 | F8: =IFERROR(+VLOOKUP("LDDAF1"&A8,'Main File'!A:O,10,0),0) -> 2.4246943 | G8: =IFERROR(+VLOOKUP("LDDAF1"&A8,'Main File'!A:O,11,0),0) -> 1.080014 | H8: =IFERROR(+VLOOKUP("LDDAF1"&A8,'Main File'!A:O,12,0),0) -> 0 | I8: =IFERROR(+VLOOKUP("LDDAF1"&A8,'Main File'!A:O,13,0),0) -> 0 | J8: =IFERROR(+VLOOKUP("LDDAF1"&A8,'Main File'!A:O,14,0),0) -> 0.17460838 | K8: =IFERROR(+VLOOKUP("LDDAF1"&A8,'Main File'!A:O,15,0),0) -> 1.2546224
A9: =+A8+1 -> 43196 | B9: =IFERROR(+VLOOKUP("LDDAF1"&A9,'Main File'!A:O,6,0),0) -> 2.2500855 | C9: =IFERROR(+VLOOKUP("LDDAF1"&A9,'Main File'!A:O,7,0),0) -> 0 | D9: =IFERROR(+VLOOKUP("LDDAF1"&A9,'Main File'!A:O,8,0),0) -> 0 | E9: =IFERROR(+VLOOKUP("LDDAF1"&A9,'Main File'!A:O,9,0),0) -> 0.17461121 | F9: =IFERROR(+VLOOKUP("LDDAF1"&A9,'Main File'!A:O,10,0),0) -> 2.4246967 | G9: =IFERROR(+VLOOKUP("LDDAF1"&A9,'Main File'!A:O,11,0),0) -> 1.080011 | H9: =IFERROR(+VLOOKUP("LDDAF1"&A9,'Main File'!A:O,12,0),0) -> 0 | I9: =IFERROR(+VLOOKUP("LDDAF1"&A9,'Main File'!A:O,13,0),0) -> 0 | J9: =IFERROR(+VLOOKUP("LDDAF1"&A9,'Main File'!A:O,14,0),0) -> 0.17460575 | K9: =IFERROR(+VLOOKUP("LDDAF1"&A9,'Main File'!A:O,15,0),0) -> 1.2546168
A10: =+A9+1 -> 43197 | B10: =IFERROR(+VLOOKUP("LDDAF1"&A10,'Main File'!A:O,6,0),0) -> 2.2500861 | C10: =IFERROR(+VLOOKUP("LDDAF1"&A10,'Main File'!A:O,7,0),0) -> 0 | D10: =IFERROR(+VLOOKUP("LDDAF1"&A10,'Main File'!A:O,8,0),0) -> 0 | E10: =IFERROR(+VLOOKUP("LDDAF1"&A10,'Main File'!A:O,9,0),0) -> 0.17461075 | F10: =IFERROR(+VLOOKUP("LDDAF1"&A10,'Main File'!A:O,10,0),0) -> 2.4246968 | G10: =IFERROR(+VLOOKUP("LDDAF1"&A10,'Main File'!A:O,11,0),0) -> 1.0800115 | H10: =IFERROR(+VLOOKUP("LDDAF1"&A10,'Main File'!A:O,12,0),0) -> 0 | I10: =IFERROR(+VLOOKUP("LDDAF1"&A10,'Main File'!A:O,13,0),0) -> 0 | J10: =IFERROR(+VLOOKUP("LDDAF1"&A10,'Main File'!A:O,14,0),0) -> 0.17460852 | K10: =IFERROR(+VLOOKUP("LDDAF1"&A10,'Main File'!A:O,15,0),0) -> 1.25462
A11: =+A10+1 -> 43198 | B11: =IFERROR(+VLOOKUP("LDDAF1"&A11,'Main File'!A:O,6,0),0) -> 2.2500848 | C11: =IFERROR(+VLOOKUP("LDDAF1"&A11,'Main File'!A:O,7,0),0) -> 0 | D11: =IFERROR(+VLOOKUP("LDDAF1"&A11,'Main File'!A:O,8,0),0) -> 0 | E11: =IFERROR(+VLOOKUP("LDDAF1"&A11,'Main File'!A:O,9,0),0) -> 0.17461022 | F11: =IFERROR(+VLOOKUP("LDDAF1"&A11,'Main File'!A:O,10,0),0) -> 2.424695 | G11: =IFERROR(+VLOOKUP("LDDAF1"&A11,'Main File'!A:O,11,0),0) -> 1.0800116 | H11: =IFERROR(+VLOOKUP("LDDAF1"&A11,'Main File'!A:O,12,0),0) -> 0 | I11: =IFERROR(+VLOOKUP("LDDAF1"&A11,'Main File'!A:O,13,0),0) -> 0 | J11: =IFERROR(+VLOOKUP("LDDAF1"&A11,'Main File'!A:O,14,0),0) -> 0.17460699 | K11: =IFERROR(+VLOOKUP("LDDAF1"&A11,'Main File'!A:O,15,0),0) -> 1.2546186
A12: =+A11+1 -> 43199 | B12: =IFERROR(+VLOOKUP("LDDAF1"&A12,'Main File'!A:O,6,0),0) -> 2.2500842 | C12: =IFERROR(+VLOOKUP("LDDAF1"&A12,'Main File'!A:O,7,0),0) -> 0 | D12: =IFERROR(+VLOOKUP("LDDAF1"&A12,'Main File'!A:O,8,0),0) -> 0 | E12: =IFERROR(+VLOOKUP("LDDAF1"&A12,'Main File'!A:O,9,0),0) -> 0.17461226 | F12: =IFERROR(+VLOOKUP("LDDAF1"&A12,'Main File'!A:O,10,0),0) -> 2.4246964 | G12: =IFERROR(+VLOOKUP("LDDAF1"&A12,'Main File'!A:O,11,0),0) -> 1.080014 | H12: =IFERROR(+VLOOKUP("LDDAF1"&A12,'Main File'!A:O,12,0),0) -> 0 | I12: =IFERROR(+VLOOKUP("LDDAF1"&A12,'Main File'!A:O,13,0),0) -> 0 | J12: =IFERROR(+VLOOKUP("LDDAF1"&A12,'Main File'!A:O,14,0),0) -> 0.1746064 | K12: =IFERROR(+VLOOKUP("LDDAF1"&A12,'Main File'!A:O,15,0),0) -> 1.2546204
A13: =+A12+1 -> 43200 | B13: =IFERROR(+VLOOKUP("LDDAF1"&A13,'Main File'!A:O,6,0),0) -> 2.2500858 | C13: =IFERROR(+VLOOKUP("LDDAF1"&A13,'Main File'!A:O,7,0),0) -> 0 | D13: =IFERROR(+VLOOKUP("LDDAF1"&A13,'Main File'!A:O,8,0),0) -> 0 | E13: =IFERROR(+VLOOKUP("LDDAF1"&A13,'Main File'!A:O,9,0),0) -> 0.17461304 | F13: =IFERROR(+VLOOKUP("LDDAF1"&A13,'Main File'!A:O,10,0),0) -> 2.4246988 | G13: =IFERROR(+VLOOKUP("LDDAF1"&A13,'Main File'!A:O,11,0),0) -> 1.08001 | H13: =IFERROR(+VLOOKUP("LDDAF1"&A13,'Main File'!A:O,12,0),0) -> 0 | I13: =IFERROR(+VLOOKUP("LDDAF1"&A13,'Main File'!A:O,13,0),0) -> 0 | J13: =IFERROR(+VLOOKUP("LDDAF1"&A13,'Main File'!A:O,14,0),0) -> 0.17460342 | K13: =IFERROR(+VLOOKUP("LDDAF1"&A13,'Main File'!A:O,15,0),0) -> 1.2546134
A14: =+A13+1 -> 43201 | B14: =IFERROR(+VLOOKUP("LDDAF1"&A14,'Main File'!A:O,6,0),0) -> 2.2500872 | C14: =IFERROR(+VLOOKUP("LDDAF1"&A14,'Main File'!A:O,7,0),0) -> 0 | D14: =IFERROR(+VLOOKUP("LDDAF1"&A14,'Main File'!A:O,8,0),0) -> 0 | E14: =IFERROR(+VLOOKUP("LDDAF1"&A14,'Main File'!A:O,9,0),0) -> 0.17461332 | F14: =IFERROR(+VLOOKUP("LDDAF1"&A14,'Main File'!A:O,10,0),0) -> 2.4247006 | G14: =IFERROR(+VLOOKUP("LDDAF1"&A14,'Main File'!A:O,11,0),0) -> 1.0800103 | H14: =IFERROR(+VLOOKUP("LDDAF1"&A14,'Main File'!A:O,12,0),0) -> 0 | I14: =IFERROR(+VLOOKUP("LDDAF1"&A14,'Main File'!A:O,13,0),0) -> 0 | J14: =IFERROR(+VLOOKUP("LDDAF1"&A14,'Main File'!A:O,14,0),0) -> 0.17460413 | K14: =IFERROR(+VLOOKUP("LDDAF1"&A14,'Main File'!A:O,15,0),0) -> 1.2546145
A15: =+A14+1 -> 43202 | B15: =IFERROR(+VLOOKUP("LDDAF1"&A15,'Main File'!A:O,6,0),0) -> 2.2500858 | C15: =IFERROR(+VLOOKUP("LDDAF1"&A15,'Main File'!A:O,7,0),0) -> 0 | D15: =IFERROR(+VLOOKUP("LDDAF1"&A15,'Main File'!A:O,8,0),0) -> 0 | E15: =IFERROR(+VLOOKUP("LDDAF1"&A15,'Main File'!A:O,9,0),0) -> 0.17461289 | F15: =IFERROR(+VLOOKUP("LDDAF1"&A15,'Main File'!A:O,10,0),0) -> 2.4246987 | G15: =IFERROR(+VLOOKUP("LDDAF1"&A15,'Main File'!A:O,11,0),0) -> 1.0800114 | H15: =IFERROR(+VLOOKUP("LDDAF1"&A15,'Main File'!A:O,12,0),0) -> 0 | I15: =IFERROR(+VLOOKUP("LDDAF1"&A15,'Main File'!A:O,13,0),0) -> 0 | J15: =IFERROR(+VLOOKUP("LDDAF1"&A15,'Main File'!A:O,14,0),0) -> 0.17460521 | K15: =IFERROR(+VLOOKUP("LDDAF1"&A15,'Main File'!A:O,15,0),0) -> 1.2546166
A16: =+A15+1 -> 43203 | B16: =IFERROR(+VLOOKUP("LDDAF1"&A16,'Main File'!A:O,6,0),0) -> 2.2500849 | C16: =IFERROR(+VLOOKUP("LDDAF1"&A16,'Main File'!A:O,7,0),0) -> 0 | D16: =IFERROR(+VLOOKUP("LDDAF1"&A16,'Main File'!A:O,8,0),0) -> 0 | E16: =IFERROR(+VLOOKUP("LDDAF1"&A16,'Main File'!A:O,9,0),0) -> 0.17461334 | F16: =IFERROR(+VLOOKUP("LDDAF1"&A16,'Main File'!A:O,10,0),0) -> 2.4246982 | G16: =IFERROR(+VLOOKUP("LDDAF1"&A16,'Main File'!A:O,11,0),0) -> 1.0800111 | H16: =IFERROR(+VLOOKUP("LDDAF1"&A16,'Main File'!A:O,12,0),0) -> 0 | I16: =IFERROR(+VLOOKUP("LDDAF1"&A16,'Main File'!A:O,13,0),0) -> 0 | J16: =IFERROR(+VLOOKUP("LDDAF1"&A16,'Main File'!A:O,14,0),0) -> 0.1746044 | K16: =IFERROR(+VLOOKUP("LDDAF1"&A16,'Main File'!A:O,15,0),0) -> 1.2546155
A17: =+A16+1 -> 43204 | B17: =IFERROR(+VLOOKUP("LDDAF1"&A17,'Main File'!A:O,6,0),0) -> 2.2500851 | C17: =IFERROR(+VLOOKUP("LDDAF1"&A17,'Main File'!A:O,7,0),0) -> 0 | D17: =IFERROR(+VLOOKUP("LDDAF1"&A17,'Main File'!A:O,8,0),0) -> 0 | E17: =IFERROR(+VLOOKUP("LDDAF1"&A17,'Main File'!A:O,9,0),0) -> 0.17461285 | F17: =IFERROR(+VLOOKUP("LDDAF1"&A17,'Main File'!A:O,10,0),0) -> 2.4246979 | G17: =IFERROR(+VLOOKUP("LDDAF1"&A17,'Main File'!A:O,11,0),0) -> 1.0800134 | H17: =IFERROR(+VLOOKUP("LDDAF1"&A17,'Main File'!A:O,12,0),0) -> 0 | I17: =IFERROR(+VLOOKUP("LDDAF1"&A17,'Main File'!A:O,13,0),0) -> 0 | J17: =IFERROR(+VLOOKUP("LDDAF1"&A17,'Main File'!A:O,14,0),0) -> 0.17460289 | K17: =IFERROR(+VLOOKUP("LDDAF1"&A17,'Main File'!A:O,15,0),0) -> 1.2546163
... A368: =+A367+1 -> 43555 | B368: =IFERROR(+VLOOKUP("LDDAF1"&A368,'Main File'!A:O,6,0),0) -> 0 | C368: =IFERROR(+VLOOKUP("LDDAF1"&A368,'Main File'!A:O,7,0),0) -> 0 | D368: =IFERROR(+VLOOKUP("LDDAF1"&A368,'Main File'!A:O,8,0),0) -> 0 | E368: =IFERROR(+VLOOKUP("LDDAF1"&A368,'Main File'!A:O,9,0),0) -> 0 | F368: =IFERROR(+VLOOKUP("LDDAF1"&A368,'Main File'!A:O,10,0),0) -> 0 | G368: =IFERROR(+VLOOKUP("LDDAF1"&A368,'Main File'!A:O,11,0),0) -> 0 | H368: =IFERROR(+VLOOKUP("LDDAF1"&A368,'Main File'!A:O,12,0),0) -> 0 | I368: =IFERROR(+VLOOKUP("LDDAF1"&A368,'Main File'!A:O,13,0),0) -> 0 | J368: =IFERROR(+VLOOKUP("LDDAF1"&A368,'Main File'!A:O,14,0),0) -> 0 | K368: =IFERROR(+VLOOKUP("LDDAF1"&A368,'Main File'!A:O,15,0),0) -> 0
A370: Notes:
A371: 1. Base TER excludes additional expenses provided in Regulation 52(6A)(b) and 52(6A)(c) of SEBI (Mutual Funds) Regulations, 1996.
A372: 2. Additional Expenses not exceeding 0.30% in terms of Regulation 52(6A)(b) of SEBI (Mutual Funds) Regulations, 1996.
A373: 3. Additional Expenses not exceeding 0.20% in terms of Regulation 52(6A)(c) of SEBI (Mutual Funds) Regulations, 1996.
A374: 4. Present GST rate is 18 %.
A375: 5. Percentages mentioned above are annualized.

Sheet LDDAF2
A1: =+VLOOKUP(+(MID(CELL("filename",A1),FIND("]",CELL("filename",A1))+1,255)),'Main File'!C:E,3,0) -> LIC MF Dual Advantage Fixed Term Plan-Series 2 | N1: Go to Index
B2: Regular Plan | G2: Direct Plan
A3: Date (DD/MM/YYYY) | B3: Base TER (%)1 | C3: Additional expense as per Regulation 52(6A)(b) (%)2 | D3: Additional expense as per Regulation 52(6A)(c) (%)3 | E3: GST (%)4 | F3: Total TER (%) | G3: Base TER (%)1 | H3: Additional expense as per Regulation 52(6A)(b) (%)2 | I3: Additional expense as per Regulation 52(6A)(c) (%)3 | J3: GST (%)4 | K3: Total TER (%)
A4: =LDBOND!A4 -> 43191 | B4: =IFERROR(+VLOOKUP("LDDAF2"&A4,'Main File'!A:O,6,0),0) -> 2.2500891 | C4: =IFERROR(+VLOOKUP("LDDAF2"&A4,'Main File'!A:O,7,0),0) -> 0 | D4: =IFERROR(+VLOOKUP("LDDAF2"&A4,'Main File'!A:O,8,0),0) -> 0 | E4: =IFERROR(+VLOOKUP("LDDAF2"&A4,'Main File'!A:O,9,0),0) -> 0.19801288 | F4: =IFERROR(+VLOOKUP("LDDAF2"&A4,'Main File'!A:O,10,0),0) -> 2.448102 | G4: =IFERROR(+VLOOKUP("LDDAF2"&A4,'Main File'!A:O,11,0),0) -> 1.2200093 | H4: =IFERROR(+VLOOKUP("LDDAF2"&A4,'Main File'!A:O,12,0),0) -> 0 | I4: =IFERROR(+VLOOKUP("LDDAF2"&A4,'Main File'!A:O,13,0),0) -> 0 | J4: =IFERROR(+VLOOKUP("LDDAF2"&A4,'Main File'!A:O,14,0),0) -> 0.19800614 | K4: =IFERROR(+VLOOKUP("LDDAF2"&A4,'Main File'!A:O,15,0),0) -> 1.4180154
A5: =A4+1 -> 43192 | B5: =IFERROR(+VLOOKUP("LDDAF2"&A5,'Main File'!A:O,6,0),0) -> 2.25009 | C5: =IFERROR(+VLOOKUP("LDDAF2"&A5,'Main File'!A:O,7,0),0) -> 0 | D5: =IFERROR(+VLOOKUP("LDDAF2"&A5,'Main File'!A:O,8,0),0) -> 0 | E5: =IFERROR(+VLOOKUP("LDDAF2"&A5,'Main File'!A:O,9,0),0) -> 0.19800986 | F5: =IFERROR(+VLOOKUP("LDDAF2"&A5,'Main File'!A:O,10,0),0) -> 2.4480998 | G5: =IFERROR(+VLOOKUP("LDDAF2"&A5,'Main File'!A:O,11,0),0) -> 1.2200154 | H5: =IFERROR(+VLOOKUP("LDDAF2"&A5,'Main File'!A:O,12,0),0) -> 0 | I5: =IFERROR(+VLOOKUP("LDDAF2"&A5,'Main File'!A:O,13,0),0) -> 0 | J5: =IFERROR(+VLOOKUP("LDDAF2"&A5,'Main File'!A:O,14,0),0) -> 0.198012 | K5: =IFERROR(+VLOOKUP("LDDAF2"&A5,'Main File'!A:O,15,0),0) -> 1.4180274
A6: =+A5+1 -> 43193 | B6: =IFERROR(+VLOOKUP("LDDAF2"&A6,'Main File'!A:O,6,0),0) -> 2.250089 | C6: =IFERROR(+VLOOKUP("LDDAF2"&A6,'Main File'!A:O,7,0),0) -> 0 | D6: =IFERROR(+VLOOKUP("LDDAF2"&A6,'Main File'!A:O,8,0),0) -> 0 | E6: =IFERROR(+VLOOKUP("LDDAF2"&A6,'Main File'!A:O,9,0),0) -> 0.19801173 | F6: =IFERROR(+VLOOKUP("LDDAF2"&A6,'Main File'!A:O,10,0),0) -> 2.4481008 | G6: =IFERROR(+VLOOKUP("LDDAF2"&A6,'Main File'!A:O,11,0),0) -> 1.2200089 | H6: =IFERROR(+VLOOKUP("LDDAF2"&A6,'Main File'!A:O,12,0),0) -> 0 | I6: =IFERROR(+VLOOKUP("LDDAF2"&A6,'Main File'!A:O,13,0),0) -> 0 | J6: =IFERROR(+VLOOKUP("LDDAF2"&A6,'Main File'!A:O,14,0),0) -> 0.19800849 | K6: =IFERROR(+VLOOKUP("LDDAF2"&A6,'Main File'!A:O,15,0),0) -> 1.4180174
A7: =+A6+1 -> 43194 | B7: =IFERROR(+VLOOKUP("LDDAF2"&A7,'Main File'!A:O,6,0),0) -> 2.250091 | C7: =IFERROR(+VLOOKUP("LDDAF2"&A7,'Main File'!A:O,7,0),0) -> 0 | D7: =IFERROR(+VLOOKUP("LDDAF2"&A7,'Main File'!A:O,8,0),0) -> 0 | E7: =IFERROR(+VLOOKUP("LDDAF2"&A7,'Main File'!A:O,9,0),0) -> 0.19801162 | F7: =IFERROR(+VLOOKUP("LDDAF2"&A7,'Main File'!A:O,10,0),0) -> 2.4481026 | G7: =IFERROR(+VLOOKUP("LDDAF2"&A7,'Main File'!A:O,11,0),0) -> 1.2200097 | H7: =IFERROR(+VLOOKUP("LDDAF2"&A7,'Main File'!A:O,12,0),0) -> 0 | I7: =IFERROR(+VLOOKUP("LDDAF2"&A7,'Main File'!A:O,13,0),0) -> 0 | J7: =IFERROR(+VLOOKUP("LDDAF2"&A7,'Main File'!A:O,14,0),0) -> 0.19800851 | K7: =IFERROR(+VLOOKUP("LDDAF2"&A7,'Main File'!A:O,15,0),0) -> 1.4180182
A8: =+A7+1 -> 43195 | B8: =IFERROR(+VLOOKUP("LDDAF2"&A8,'Main File'!A:O,6,0),0) -> 2.2500913 | C8: =IFERROR(+VLOOKUP("LDDAF2"&A8,'Main File'!A:O,7,0),0) -> 0 | D8: =IFERROR(+VLOOKUP("LDDAF2"&A8,'Main File'!A:O,8,0),0) -> 0 | E8: =IFERROR(+VLOOKUP("LDDAF2"&A8,'Main File'!A:O,9,0),0) -> 0.19801286 | F8: =IFERROR(+VLOOKUP("LDDAF2"&A8,'Main File'!A:O,10,0),0) -> 2.4481041 | G8: =IFERROR(+VLOOKUP("LDDAF2"&A8,'Main File'!A:O,11,0),0) -> 1.2200085 | H8: =IFERROR(+VLOOKUP("LDDAF2"&A8,'Main File'!A:O,12,0),0) -> 0 | I8: =IFERROR(+VLOOKUP("LDDAF2"&A8,'Main File'!A:O,13,0),0) -> 0 | J8: =IFERROR(+VLOOKUP("LDDAF2"&A8,'Main File'!A:O,14,0),0) -> 0.1980083 | K8: =IFERROR(+VLOOKUP("LDDAF2"&A8,'Main File'!A:O,15,0),0) -> 1.4180168
A9: =+A8+1 -> 43196 | B9: =IFERROR(+VLOOKUP("LDDAF2"&A9,'Main File'!A:O,6,0),0) -> 2.2500917 | C9: =IFERROR(+VLOOKUP("LDDAF2"&A9,'Main File'!A:O,7,0),0) -> 0 | D9: =IFERROR(+VLOOKUP("LDDAF2"&A9,'Main File'!A:O,8,0),0) -> 0 | E9: =IFERROR(+VLOOKUP("LDDAF2"&A9,'Main File'!A:O,9,0),0) -> 0.19801458 | F9: =IFERROR(+VLOOKUP("LDDAF2"&A9,'Main File'!A:O,10,0),0) -> 2.4481063 | G9: =IFERROR(+VLOOKUP("LDDAF2"&A9,'Main File'!A:O,11,0),0) -> 1.2200096 | H9: =IFERROR(+VLOOKUP("LDDAF2"&A9,'Main File'!A:O,12,0),0) -> 0 | I9: =IFERROR(+VLOOKUP("LDDAF2"&A9,'Main File'!A:O,13,0),0) -> 0 | J9: =IFERROR(+VLOOKUP("LDDAF2"&A9,'Main File'!A:O,14,0),0) -> 0.19800669 | K9: =IFERROR(+VLOOKUP("LDDAF2"&A9,'Main File'!A:O,15,0),0) -> 1.4180163
A10: =+A9+1 -> 43197 | B10: =IFERROR(+VLOOKUP("LDDAF2"&A10,'Main File'!A:O,6,0),0) -> 2.2500902 | C10: =IFERROR(+VLOOKUP("LDDAF2"&A10,'Main File'!A:O,7,0),0) -> 0 | D10: =IFERROR(+VLOOKUP("LDDAF2"&A10,'Main File'!A:O,8,0),0) -> 0 | E10: =IFERROR(+VLOOKUP("LDDAF2"&A10,'Main File'!A:O,9,0),0) -> 0.1980126 | F10: =IFERROR(+VLOOKUP("LDDAF2"&A10,'Main File'!A:O,10,0),0) -> 2.4481028 | G10: =IFERROR(+VLOOKUP("LDDAF2"&A10,'Main File'!A:O,11,0),0) -> 1.2200156 | H10: =IFERROR(+VLOOKUP("LDDAF2"&A10,'Main File'!A:O,12,0),0) -> 0 | I10: =IFERROR(+VLOOKUP("LDDAF2"&A10,'Main File'!A:O,13,0),0) -> 0 | J10: =IFERROR(+VLOOKUP("LDDAF2"&A10,'Main File'!A:O,14,0),0) -> 0.19800765 | K10: =IFERROR(+VLOOKUP("LDDAF2"&A10,'Main File'!A:O,15,0),0) -> 1.4180232
A11: =+A10+1 -> 43198 | B11: =IFERROR(+VLOOKUP("LDDAF2"&A11,'Main File'!A:O,6,0),0) -> 2.2500902 | C11: =IFERROR(+VLOOKUP("LDDAF2"&A11,'Main File'!A:O,7,0),0) -> 0 | D11: =IFERROR(+VLOOKUP("LDDAF2"&A11,'Main File'!A:O,8,0),0) -> 0 | E11: =IFERROR(+VLOOKUP("LDDAF2"&A11,'Main File'!A:O,9,0),0) -> 0.19801382 | F11: =IFERROR(+VLOOKUP("LDDAF2"&A11,'Main File'!A:O,10,0),0) -> 2.448104 | G11: =IFERROR(+VLOOKUP("LDDAF2"&A11,'Main File'!A:O,11,0),0) -> 1.2200143 | H11: =IFERROR(+VLOOKUP("LDDAF2"&A11,'Main File'!A:O,12,0),0) -> 0 | I11: =IFERROR(+VLOOKUP("LDDAF2"&A11,'Main File'!A:O,13,0),0) -> 0 | J11: =IFERROR(+VLOOKUP("LDDAF2"&A11,'Main File'!A:O,14,0),0) -> 0.19800858 | K11: =IFERROR(+VLOOKUP("LDDAF2"&A11,'Main File'!A:O,15,0),0) -> 1.4180229
A12: =+A11+1 -> 43199 | B12: =IFERROR(+VLOOKUP("LDDAF2"&A12,'Main File'!A:O,6,0),0) -> 2.2500904 | C12: =IFERROR(+VLOOKUP("LDDAF2"&A12,'Main File'!A:O,7,0),0) -> 0 | D12: =IFERROR(+VLOOKUP("LDDAF2"&A12,'Main File'!A:O,8,0),0) -> 0 | E12: =IFERROR(+VLOOKUP("LDDAF2"&A12,'Main File'!A:O,9,0),0) -> 0.19801173 | F12: =IFERROR(+VLOOKUP("LDDAF2"&A12,'Main File'!A:O,10,0),0) -> 2.4481021 | G12: =IFERROR(+VLOOKUP("LDDAF2"&A12,'Main File'!A:O,11,0),0) -> 1.2200114 | H12: =IFERROR(+VLOOKUP("LDDAF2"&A12,'Main File'!A:O,12,0),0) -> 0 | I12: =IFERROR(+VLOOKUP("LDDAF2"&A12,'Main File'!A:O,13,0),0) -> 0 | J12: =IFERROR(+VLOOKUP("LDDAF2"&A12,'Main File'!A:O,14,0),0) -> 0.19801022 | K12: =IFERROR(+VLOOKUP("LDDAF2"&A12,'Main File'!A:O,15,0),0) -> 1.4180217
A13: =+A12+1 -> 43200 | B13: =IFERROR(+VLOOKUP("LDDAF2"&A13,'Main File'!A:O,6,0),0) -> 2.2500889 | C13: =IFERROR(+VLOOKUP("LDDAF2"&A13,'Main File'!A:O,7,0),0) -> 0 | D13: =IFERROR(+VLOOKUP("LDDAF2"&A13,'Main File'!A:O,8,0),0) -> 0 | E13: =IFERROR(+VLOOKUP("LDDAF2"&A13,'Main File'!A:O,9,0),0) -> 0.19801417 | F13: =IFERROR(+VLOOKUP("LDDAF2"&A13,'Main File'!A:O,10,0),0) -> 2.4481031 | G13: =IFERROR(+VLOOKUP("LDDAF2"&A13,'Main File'!A:O,11,0),0) -> 1.2200164 | H13: =IFERROR(+VLOOKUP("LDDAF2"&A13,'Main File'!A:O,12,0),0) -> 0 | I13: =IFERROR(+VLOOKUP("LDDAF2"&A13,'Main File'!A:O,13,0),0) -> 0 | J13: =IFERROR(+VLOOKUP("LDDAF2"&A13,'Main File'!A:O,14,0),0) -> 0.19800373 | K13: =IFERROR(+VLOOKUP("LDDAF2"&A13,'Main File'!A:O,15,0),0) -> 1.4180201
A14: =+A13+1 -> 43201 | B14: =IFERROR(+VLOOKUP("LDDAF2"&A14,'Main File'!A:O,6,0),0) -> 2.2500888 | C14: =IFERROR(+VLOOKUP("LDDAF2"&A14,'Main File'!A:O,7,0),0) -> 0 | D14: =IFERROR(+VLOOKUP("LDDAF2"&A14,'Main File'!A:O,8,0),0) -> 0 | E14: =IFERROR(+VLOOKUP("LDDAF2"&A14,'Main File'!A:O,9,0),0) -> 0.19801353 | F14: =IFERROR(+VLOOKUP("LDDAF2"&A14,'Main File'!A:O,10,0),0) -> 2.4481023 | G14: =IFERROR(+VLOOKUP("LDDAF2"&A14,'Main File'!A:O,11,0),0) -> 1.2200134 | H14: =IFERROR(+VLOOKUP("LDDAF2"&A14,'Main File'!A:O,12,0),0) -> 0 | I14: =IFERROR(+VLOOKUP("LDDAF2"&A14,'Main File'!A:O,13,0),0) -> 0 | J14: =IFERROR(+VLOOKUP("LDDAF2"&A14,'Main File'!A:O,14,0),0) -> 0.19800418 | K14: =IFERROR(+VLOOKUP("LDDAF2"&A14,'Main File'!A:O,15,0),0) -> 1.4180176
A15: =+A14+1 -> 43202 | B15: =IFERROR(+VLOOKUP("LDDAF2"&A15,'Main File'!A:O,6,0),0) -> 2.2500889 | C15: =IFERROR(+VLOOKUP("LDDAF2"&A15,'Main File'!A:O,7,0),0) -> 0 | D15: =IFERROR(+VLOOKUP("LDDAF2"&A15,'Main File'!A:O,8,0),0) -> 0 | E15: =IFERROR(+VLOOKUP("LDDAF2"&A15,'Main File'!A:O,9,0),0) -> 0.19801181 | F15: =IFERROR(+VLOOKUP("LDDAF2"&A15,'Main File'!A:O,10,0),0) -> 2.4481007 | G15: =IFERROR(+VLOOKUP("LDDAF2"&A15,'Main File'!A:O,11,0),0) -> 1.2200152 | H15: =IFERROR(+VLOOKUP("LDDAF2"&A15,'Main File'!A:O,12,0),0) -> 0 | I15: =IFERROR(+VLOOKUP("LDDAF2"&A15,'Main File'!A:O,13,0),0) -> 0 | J15: =IFERROR(+VLOOKUP("LDDAF2"&A15,'Main File'!A:O,14,0),0) -> 0.19800924 | K15: =IFERROR(+VLOOKUP("LDDAF2"&A15,'Main File'!A:O,15,0),0) -> 1.4180245
A16: =+A15+1 -> 43203 | B16: =IFERROR(+VLOOKUP("LDDAF2"&A16,'Main File'!A:O,6,0),0) -> 2.2500892 | C16: =IFERROR(+VLOOKUP("LDDAF2"&A16,'Main File'!A:O,7,0),0) -> 0 | D16: =IFERROR(+VLOOKUP("LDDAF2"&A16,'Main File'!A:O,8,0),0) -> 0 | E16: =IFERROR(+VLOOKUP("LDDAF2"&A16,'Main File'!A:O,9,0),0) -> 0.19801215 | F16: =IFERROR(+VLOOKUP("LDDAF2"&A16,'Main File'!A:O,10,0),0) -> 2.4481013 | G16: =IFERROR(+VLOOKUP("LDDAF2"&A16,'Main File'!A:O,11,0),0) -> 1.2200133 | H16: =IFERROR(+VLOOKUP("LDDAF2"&A16,'Main File'!A:O,12,0),0) -> 0 | I16: =IFERROR(+VLOOKUP("LDDAF2"&A16,'Main File'!A:O,13,0),0) -> 0 | J16: =IFERROR(+VLOOKUP("LDDAF2"&A16,'Main File'!A:O,14,0),0) -> 0.1980072 | K16: =IFERROR(+VLOOKUP("LDDAF2"&A16,'Main File'!A:O,15,0),0) -> 1.4180205
A17: =+A16+1 -> 43204 | B17: =IFERROR(+VLOOKUP("LDDAF2"&A17,'Main File'!A:O,6,0),0) -> 2.2500917 | C17: =IFERROR(+VLOOKUP("LDDAF2"&A17,'Main File'!A:O,7,0),0) -> 0 | D17: =IFERROR(+VLOOKUP("LDDAF2"&A17,'Main File'!A:O,8,0),0) -> 0 | E17: =IFERROR(+VLOOKUP("LDDAF2"&A17,'Main File'!A:O,9,0),0) -> 0.19801373 | F17: =IFERROR(+VLOOKUP("LDDAF2"&A17,'Main File'!A:O,10,0),0) -> 2.4481054 | G17: =IFERROR(+VLOOKUP("LDDAF2"&A17,'Main File'!A:O,11,0),0) -> 1.2200141 | H17: =IFERROR(+VLOOKUP("LDDAF2"&A17,'Main File'!A:O,12,0),0) -> 0 | I17: =IFERROR(+VLOOKUP("LDDAF2"&A17,'Main File'!A:O,13,0),0) -> 0 | J17: =IFERROR(+VLOOKUP("LDDAF2"&A17,'Main File'!A:O,14,0),0) -> 0.19800847 | K17: =IFERROR(+VLOOKUP("LDDAF2"&A17,'Main File'!A:O,15,0),0) -> 1.4180226
... A368: =+A367+1 -> 43555 | B368: =IFERROR(+VLOOKUP("LDDAF2"&A368,'Main File'!A:O,6,0),0) -> 0 | C368: =IFERROR(+VLOOKUP("LDDAF2"&A368,'Main File'!A:O,7,0),0) -> 0 | D368: =IFERROR(+VLOOKUP("LDDAF2"&A368,'Main File'!A:O,8,0),0) -> 0 | E368: =IFERROR(+VLOOKUP("LDDAF2"&A368,'Main File'!A:O,9,0),0) -> 0 | F368: =IFERROR(+VLOOKUP("LDDAF2"&A368,'Main File'!A:O,10,0),0) -> 0 | G368: =IFERROR(+VLOOKUP("LDDAF2"&A368,'Main File'!A:O,11,0),0) -> 0 | H368: =IFERROR(+VLOOKUP("LDDAF2"&A368,'Main File'!A:O,12,0),0) -> 0 | I368: =IFERROR(+VLOOKUP("LDDAF2"&A368,'Main File'!A:O,13,0),0) -> 0 | J368: =IFERROR(+VLOOKUP("LDDAF2"&A368,'Main File'!A:O,14,0),0) -> 0 | K368: =IFERROR(+VLOOKUP("LDDAF2"&A368,'Main File'!A:O,15,0),0) -> 0
A370: Notes:
A371: 1. Base TER excludes additional expenses provided in Regulation 52(6A)(b) and 52(6A)(c) of SEBI (Mutual Funds) Regulations, 1996.
A372: 2. Additional Expenses not exceeding 0.30% in terms of Regulation 52(6A)(b) of SEBI (Mutual Funds) Regulations, 1996.
A373: 3. Additional Expenses not exceeding 0.20% in terms of Regulation 52(6A)(c) of SEBI (Mutual Funds) Regulations, 1996.
A374: 4. Present GST rate is 18 %.
A375: 5. Percentages mentioned above are annualized.

Sheet LDDAF3
A1: =+VLOOKUP(+(MID(CELL("filename",A1),FIND("]",CELL("filename",A1))+1,255)),'Main File'!C:E,3,0) -> LIC MF Dual Advantage Fixed Term Plan-Series 3 | N1: Go to Index
B2: Regular Plan | G2: Direct Plan
A3: Date (DD/MM/YYYY) | B3: Base TER (%)1 | C3: Additional expense as per Regulation 52(6A)(b) (%)2 | D3: Additional expense as per Regulation 52(6A)(c) (%)3 | E3: GST (%)4 | F3: Total TER (%) | G3: Base TER (%)1 | H3: Additional expense as per Regulation 52(6A)(b) (%)2 | I3: Additional expense as per Regulation 52(6A)(c) (%)3 | J3: GST (%)4 | K3: Total TER (%)
A4: =LDBOND!A4 -> 43191 | B4: =IFERROR(+VLOOKUP("LDDAF3"&A4,'Main File'!A:O,6,0),0) -> 2.2500872 | C4: =IFERROR(+VLOOKUP("LDDAF3"&A4,'Main File'!A:O,7,0),0) -> 0 | D4: =IFERROR(+VLOOKUP("LDDAF3"&A4,'Main File'!A:O,8,0),0) -> 0 | E4: =IFERROR(+VLOOKUP("LDDAF3"&A4,'Main File'!A:O,9,0),0) -> 0.19621437 | F4: =IFERROR(+VLOOKUP("LDDAF3"&A4,'Main File'!A:O,10,0),0) -> 2.4463015 | G4: =IFERROR(+VLOOKUP("LDDAF3"&A4,'Main File'!A:O,11,0),0) -> 1.2300154 | H4: =IFERROR(+VLOOKUP("LDDAF3"&A4,'Main File'!A:O,12,0),0) -> 0 | I4: =IFERROR(+VLOOKUP("LDDAF3"&A4,'Main File'!A:O,13,0),0) -> 0 | J4: =IFERROR(+VLOOKUP("LDDAF3"&A4,'Main File'!A:O,14,0),0) -> 0.1962054 | K4: =IFERROR(+VLOOKUP("LDDAF3"&A4,'Main File'!A:O,15,0),0) -> 1.4262208
A5: =A4+1 -> 43192 | B5: =IFERROR(+VLOOKUP("LDDAF3"&A5,'Main File'!A:O,6,0),0) -> 2.2500894 | C5: =IFERROR(+VLOOKUP("LDDAF3"&A5,'Main File'!A:O,7,0),0) -> 0 | D5: =IFERROR(+VLOOKUP("LDDAF3"&A5,'Main File'!A:O,8,0),0) -> 0 | E5: =IFERROR(+VLOOKUP("LDDAF3"&A5,'Main File'!A:O,9,0),0) -> 0.19621174 | F5: =IFERROR(+VLOOKUP("LDDAF3"&A5,'Main File'!A:O,10,0),0) -> 2.4463011 | G5: =IFERROR(+VLOOKUP("LDDAF3"&A5,'Main File'!A:O,11,0),0) -> 1.2300175 | H5: =IFERROR(+VLOOKUP("LDDAF3"&A5,'Main File'!A:O,12,0),0) -> 0 | I5: =IFERROR(+VLOOKUP("LDDAF3"&A5,'Main File'!A:O,13,0),0) -> 0 | J5: =IFERROR(+VLOOKUP("LDDAF3"&A5,'Main File'!A:O,14,0),0) -> 0.19621232 | K5: =IFERROR(+VLOOKUP("LDDAF3"&A5,'Main File'!A:O,15,0),0) -> 1.4262298
A6: =+A5+1 -> 43193 | B6: =IFERROR(+VLOOKUP("LDDAF3"&A6,'Main File'!A:O,6,0),0) -> 2.2500885 | C6: =IFERROR(+VLOOKUP("LDDAF3"&A6,'Main File'!A:O,7,0),0) -> 0 | D6: =IFERROR(+VLOOKUP("LDDAF3"&A6,'Main File'!A:O,8,0),0) -> 0 | E6: =IFERROR(+VLOOKUP("LDDAF3"&A6,'Main File'!A:O,9,0),0) -> 0.19621306 | F6: =IFERROR(+VLOOKUP("LDDAF3"&A6,'Main File'!A:O,10,0),0) -> 2.4463016 | G6: =IFERROR(+VLOOKUP("LDDAF3"&A6,'Main File'!A:O,11,0),0) -> 1.2300165 | H6: =IFERROR(+VLOOKUP("LDDAF3"&A6,'Main File'!A:O,12,0),0) -> 0 | I6: =IFERROR(+VLOOKUP("LDDAF3"&A6,'Main File'!A:O,13,0),0) -> 0 | J6: =IFERROR(+VLOOKUP("LDDAF3"&A6,'Main File'!A:O,14,0),0) -> 0.19620873 | K6: =IFERROR(+VLOOKUP("LDDAF3"&A6,'Main File'!A:O,15,0),0) -> 1.4262253
A7: =+A6+1 -> 43194 | B7: =IFERROR(+VLOOKUP("LDDAF3"&A7,'Main File'!A:O,6,0),0) -> 2.2500882 | C7: =IFERROR(+VLOOKUP("LDDAF3"&A7,'Main File'!A:O,7,0),0) -> 0 | D7: =IFERROR(+VLOOKUP("LDDAF3"&A7,'Main File'!A:O,8,0),0) -> 0 | E7: =IFERROR(+VLOOKUP("LDDAF3"&A7,'Main File'!A:O,9,0),0) -> 0.19621208 | F7: =IFERROR(+VLOOKUP("LDDAF3"&A7,'Main File'!A:O,10,0),0) -> 2.4463003 | G7: =IFERROR(+VLOOKUP("LDDAF3"&A7,'Main File'!A:O,11,0),0) -> 1.2300129 | H7: =IFERROR(+VLOOKUP("LDDAF3"&A7,'Main File'!A:O,12,0),0) -> 0 | I7: =IFERROR(+VLOOKUP("LDDAF3"&A7,'Main File'!A:O,13,0),0) -> 0 | J7: =IFERROR(+VLOOKUP("LDDAF3"&A7,'Main File'!A:O,14,0),0) -> 0.19621275 | K7: =IFERROR(+VLOOKUP("LDDAF3"&A7,'Main File'!A:O,15,0),0) -> 1.4262256
A8: =+A7+1 -> 43195 | B8: =IFERROR(+VLOOKUP("LDDAF3"&A8,'Main File'!A:O,6,0),0) -> 2.2500853 | C8: =IFERROR(+VLOOKUP("LDDAF3"&A8,'Main File'!A:O,7,0),0) -> 0 | D8: =IFERROR(+VLOOKUP("LDDAF3"&A8,'Main File'!A:O,8,0),0) -> 0 | E8: =IFERROR(+VLOOKUP("LDDAF3"&A8,'Main File'!A:O,9,0),0) -> 0.1962161 | F8: =IFERROR(+VLOOKUP("LDDAF3"&A8,'Main File'!A:O,10,0),0) -> 2.4463014 | G8: =IFERROR(+VLOOKUP("LDDAF3"&A8,'Main File'!A:O,11,0),0) -> 1.2300158 | H8: =IFERROR(+VLOOKUP("LDDAF3"&A8,'Main File'!A:O,12,0),0) -> 0 | I8: =IFERROR(+VLOOKUP("LDDAF3"&A8,'Main File'!A:O,13,0),0) -> 0 | J8: =IFERROR(+VLOOKUP("LDDAF3"&A8,'Main File'!A:O,14,0),0) -> 0.19620361 | K8: =IFERROR(+VLOOKUP("LDDAF3"&A8,'Main File'!A:O,15,0),0) -> 1.4262194
A9: =+A8+1 -> 43196 | B9: =IFERROR(+VLOOKUP("LDDAF3"&A9,'Main File'!A:O,6,0),0) -> 2.2500839 | C9: =IFERROR(+VLOOKUP("LDDAF3"&A9,'Main File'!A:O,7,0),0) -> 0 | D9: =IFERROR(+VLOOKUP("LDDAF3"&A9,'Main File'!A:O,8,0),0) -> 0 | E9: =IFERROR(+VLOOKUP("LDDAF3"&A9,'Main File'!A:O,9,0),0) -> 0.19621533 | F9: =IFERROR(+VLOOKUP("LDDAF3"&A9,'Main File'!A:O,10,0),0) -> 2.4462993 | G9: =IFERROR(+VLOOKUP("LDDAF3"&A9,'Main File'!A:O,11,0),0) -> 1.2300258 | H9: =IFERROR(+VLOOKUP("LDDAF3"&A9,'Main File'!A:O,12,0),0) -> 0 | I9: =IFERROR(+VLOOKUP("LDDAF3"&A9,'Main File'!A:O,13,0),0) -> 0 | J9: =IFERROR(+VLOOKUP("LDDAF3"&A9,'Main File'!A:O,14,0),0) -> 0.19620146 | K9: =IFERROR(+VLOOKUP("LDDAF3"&A9,'Main File'!A:O,15,0),0) -> 1.4262273
A10: =+A9+1 -> 43197 | B10: =IFERROR(+VLOOKUP("LDDAF3"&A10,'Main File'!A:O,6,0),0) -> 2.2500848 | C10: =IFERROR(+VLOOKUP("LDDAF3"&A10,'Main File'!A:O,7,0),0) -> 0 | D10: =IFERROR(+VLOOKUP("LDDAF3"&A10,'Main File'!A:O,8,0),0) -> 0 | E10: =IFERROR(+VLOOKUP("LDDAF3"&A10,'Main File'!A:O,9,0),0) -> 0.1962128 | F10: =IFERROR(+VLOOKUP("LDDAF3"&A10,'Main File'!A:O,10,0),0) -> 2.4462976 | G10: =IFERROR(+VLOOKUP("LDDAF3"&A10,'Main File'!A:O,11,0),0) -> 1.2300227 | H10: =IFERROR(+VLOOKUP("LDDAF3"&A10,'Main File'!A:O,12,0),0) -> 0 | I10: =IFERROR(+VLOOKUP("LDDAF3"&A10,'Main File'!A:O,13,0),0) -> 0 | J10: =IFERROR(+VLOOKUP("LDDAF3"&A10,'Main File'!A:O,14,0),0) -> 0.19620936 | K10: =IFERROR(+VLOOKUP("LDDAF3"&A10,'Main File'!A:O,15,0),0) -> 1.4262321
A11: =+A10+1 -> 43198 | B11: =IFERROR(+VLOOKUP("LDDAF3"&A11,'Main File'!A:O,6,0),0) -> 2.2500878 | C11: =IFERROR(+VLOOKUP("LDDAF3"&A11,'Main File'!A:O,7,0),0) -> 0 | D11: =IFERROR(+VLOOKUP("LDDAF3"&A11,'Main File'!A:O,8,0),0) -> 0 | E11: =IFERROR(+VLOOKUP("LDDAF3"&A11,'Main File'!A:O,9,0),0) -> 0.19621481 | F11: =IFERROR(+VLOOKUP("LDDAF3"&A11,'Main File'!A:O,10,0),0) -> 2.4463026 | G11: =IFERROR(+VLOOKUP("LDDAF3"&A11,'Main File'!A:O,11,0),0) -> 1.2300153 | H11: =IFERROR(+VLOOKUP("LDDAF3"&A11,'Main File'!A:O,12,0),0) -> 0 | I11: =IFERROR(+VLOOKUP("LDDAF3"&A11,'Main File'!A:O,13,0),0) -> 0 | J11: =IFERROR(+VLOOKUP("LDDAF3"&A11,'Main File'!A:O,14,0),0) -> 0.19620056 | K11: =IFERROR(+VLOOKUP("LDDAF3"&A11,'Main File'!A:O,15,0),0) -> 1.4262159
A12: =+A11+1 -> 43199 | B12: =IFERROR(+VLOOKUP("LDDAF3"&A12,'Main File'!A:O,6,0),0) -> 2.2500855 | C12: =IFERROR(+VLOOKUP("LDDAF3"&A12,'Main File'!A:O,7,0),0) -> 0 | D12: =IFERROR(+VLOOKUP("LDDAF3"&A12,'Main File'!A:O,8,0),0) -> 0 | E12: =IFERROR(+VLOOKUP("LDDAF3"&A12,'Main File'!A:O,9,0),0) -> 0.19621663 | F12: =IFERROR(+VLOOKUP("LDDAF3"&A12,'Main File'!A:O,10,0),0) -> 2.4463021 | G12: =IFERROR(+VLOOKUP("LDDAF3"&A12,'Main File'!A:O,11,0),0) -> 1.2300204 | H12: =IFERROR(+VLOOKUP("LDDAF3"&A12,'Main File'!A:O,12,0),0) -> 0 | I12: =IFERROR(+VLOOKUP("LDDAF3"&A12,'Main File'!A:O,13,0),0) -> 0 | J12: =IFERROR(+VLOOKUP("LDDAF3"&A12,'Main File'!A:O,14,0),0) -> 0.19620218 | K12: =IFERROR(+VLOOKUP("LDDAF3"&A12,'Main File'!A:O,15,0),0) -> 1.4262226
A13: =+A12+1 -> 43200 | B13: =IFERROR(+VLOOKUP("LDDAF3"&A13,'Main File'!A:O,6,0),0) -> 2.2500889 | C13: =IFERROR(+VLOOKUP("LDDAF3"&A13,'Main File'!A:O,7,0),0) -> 0 | D13: =IFERROR(+VLOOKUP("LDDAF3"&A13,'Main File'!A:O,8,0),0) -> 0 | E13: =IFERROR(+VLOOKUP("LDDAF3"&A13,'Main File'!A:O,9,0),0) -> 0.19621406 | F13: =IFERROR(+VLOOKUP("LDDAF3"&A13,'Main File'!A:O,10,0),0) -> 2.446303 | G13: =IFERROR(+VLOOKUP("LDDAF3"&A13,'Main File'!A:O,11,0),0) -> 1.2300196 | H13: =IFERROR(+VLOOKUP("LDDAF3"&A13,'Main File'!A:O,12,0),0) -> 0 | I13: =IFERROR(+VLOOKUP("LDDAF3"&A13,'Main File'!A:O,13,0),0) -> 0 | J13: =IFERROR(+VLOOKUP("LDDAF3"&A13,'Main File'!A:O,14,0),0) -> 0.19620281 | K13: =IFERROR(+VLOOKUP("LDDAF3"&A13,'Main File'!A:O,15,0),0) -> 1.4262224
A14: =+A13+1 -> 43201 | B14: =IFERROR(+VLOOKUP("LDDAF3"&A14,'Main File'!A:O,6,0),0) -> 2.2500903 | C14: =IFERROR(+VLOOKUP("LDDAF3"&A14,'Main File'!A:O,7,0),0) -> 0 | D14: =IFERROR(+VLOOKUP("LDDAF3"&A14,'Main File'!A:O,8,0),0) -> 0 | E14: =IFERROR(+VLOOKUP("LDDAF3"&A14,'Main File'!A:O,9,0),0) -> 0.1962129 | F14: =IFERROR(+VLOOKUP("LDDAF3"&A14,'Main File'!A:O,10,0),0) -> 2.4463032 | G14: =IFERROR(+VLOOKUP("LDDAF3"&A14,'Main File'!A:O,11,0),0) -> 1.2300155 | H14: =IFERROR(+VLOOKUP("LDDAF3"&A14,'Main File'!A:O,12,0),0) -> 0 | I14: =IFERROR(+VLOOKUP("LDDAF3"&A14,'Main File'!A:O,13,0),0) -> 0 | J14: =IFERROR(+VLOOKUP("LDDAF3"&A14,'Main File'!A:O,14,0),0) -> 0.19620593 | K14: =IFERROR(+VLOOKUP("LDDAF3"&A14,'Main File'!A:O,15,0),0) -> 1.4262215
A15: =+A14+1 -> 43202 | B15: =IFERROR(+VLOOKUP("LDDAF3"&A15,'Main File'!A:O,6,0),0) -> 2.2500845 | C15: =IFERROR(+VLOOKUP("LDDAF3"&A15,'Main File'!A:O,7,0),0) -> 0 | D15: =IFERROR(+VLOOKUP("LDDAF3"&A15,'Main File'!A:O,8,0),0) -> 0 | E15: =IFERROR(+VLOOKUP("LDDAF3"&A15,'Main File'!A:O,9,0),0) -> 0.19621732 | F15: =IFERROR(+VLOOKUP("LDDAF3"&A15,'Main File'!A:O,10,0),0) -> 2.4463019 | G15: =IFERROR(+VLOOKUP("LDDAF3"&A15,'Main File'!A:O,11,0),0) -> 1.2300226 | H15: =IFERROR(+VLOOKUP("LDDAF3"&A15,'Main File'!A:O,12,0),0) -> 0 | I15: =IFERROR(+VLOOKUP("LDDAF3"&A15,'Main File'!A:O,13,0),0) -> 0 | J15: =IFERROR(+VLOOKUP("LDDAF3"&A15,'Main File'!A:O,14,0),0) -> 0.1962041 | K15: =IFERROR(+VLOOKUP("LDDAF3"&A15,'Main File'!A:O,15,0),0) -> 1.4262267
A16: =+A15+1 -> 43203 | B16: =IFERROR(+VLOOKUP("LDDAF3"&A16,'Main File'!A:O,6,0),0) -> 2.2500879 | C16: =IFERROR(+VLOOKUP("LDDAF3"&A16,'Main File'!A:O,7,0),0) -> 0 | D16: =IFERROR(+VLOOKUP("LDDAF3"&A16,'Main File'!A:O,8,0),0) -> 0 | E16: =IFERROR(+VLOOKUP("LDDAF3"&A16,'Main File'!A:O,9,0),0) -> 0.19621571 | F16: =IFERROR(+VLOOKUP("LDDAF3"&A16,'Main File'!A:O,10,0),0) -> 2.4463036 | G16: =IFERROR(+VLOOKUP("LDDAF3"&A16,'Main File'!A:O,11,0),0) -> 1.2300159 | H16: =IFERROR(+VLOOKUP("LDDAF3"&A16,'Main File'!A:O,12,0),0) -> 0 | I16: =IFERROR(+VLOOKUP("LDDAF3"&A16,'Main File'!A:O,13,0),0) -> 0 | J16: =IFERROR(+VLOOKUP("LDDAF3"&A16,'Main File'!A:O,14,0),0) -> 0.19619932 | K16: =IFERROR(+VLOOKUP("LDDAF3"&A16,'Main File'!A:O,15,0),0) -> 1.4262153
A17: =+A16+1 -> 43204 | B17: =IFERROR(+VLOOKUP("LDDAF3"&A17,'Main File'!A:O,6,0),0) -> 2.2500881 | C17: =IFERROR(+VLOOKUP("LDDAF3"&A17,'Main File'!A:O,7,0),0) -> 0 | D17: =IFERROR(+VLOOKUP("LDDAF3"&A17,'Main File'!A:O,8,0),0) -> 0 | E17: =IFERROR(+VLOOKUP("LDDAF3"&A17,'Main File'!A:O,9,0),0) -> 0.19621392 | F17: =IFERROR(+VLOOKUP("LDDAF3"&A17,'Main File'!A:O,10,0),0) -> 2.446302 | G17: =IFERROR(+VLOOKUP("LDDAF3"&A17,'Main File'!A:O,11,0),0) -> 1.2300173 | H17: =IFERROR(+VLOOKUP("LDDAF3"&A17,'Main File'!A:O,12,0),0) -> 0 | I17: =IFERROR(+VLOOKUP("LDDAF3"&A17,'Main File'!A:O,13,0),0) -> 0 | J17: =IFERROR(+VLOOKUP("LDDAF3"&A17,'Main File'!A:O,14,0),0) -> 0.19620789 | K17: =IFERROR(+VLOOKUP("LDDAF3"&A17,'Main File'!A:O,15,0),0) -> 1.4262252
... A368: =+A367+1 -> 43555 | B368: =IFERROR(+VLOOKUP("LDDAF3"&A368,'Main File'!A:O,6,0),0) -> 0 | C368: =IFERROR(+VLOOKUP("LDDAF3"&A368,'Main File'!A:O,7,0),0) -> 0 | D368: =IFERROR(+VLOOKUP("LDDAF3"&A368,'Main File'!A:O,8,0),0) -> 0 | E368: =IFERROR(+VLOOKUP("LDDAF3"&A368,'Main File'!A:O,9,0),0) -> 0 | F368: =IFERROR(+VLOOKUP("LDDAF3"&A368,'Main File'!A:O,10,0),0) -> 0 | G368: =IFERROR(+VLOOKUP("LDDAF3"&A368,'Main File'!A:O,11,0),0) -> 0 | H368: =IFERROR(+VLOOKUP("LDDAF3"&A368,'Main File'!A:O,12,0),0) -> 0 | I368: =IFERROR(+VLOOKUP("LDDAF3"&A368,'Main File'!A:O,13,0),0) -> 0 | J368: =IFERROR(+VLOOKUP("LDDAF3"&A368,'Main File'!A:O,14,0),0) -> 0 | K368: =IFERROR(+VLOOKUP("LDDAF3"&A368,'Main File'!A:O,15,0),0) -> 0
A370: Notes:
A371: 1. Base TER excludes additional expenses provided in Regulation 52(6A)(b) and 52(6A)(c) of SEBI (Mutual Funds) Regulations, 1996.
A372: 2. Additional Expenses not exceeding 0.30% in terms of Regulation 52(6A)(b) of SEBI (Mutual Funds) Regulations, 1996.
A373: 3. Additional Expenses not exceeding 0.20% in terms of Regulation 52(6A)(c) of SEBI (Mutual Funds) Regulations, 1996.
A374: 4. Present GST rate is 18 %.
A375: 5. Percentages mentioned above are annualized.

Sheet LDGETF
A1: =+VLOOKUP(+(MID(CELL("filename",A1),FIND("]",CELL("filename",A1))+1,255)),'Main File'!C:E,3,0) -> LIC MF G-Sec Long Term Exchange Traded Fund# | N1: Go to Index
B2: Regular Plan | G2: Direct Plan
A3: Date (DD/MM/YYYY) | B3: Base TER (%)1 | C3: Additional expense as per Regulation 52(6A)(b) (%)2 | D3: Additional expense as per Regulation 52(6A)(c) (%)3 | E3: GST (%)4 | F3: Total TER (%) | G3: Base TER (%)1 | H3: Additional expense as per Regulation 52(6A)(b) (%)2 | I3: Additional expense as per Regulation 52(6A)(c) (%)3 | J3: GST (%)4 | K3: Total TER (%)
A4: =LDBOND!A4 -> 43191 | B4: =IFERROR(+VLOOKUP("LDGETF"&A4,'Main File'!A:O,6,0),0) -> 0.25000076 | C4: =IFERROR(+VLOOKUP("LDGETF"&A4,'Main File'!A:O,7,0),0) -> 0 | D4: =IFERROR(+VLOOKUP("LDGETF"&A4,'Main File'!A:O,8,0),0) -> 0 | E4: =IFERROR(+VLOOKUP("LDGETF"&A4,'Main File'!A:O,9,0),0) -> 0.027000066 | F4: =IFERROR(+VLOOKUP("LDGETF"&A4,'Main File'!A:O,10,0),0) -> 0.27700083 | G4: =IFERROR(+VLOOKUP("LDGETF"&A4,'Main File'!A:O,11,0),0) -> 0 | H4: =IFERROR(+VLOOKUP("LDGETF"&A4,'Main File'!A:O,12,0),0) -> 0 | I4: =IFERROR(+VLOOKUP("LDGETF"&A4,'Main File'!A:O,13,0),0) -> 0 | J4: =IFERROR(+VLOOKUP("LDGETF"&A4,'Main File'!A:O,14,0),0) -> 0 | K4: =IFERROR(+VLOOKUP("LDGETF"&A4,'Main File'!A:O,15,0),0) -> 0
A5: =A4+1 -> 43192 | B5: =IFERROR(+VLOOKUP("LDGETF"&A5,'Main File'!A:O,6,0),0) -> 0.25000086 | C5: =IFERROR(+VLOOKUP("LDGETF"&A5,'Main File'!A:O,7,0),0) -> 0 | D5: =IFERROR(+VLOOKUP("LDGETF"&A5,'Main File'!A:O,8,0),0) -> 0 | E5: =IFERROR(+VLOOKUP("LDGETF"&A5,'Main File'!A:O,9,0),0) -> 0.026999834 | F5: =IFERROR(+VLOOKUP("LDGETF"&A5,'Main File'!A:O,10,0),0) -> 0.27700069 | G5: =IFERROR(+VLOOKUP("LDGETF"&A5,'Main File'!A:O,11,0),0) -> 0 | H5: =IFERROR(+VLOOKUP("LDGETF"&A5,'Main File'!A:O,12,0),0) -> 0 | I5: =IFERROR(+VLOOKUP("LDGETF"&A5,'Main File'!A:O,13,0),0) -> 0 | J5: =IFERROR(+VLOOKUP("LDGETF"&A5,'Main File'!A:O,14,0),0) -> 0 | K5: =IFERROR(+VLOOKUP("LDGETF"&A5,'Main File'!A:O,15,0),0) -> 0
A6: =+A5+1 -> 43193 | B6: =IFERROR(+VLOOKUP("LDGETF"&A6,'Main File'!A:O,6,0),0) -> 0.25000067 | C6: =IFERROR(+VLOOKUP("LDGETF"&A6,'Main File'!A:O,7,0),0) -> 0 | D6: =IFERROR(+VLOOKUP("LDGETF"&A6,'Main File'!A:O,8,0),0) -> 0 | E6: =IFERROR(+VLOOKUP("LDGETF"&A6,'Main File'!A:O,9,0),0) -> 0.026999822 | F6: =IFERROR(+VLOOKUP("LDGETF"&A6,'Main File'!A:O,10,0),0) -> 0.27700049 | G6: =IFERROR(+VLOOKUP("LDGETF"&A6,'Main File'!A:O,11,0),0) -> 0 | H6: =IFERROR(+VLOOKUP("LDGETF"&A6,'Main File'!A:O,12,0),0) -> 0 | I6: =IFERROR(+VLOOKUP("LDGETF"&A6,'Main File'!A:O,13,0),0) -> 0 | J6: =IFERROR(+VLOOKUP("LDGETF"&A6,'Main File'!A:O,14,0),0) -> 0 | K6: =IFERROR(+VLOOKUP("LDGETF"&A6,'Main File'!A:O,15,0),0) -> 0
A7: =+A6+1 -> 43194 | B7: =IFERROR(+VLOOKUP("LDGETF"&A7,'Main File'!A:O,6,0),0) -> 0.25000058 | C7: =IFERROR(+VLOOKUP("LDGETF"&A7,'Main File'!A:O,7,0),0) -> 0 | D7: =IFERROR(+VLOOKUP("LDGETF"&A7,'Main File'!A:O,8,0),0) -> 0 | E7: =IFERROR(+VLOOKUP("LDGETF"&A7,'Main File'!A:O,9,0),0) -> 0.027000392 | F7: =IFERROR(+VLOOKUP("LDGETF"&A7,'Main File'!A:O,10,0),0) -> 0.27700097 | G7: =IFERROR(+VLOOKUP("LDGETF"&A7,'Main File'!A:O,11,0),0) -> 0 | H7: =IFERROR(+VLOOKUP("LDGETF"&A7,'Main File'!A:O,12,0),0) -> 0 | I7: =IFERROR(+VLOOKUP("LDGETF"&A7,'Main File'!A:O,13,0),0) -> 0 | J7: =IFERROR(+VLOOKUP("LDGETF"&A7,'Main File'!A:O,14,0),0) -> 0 | K7: =IFERROR(+VLOOKUP("LDGETF"&A7,'Main File'!A:O,15,0),0) -> 0
A8: =+A7+1 -> 43195 | B8: =IFERROR(+VLOOKUP("LDGETF"&A8,'Main File'!A:O,6,0),0) -> 0.25000105 | C8: =IFERROR(+VLOOKUP("LDGETF"&A8,'Main File'!A:O,7,0),0) -> 0 | D8: =IFERROR(+VLOOKUP("LDGETF"&A8,'Main File'!A:O,8,0),0) -> 0 | E8: =IFERROR(+VLOOKUP("LDGETF"&A8,'Main File'!A:O,9,0),0) -> 0.027000652 | F8: =IFERROR(+VLOOKUP("LDGETF"&A8,'Main File'!A:O,10,0),0) -> 0.2770017 | G8: =IFERROR(+VLOOKUP("LDGETF"&A8,'Main File'!A:O,11,0),0) -> 0 | H8: =IFERROR(+VLOOKUP("LDGETF"&A8,'Main File'!A:O,12,0),0) -> 0 | I8: =IFERROR(+VLOOKUP("LDGETF"&A8,'Main File'!A:O,13,0),0) -> 0 | J8: =IFERROR(+VLOOKUP("LDGETF"&A8,'Main File'!A:O,14,0),0) -> 0 | K8: =IFERROR(+VLOOKUP("LDGETF"&A8,'Main File'!A:O,15,0),0) -> 0
A9: =+A8+1 -> 43196 | B9: =IFERROR(+VLOOKUP("LDGETF"&A9,'Main File'!A:O,6,0),0) -> 0.25000123 | C9: =IFERROR(+VLOOKUP("LDGETF"&A9,'Main File'!A:O,7,0),0) -> 0 | D9: =IFERROR(+VLOOKUP("LDGETF"&A9,'Main File'!A:O,8,0),0) -> 0 | E9: =IFERROR(+VLOOKUP("LDGETF"&A9,'Main File'!A:O,9,0),0) -> 0.027000327 | F9: =IFERROR(+VLOOKUP("LDGETF"&A9,'Main File'!A:O,10,0),0) -> 0.27700155 | G9: =IFERROR(+VLOOKUP("LDGETF"&A9,'Main File'!A:O,11,0),0) -> 0 | H9: =IFERROR(+VLOOKUP("LDGETF"&A9,'Main File'!A:O,12,0),0) -> 0 | I9: =IFERROR(+VLOOKUP("LDGETF"&A9,'Main File'!A:O,13,0),0) -> 0 | J9: =IFERROR(+VLOOKUP("LDGETF"&A9,'Main File'!A:O,14,0),0) -> 0 | K9: =IFERROR(+VLOOKUP("LDGETF"&A9,'Main File'!A:O,15,0),0) -> 0
A10: =+A9+1 -> 43197 | B10: =IFERROR(+VLOOKUP("LDGETF"&A10,'Main File'!A:O,6,0),0) -> 0.25000028 | C10: =IFERROR(+VLOOKUP("LDGETF"&A10,'Main File'!A:O,7,0),0) -> 0 | D10: =IFERROR(+VLOOKUP("LDGETF"&A10,'Main File'!A:O,8,0),0) -> 0 | E10: =IFERROR(+VLOOKUP("LDGETF"&A10,'Main File'!A:O,9,0),0) -> 0.027000148 | F10: =IFERROR(+VLOOKUP("LDGETF"&A10,'Main File'!A:O,10,0),0) -> 0.27700042 | G10: =IFERROR(+VLOOKUP("LDGETF"&A10,'Main File'!A:O,11,0),0) -> 0 | H10: =IFERROR(+VLOOKUP("LDGETF"&A10,'Main File'!A:O,12,0),0) -> 0 | I10: =IFERROR(+VLOOKUP("LDGETF"&A10,'Main File'!A:O,13,0),0) -> 0 | J10: =IFERROR(+VLOOKUP("LDGETF"&A10,'Main File'!A:O,14,0),0) -> 0 | K10: =IFERROR(+VLOOKUP("LDGETF"&A10,'Main File'!A:O,15,0),0) -> 0
A11: =+A10+1 -> 43198 | B11: =IFERROR(+VLOOKUP("LDGETF"&A11,'Main File'!A:O,6,0),0) -> 0.25000056 | C11: =IFERROR(+VLOOKUP("LDGETF"&A11,'Main File'!A:O,7,0),0) -> 0 | D11: =IFERROR(+VLOOKUP("LDGETF"&A11,'Main File'!A:O,8,0),0) -> 0 | E11: =IFERROR(+VLOOKUP("LDGETF"&A11,'Main File'!A:O,9,0),0) -> 0.026999995 | F11: =IFERROR(+VLOOKUP("LDGETF"&A11,'Main File'!A:O,10,0),0) -> 0.27700056 | G11: =IFERROR(+VLOOKUP("LDGETF"&A11,'Main File'!A:O,11,0),0) -> 0 | H11: =IFERROR(+VLOOKUP("LDGETF"&A11,'Main File'!A:O,12,0),0) -> 0 | I11: =IFERROR(+VLOOKUP("LDGETF"&A11,'Main File'!A:O,13,0),0) -> 0 | J11: =IFERROR(+VLOOKUP("LDGETF"&A11,'Main File'!A:O,14,0),0) -> 0 | K11: =IFERROR(+VLOOKUP("LDGETF"&A11,'Main File'!A:O,15,0),0) -> 0
A12: =+A11+1 -> 43199 | B12: =IFERROR(+VLOOKUP("LDGETF"&A12,'Main File'!A:O,6,0),0) -> 0.25000134 | C12: =IFERROR(+VLOOKUP("LDGETF"&A12,'Main File'!A:O,7,0),0) -> 0 | D12: =IFERROR(+VLOOKUP("LDGETF"&A12,'Main File'!A:O,8,0),0) -> 0 | E12: =IFERROR(+VLOOKUP("LDGETF"&A12,'Main File'!A:O,9,0),0) -> 0.027000177 | F12: =IFERROR(+VLOOKUP("LDGETF"&A12,'Main File'!A:O,10,0),0) -> 0.27700152 | G12: =IFERROR(+VLOOKUP("LDGETF"&A12,'Main File'!A:O,11,0),0) -> 0 | H12: =IFERROR(+VLOOKUP("LDGETF"&A12,'Main File'!A:O,12,0),0) -> 0 | I12: =IFERROR(+VLOOKUP("LDGETF"&A12,'Main File'!A:O,13,0),0) -> 0 | J12: =IFERROR(+VLOOKUP("LDGETF"&A12,'Main File'!A:O,14,0),0) -> 0 | K12: =IFERROR(+VLOOKUP("LDGETF"&A12,'Main File'!A:O,15,0),0) -> 0
A13: =+A12+1 -> 43200 | B13: =IFERROR(+VLOOKUP("LDGETF"&A13,'Main File'!A:O,6,0),0) -> 0.25000138 | C13: =IFERROR(+VLOOKUP("LDGETF"&A13,'Main File'!A:O,7,0),0) -> 0 | D13: =IFERROR(+VLOOKUP("LDGETF"&A13,'Main File'!A:O,8,0),0) -> 0 | E13: =IFERROR(+VLOOKUP("LDGETF"&A13,'Main File'!A:O,9,0),0) -> 0.027000038 | F13: =IFERROR(+VLOOKUP("LDGETF"&A13,'Main File'!A:O,10,0),0) -> 0.27700142 | G13: =IFERROR(+VLOOKUP("LDGETF"&A13,'Main File'!A:O,11,0),0) -> 0 | H13: =IFERROR(+VLOOKUP("LDGETF"&A13,'Main File'!A:O,12,0),0) -> 0 | I13: =IFERROR(+VLOOKUP("LDGETF"&A13,'Main File'!A:O,13,0),0) -> 0 | J13: =IFERROR(+VLOOKUP("LDGETF"&A13,'Main File'!A:O,14,0),0) -> 0 | K13: =IFERROR(+VLOOKUP("LDGETF"&A13,'Main File'!A:O,15,0),0) -> 0
A14: =+A13+1 -> 43201 | B14: =IFERROR(+VLOOKUP("LDGETF"&A14,'Main File'!A:O,6,0),0) -> 0.25000146 | C14: =IFERROR(+VLOOKUP("LDGETF"&A14,'Main File'!A:O,7,0),0) -> 0 | D14: =IFERROR(+VLOOKUP("LDGETF"&A14,'Main File'!A:O,8,0),0) -> 0 | E14: =IFERROR(+VLOOKUP("LDGETF"&A14,'Main File'!A:O,9,0),0) -> 0.027000203 | F14: =IFERROR(+VLOOKUP("LDGETF"&A14,'Main File'!A:O,10,0),0) -> 0.27700166 | G14: =IFERROR(+VLOOKUP("LDGETF"&A14,'Main File'!A:O,11,0),0) -> 0 | H14: =IFERROR(+VLOOKUP("LDGETF"&A14,'Main File'!A:O,12,0),0) -> 0 | I14: =IFERROR(+VLOOKUP("LDGETF"&A14,'Main File'!A:O,13,0),0) -> 0 | J14: =IFERROR(+VLOOKUP("LDGETF"&A14,'Main File'!A:O,14,0),0) -> 0 | K14: =IFERROR(+VLOOKUP("LDGETF"&A14,'Main File'!A:O,15,0),0) -> 0
A15: =+A14+1 -> 43202 | B15: =IFERROR(+VLOOKUP("LDGETF"&A15,'Main File'!A:O,6,0),0) -> 0.24999975 | C15: =IFERROR(+VLOOKUP("LDGETF"&A15,'Main File'!A:O,7,0),0) -> 0 | D15: =IFERROR(+VLOOKUP("LDGETF"&A15,'Main File'!A:O,8,0),0) -> 0 | E15: =IFERROR(+VLOOKUP("LDGETF"&A15,'Main File'!A:O,9,0),0) -> 0.027000349 | F15: =IFERROR(+VLOOKUP("LDGETF"&A15,'Main File'!A:O,10,0),0) -> 0.2770001 | G15: =IFERROR(+VLOOKUP("LDGETF"&A15,'Main File'!A:O,11,0),0) -> 0 | H15: =IFERROR(+VLOOKUP("LDGETF"&A15,'Main File'!A:O,12,0),0) -> 0 | I15: =IFERROR(+VLOOKUP("LDGETF"&A15,'Main File'!A:O,13,0),0) -> 0 | J15: =IFERROR(+VLOOKUP("LDGETF"&A15,'Main File'!A:O,14,0),0) -> 0 | K15: =IFERROR(+VLOOKUP("LDGETF"&A15,'Main File'!A:O,15,0),0) -> 0
A16: =+A15+1 -> 43203 | B16: =IFERROR(+VLOOKUP("LDGETF"&A16,'Main File'!A:O,6,0),0) -> 0.25000109 | C16: =IFERROR(+VLOOKUP("LDGETF"&A16,'Main File'!A:O,7,0),0) -> 0 | D16: =IFERROR(+VLOOKUP("LDGETF"&A16,'Main File'!A:O,8,0),0) -> 0 | E16: =IFERROR(+VLOOKUP("LDGETF"&A16,'Main File'!A:O,9,0),0) -> 0.026999793 | F16: =IFERROR(+VLOOKUP("LDGETF"&A16,'Main File'!A:O,10,0),0) -> 0.27700088 | G16: =IFERROR(+VLOOKUP("LDGETF"&A16,'Main File'!A:O,11,0),0) -> 0 | H16: =IFERROR(+VLOOKUP("LDGETF"&A16,'Main File'!A:O,12,0),0) -> 0 | I16: =IFERROR(+VLOOKUP("LDGETF"&A16,'Main File'!A:O,13,0),0) -> 0 | J16: =IFERROR(+VLOOKUP("LDGETF"&A16,'Main File'!A:O,14,0),0) -> 0 | K16: =IFERROR(+VLOOKUP("LDGETF"&A16,'Main File'!A:O,15,0),0) -> 0
A17: =+A16+1 -> 43204 | B17: =IFERROR(+VLOOKUP("LDGETF"&A17,'Main File'!A:O,6,0),0) -> 0.25000139 | C17: =IFERROR(+VLOOKUP("LDGETF"&A17,'Main File'!A:O,7,0),0) -> 0 | D17: =IFERROR(+VLOOKUP("LDGETF"&A17,'Main File'!A:O,8,0),0) -> 0 | E17: =IFERROR(+VLOOKUP("LDGETF"&A17,'Main File'!A:O,9,0),0) -> 0.027000548 | F17: =IFERROR(+VLOOKUP("LDGETF"&A17,'Main File'!A:O,10,0),0) -> 0.27700194 | G17: =IFERROR(+VLOOKUP("LDGETF"&A17,'Main File'!A:O,11,0),0) -> 0 | H17: =IFERROR(+VLOOKUP("LDGETF"&A17,'Main File'!A:O,12,0),0) -> 0 | I17: =IFERROR(+VLOOKUP("LDGETF"&A17,'Main File'!A:O,13,0),0) -> 0 | J17: =IFERROR(+VLOOKUP("LDGETF"&A17,'Main File'!A:O,14,0),0) -> 0 | K17: =IFERROR(+VLOOKUP("LDGETF"&A17,'Main File'!A:O,15,0),0) -> 0
... A368: =+A367+1 -> 43555 | B368: =IFERROR(+VLOOKUP("LDGETF"&A368,'Main File'!A:O,6,0),0) -> 0 | C368: =IFERROR(+VLOOKUP("LDGETF"&A368,'Main File'!A:O,7,0),0) -> 0 | D368: =IFERROR(+VLOOKUP("LDGETF"&A368,'Main File'!A:O,8,0),0) -> 0 | E368: =IFERROR(+VLOOKUP("LDGETF"&A368,'Main File'!A:O,9,0),0) -> 0 | F368: =IFERROR(+VLOOKUP("LDGETF"&A368,'Main File'!A:O,10,0),0) -> 0 | G368: =IFERROR(+VLOOKUP("LDGETF"&A368,'Main File'!A:O,11,0),0) -> 0 | H368: =IFERROR(+VLOOKUP("LDGETF"&A368,'Main File'!A:O,12,0),0) -> 0 | I368: =IFERROR(+VLOOKUP("LDGETF"&A368,'Main File'!A:O,13,0),0) -> 0 | J368: =IFERROR(+VLOOKUP("LDGETF"&A368,'Main File'!A:O,14,0),0) -> 0 | K368: =IFERROR(+VLOOKUP("LDGETF"&A368,'Main File'!A:O,15,0),0) -> 0
A370: Notes:
A371: 1. Base TER excludes additional expenses provided in Regulation 52(6A)(b) and 52(6A)(c) of SEBI (Mutual Funds) Regulations, 1996.
A372: 2. Additional Expenses not exceeding 0.30% in terms of Regulation 52(6A)(b) of SEBI (Mutual Funds) Regulations, 1996.
A373: 3. Additional Expenses not exceeding 0.20% in terms of Regulation 52(6A)(c) of SEBI (Mutual Funds) Regulations, 1996.
A374: 4. Present GST rate is 18 %.
A375: 5. Percentages mentioned above are annualized.

Sheet LDGSEC
A1: =+VLOOKUP(+(MID(CELL("filename",A1),FIND("]",CELL("filename",A1))+1,255)),'Main File'!C:E,3,0) -> LIC MF Govt. Securities Fund | N1: Go to Index
B2: Regular Plan | G2: Direct Plan
A3: Date (DD/MM/YYYY) | B3: Base TER (%)1 | C3: Additional expense as per Regulation 52(6A)(b) (%)2 | D3: Additional expense as per Regulation 52(6A)(c) (%)3 | E3: GST (%)4 | F3: Total TER (%) | G3: Base TER (%)1 | H3: Additional expense as per Regulation 52(6A)(b) (%)2 | I3: Additional expense as per Regulation 52(6A)(c) (%)3 | J3: GST (%)4 | K3: Total TER (%)
A4: =LDBOND!A4 -> 43191 | B4: =IFERROR(+VLOOKUP("LDGSEC"&A4,'Main File'!A:O,6,0),0) -> 2.2500977 | C4: =IFERROR(+VLOOKUP("LDGSEC"&A4,'Main File'!A:O,7,0),0) -> 0 | D4: =IFERROR(+VLOOKUP("LDGSEC"&A4,'Main File'!A:O,8,0),0) -> 0.2 | E4: =IFERROR(+VLOOKUP("LDGSEC"&A4,'Main File'!A:O,9,0),0) -> 0.27541891 | F4: =IFERROR(+VLOOKUP("LDGSEC"&A4,'Main File'!A:O,10,0),0) -> 2.7255166 | G4: =IFERROR(+VLOOKUP("LDGSEC"&A4,'Main File'!A:O,11,0),0) -> 1.3460867 | H4: =IFERROR(+VLOOKUP("LDGSEC"&A4,'Main File'!A:O,12,0),0) -> 0 | I4: =IFERROR(+VLOOKUP("LDGSEC"&A4,'Main File'!A:O,13,0),0) -> 0.2 | J4: =IFERROR(+VLOOKUP("LDGSEC"&A4,'Main File'!A:O,14,0),0) -> 0.27110458 | K4: =IFERROR(+VLOOKUP("LDGSEC"&A4,'Main File'!A:O,15,0),0) -> 1.8171913
A5: =A4+1 -> 43192 | B5: =IFERROR(+VLOOKUP("LDGSEC"&A5,'Main File'!A:O,6,0),0) -> 1.3000352 | C5: =IFERROR(+VLOOKUP("LDGSEC"&A5,'Main File'!A:O,7,0),0) -> 0 | D5: =IFERROR(+VLOOKUP("LDGSEC"&A5,'Main File'!A:O,8,0),0) -> 0.2 | E5: =IFERROR(+VLOOKUP("LDGSEC"&A5,'Main File'!A:O,9,0),0) -> 0.10080373 | F5: =IFERROR(+VLOOKUP("LDGSEC"&A5,'Main File'!A:O,10,0),0) -> 1.600839 | G5: =IFERROR(+VLOOKUP("LDGSEC"&A5,'Main File'!A:O,11,0),0) -> 0.39124347 | H5: =IFERROR(+VLOOKUP("LDGSEC"&A5,'Main File'!A:O,12,0),0) -> 0 | I5: =IFERROR(+VLOOKUP("LDGSEC"&A5,'Main File'!A:O,13,0),0) -> 0.2 | J5: =IFERROR(+VLOOKUP("LDGSEC"&A5,'Main File'!A:O,14,0),0) -> 0.099224577 | K5: =IFERROR(+VLOOKUP("LDGSEC"&A5,'Main File'!A:O,15,0),0) -> 0.69046804
A6: =+A5+1 -> 43193 | B6: =IFERROR(+VLOOKUP("LDGSEC"&A6,'Main File'!A:O,6,0),0) -> 1.3000355 | C6: =IFERROR(+VLOOKUP("LDGSEC"&A6,'Main File'!A:O,7,0),0) -> 0 | D6: =IFERROR(+VLOOKUP("LDGSEC"&A6,'Main File'!A:O,8,0),0) -> 0.2 | E6: =IFERROR(+VLOOKUP("LDGSEC"&A6,'Main File'!A:O,9,0),0) -> 0.10080506 | F6: =IFERROR(+VLOOKUP("LDGSEC"&A6,'Main File'!A:O,10,0),0) -> 1.6008406 | G6: =IFERROR(+VLOOKUP("LDGSEC"&A6,'Main File'!A:O,11,0),0) -> 0.39126834 | H6: =IFERROR(+VLOOKUP("LDGSEC"&A6,'Main File'!A:O,12,0),0) -> 0 | I6: =IFERROR(+VLOOKUP("LDGSEC"&A6,'Main File'!A:O,13,0),0) -> 0.2 | J6: =IFERROR(+VLOOKUP("LDGSEC"&A6,'Main File'!A:O,14,0),0) -> 0.099227614 | K6: =IFERROR(+VLOOKUP("LDGSEC"&A6,'Main File'!A:O,15,0),0) -> 0.69049595
A7: =+A6+1 -> 43194 | B7: =IFERROR(+VLOOKUP("LDGSEC"&A7,'Main File'!A:O,6,0),0) -> 1.3000338 | C7: =IFERROR(+VLOOKUP("LDGSEC"&A7,'Main File'!A:O,7,0),0) -> 0 | D7: =IFERROR(+VLOOKUP("LDGSEC"&A7,'Main File'!A:O,8,0),0) -> 0.2 | E7: =IFERROR(+VLOOKUP("LDGSEC"&A7,'Main File'!A:O,9,0),0) -> 0.10080414 | F7: =IFERROR(+VLOOKUP("LDGSEC"&A7,'Main File'!A:O,10,0),0) -> 1.600838 | G7: =IFERROR(+VLOOKUP("LDGSEC"&A7,'Main File'!A:O,11,0),0) -> 0.39125793 | H7: =IFERROR(+VLOOKUP("LDGSEC"&A7,'Main File'!A:O,12,0),0) -> 0 | I7: =IFERROR(+VLOOKUP("LDGSEC"&A7,'Main File'!A:O,13,0),0) -> 0.2 | J7: =IFERROR(+VLOOKUP("LDGSEC"&A7,'Main File'!A:O,14,0),0) -> 0.099228683 | K7: =IFERROR(+VLOOKUP("LDGSEC"&A7,'Main File'!A:O,15,0),0) -> 0.69048661
A8: =+A7+1 -> 43195 | B8: =IFERROR(+VLOOKUP("LDGSEC"&A8,'Main File'!A:O,6,0),0) -> 1.3000345 | C8: =IFERROR(+VLOOKUP("LDGSEC"&A8,'Main File'!A:O,7,0),0) -> 0 | D8: =IFERROR(+VLOOKUP("LDGSEC"&A8,'Main File'!A:O,8,0),0) -> 0.2 | E8: =IFERROR(+VLOOKUP("LDGSEC"&A8,'Main File'!A:O,9,0),0) -> 0.10080484 | F8: =IFERROR(+VLOOKUP("LDGSEC"&A8,'Main File'!A:O,10,0),0) -> 1.6008394 | G8: =IFERROR(+VLOOKUP("LDGSEC"&A8,'Main File'!A:O,11,0),0) -> 0.39132041 | H8: =IFERROR(+VLOOKUP("LDGSEC"&A8,'Main File'!A:O,12,0),0) -> 0 | I8: =IFERROR(+VLOOKUP("LDGSEC"&A8,'Main File'!A:O,13,0),0) -> 0.2 | J8: =IFERROR(+VLOOKUP("LDGSEC"&A8,'Main File'!A:O,14,0),0) -> 0.099237954 | K8: =IFERROR(+VLOOKUP("LDGSEC"&A8,'Main File'!A:O,15,0),0) -> 0.69055837
A9: =+A8+1 -> 43196 | B9: =IFERROR(+VLOOKUP("LDGSEC"&A9,'Main File'!A:O,6,0),0) -> 1.285525 | C9: =IFERROR(+VLOOKUP("LDGSEC"&A9,'Main File'!A:O,7,0),0) -> 0 | D9: =IFERROR(+VLOOKUP("LDGSEC"&A9,'Main File'!A:O,8,0),0) -> 0.2 | E9: =IFERROR(+VLOOKUP("LDGSEC"&A9,'Main File'!A:O,9,0),0) -> 0.098192602 | F9: =IFERROR(+VLOOKUP("LDGSEC"&A9,'Main File'!A:O,10,0),0) -> 1.5837176 | G9: =IFERROR(+VLOOKUP("LDGSEC"&A9,'Main File'!A:O,11,0),0) -> 0.37670208 | H9: =IFERROR(+VLOOKUP("LDGSEC"&A9,'Main File'!A:O,12,0),0) -> 0 | I9: =IFERROR(+VLOOKUP("LDGSEC"&A9,'Main File'!A:O,13,0),0) -> 0.2 | J9: =IFERROR(+VLOOKUP("LDGSEC"&A9,'Main File'!A:O,14,0),0) -> 0.096608255 | K9: =IFERROR(+VLOOKUP("LDGSEC"&A9,'Main File'!A:O,15,0),0) -> 0.67331034
A10: =+A9+1 -> 43197 | B10: =IFERROR(+VLOOKUP("LDGSEC"&A10,'Main File'!A:O,6,0),0) -> 1.2855247 | C10: =IFERROR(+VLOOKUP("LDGSEC"&A10,'Main File'!A:O,7,0),0) -> 0 | D10: =IFERROR(+VLOOKUP("LDGSEC"&A10,'Main File'!A:O,8,0),0) -> 0.2 | E10: =IFERROR(+VLOOKUP("LDGSEC"&A10,'Main File'!A:O,9,0),0) -> 0.098192223 | F10: =IFERROR(+VLOOKUP("LDGSEC"&A10,'Main File'!A:O,10,0),0) -> 1.5837169 | G10: =IFERROR(+VLOOKUP("LDGSEC"&A10,'Main File'!A:O,11,0),0) -> 0.37672634 | H10: =IFERROR(+VLOOKUP("LDGSEC"&A10,'Main File'!A:O,12,0),0) -> 0 | I10: =IFERROR(+VLOOKUP("LDGSEC"&A10,'Main File'!A:O,13,0),0) -> 0.2 | J10: =IFERROR(+VLOOKUP("LDGSEC"&A10,'Main File'!A:O,14,0),0) -> 0.096611092 | K10: =IFERROR(+VLOOKUP("LDGSEC"&A10,'Main File'!A:O,15,0),0) -> 0.67333743
A11: =+A10+1 -> 43198 | B11: =IFERROR(+VLOOKUP("LDGSEC"&A11,'Main File'!A:O,6,0),0) -> 1.2855229 | C11: =IFERROR(+VLOOKUP("LDGSEC"&A11,'Main File'!A:O,7,0),0) -> 0 | D11: =IFERROR(+VLOOKUP("LDGSEC"&A11,'Main File'!A:O,8,0),0) -> 0.2 | E11: =IFERROR(+VLOOKUP("LDGSEC"&A11,'Main File'!A:O,9,0),0) -> 0.098191962 | F11: =IFERROR(+VLOOKUP("LDGSEC"&A11,'Main File'!A:O,10,0),0) -> 1.5837149 | G11: =IFERROR(+VLOOKUP("LDGSEC"&A11,'Main File'!A:O,11,0),0) -> 0.37672892 | H11: =IFERROR(+VLOOKUP("LDGSEC"&A11,'Main File'!A:O,12,0),0) -> 0 | I11: =IFERROR(+VLOOKUP("LDGSEC"&A11,'Main File'!A:O,13,0),0) -> 0.2 | J11: =IFERROR(+VLOOKUP("LDGSEC"&A11,'Main File'!A:O,14,0),0) -> 0.096611807 | K11: =IFERROR(+VLOOKUP("LDGSEC"&A11,'Main File'!A:O,15,0),0) -> 0.67334072
A12: =+A11+1 -> 43199 | B12: =IFERROR(+VLOOKUP("LDGSEC"&A12,'Main File'!A:O,6,0),0) -> 1.2854924 | C12: =IFERROR(+VLOOKUP("LDGSEC"&A12,'Main File'!A:O,7,0),0) -> 0 | D12: =IFERROR(+VLOOKUP("LDGSEC"&A12,'Main File'!A:O,8,0),0) -> 0.2 | E12: =IFERROR(+VLOOKUP("LDGSEC"&A12,'Main File'!A:O,9,0),0) -> 0.098186767 | F12: =IFERROR(+VLOOKUP("LDGSEC"&A12,'Main File'!A:O,10,0),0) -> 1.5836791 | G12: =IFERROR(+VLOOKUP("LDGSEC"&A12,'Main File'!A:O,11,0),0) -> 0.37667096 | H12: =IFERROR(+VLOOKUP("LDGSEC"&A12,'Main File'!A:O,12,0),0) -> 0 | I12: =IFERROR(+VLOOKUP("LDGSEC"&A12,'Main File'!A:O,13,0),0) -> 0.2 | J12: =IFERROR(+VLOOKUP("LDGSEC"&A12,'Main File'!A:O,14,0),0) -> 0.096600444 | K12: =IFERROR(+VLOOKUP("LDGSEC"&A12,'Main File'!A:O,15,0),0) -> 0.67327141
A13: =+A12+1 -> 43200 | B13: =IFERROR(+VLOOKUP("LDGSEC"&A13,'Main File'!A:O,6,0),0) -> 1.2195792 | C13: =IFERROR(+VLOOKUP("LDGSEC"&A13,'Main File'!A:O,7,0),0) -> 0 | D13: =IFERROR(+VLOOKUP("LDGSEC"&A13,'Main File'!A:O,8,0),0) -> 0.2 | E13: =IFERROR(+VLOOKUP("LDGSEC"&A13,'Main File'!A:O,9,0),0) -> 0.086324004 | F13: =IFERROR(+VLOOKUP("LDGSEC"&A13,'Main File'!A:O,10,0),0) -> 1.5059032 | G13: =IFERROR(+VLOOKUP("LDGSEC"&A13,'Main File'!A:O,11,0),0) -> 0.31075795 | H13: =IFERROR(+VLOOKUP("LDGSEC"&A13,'Main File'!A:O,12,0),0) -> 0 | I13: =IFERROR(+VLOOKUP("LDGSEC"&A13,'Main File'!A:O,13,0),0) -> 0.2 | J13: =IFERROR(+VLOOKUP("LDGSEC"&A13,'Main File'!A:O,14,0),0) -> 0.084736825 | K13: =IFERROR(+VLOOKUP("LDGSEC"&A13,'Main File'!A:O,15,0),0) -> 0.59549478
A14: =+A13+1 -> 43201 | B14: =IFERROR(+VLOOKUP("LDGSEC"&A14,'Main File'!A:O,6,0),0) -> 1.0943229 | C14: =IFERROR(+VLOOKUP("LDGSEC"&A14,'Main File'!A:O,7,0),0) -> 0 | D14: =IFERROR(+VLOOKUP("LDGSEC"&A14,'Main File'!A:O,8,0),0) -> 0.2 | E14: =IFERROR(+VLOOKUP("LDGSEC"&A14,'Main File'!A:O,9,0),0) -> 0.063776405 | F14: =IFERROR(+VLOOKUP("LDGSEC"&A14,'Main File'!A:O,10,0),0) -> 1.3580993 | G14: =IFERROR(+VLOOKUP("LDGSEC"&A14,'Main File'!A:O,11,0),0) -> 0.18552312 | H14: =IFERROR(+VLOOKUP("LDGSEC"&A14,'Main File'!A:O,12,0),0) -> 0 | I14: =IFERROR(+VLOOKUP("LDGSEC"&A14,'Main File'!A:O,13,0),0) -> 0.2 | J14: =IFERROR(+VLOOKUP("LDGSEC"&A14,'Main File'!A:O,14,0),0) -> 0.062194732 | K14: =IFERROR(+VLOOKUP("LDGSEC"&A14,'Main File'!A:O,15,0),0) -> 0.44771785
A15: =+A14+1 -> 43202 | B15: =IFERROR(+VLOOKUP("LDGSEC"&A15,'Main File'!A:O,6,0),0) -> 1.3000347 | C15: =IFERROR(+VLOOKUP("LDGSEC"&A15,'Main File'!A:O,7,0),0) -> 0 | D15: =IFERROR(+VLOOKUP("LDGSEC"&A15,'Main File'!A:O,8,0),0) -> 0.2 | E15: =IFERROR(+VLOOKUP("LDGSEC"&A15,'Main File'!A:O,9,0),0) -> 0.10080454 | F15: =IFERROR(+VLOOKUP("LDGSEC"&A15,'Main File'!A:O,10,0),0) -> 1.6008393 | G15: =IFERROR(+VLOOKUP("LDGSEC"&A15,'Main File'!A:O,11,0),0) -> 0.39132817 | H15: =IFERROR(+VLOOKUP("LDGSEC"&A15,'Main File'!A:O,12,0),0) -> 0 | I15: =IFERROR(+VLOOKUP("LDGSEC"&A15,'Main File'!A:O,13,0),0) -> 0.2 | J15: =IFERROR(+VLOOKUP("LDGSEC"&A15,'Main File'!A:O,14,0),0) -> 0.099239202 | K15: =IFERROR(+VLOOKUP("LDGSEC"&A15,'Main File'!A:O,15,0),0) -> 0.69056737
A16: =+A15+1 -> 43203 | B16: =IFERROR(+VLOOKUP("LDGSEC"&A16,'Main File'!A:O,6,0),0) -> 1.3000365 | C16: =IFERROR(+VLOOKUP("LDGSEC"&A16,'Main File'!A:O,7,0),0) -> 0 | D16: =IFERROR(+VLOOKUP("LDGSEC"&A16,'Main File'!A:O,8,0),0) -> 0.2 | E16: =IFERROR(+VLOOKUP("LDGSEC"&A16,'Main File'!A:O,9,0),0) -> 0.10080385 | F16: =IFERROR(+VLOOKUP("LDGSEC"&A16,'Main File'!A:O,10,0),0) -> 1.6008404 | G16: =IFERROR(+VLOOKUP("LDGSEC"&A16,'Main File'!A:O,11,0),0) -> 0.39131388 | H16: =IFERROR(+VLOOKUP("LDGSEC"&A16,'Main File'!A:O,12,0),0) -> 0 | I16: =IFERROR(+VLOOKUP("LDGSEC"&A16,'Main File'!A:O,13,0),0) -> 0.2 | J16: =IFERROR(+VLOOKUP("LDGSEC"&A16,'Main File'!A:O,14,0),0) -> 0.099237735 | K16: =IFERROR(+VLOOKUP("LDGSEC"&A16,'Main File'!A:O,15,0),0) -> 0.69055162
A17: =+A16+1 -> 43204 | B17: =IFERROR(+VLOOKUP("LDGSEC"&A17,'Main File'!A:O,6,0),0) -> 1.3000341 | C17: =IFERROR(+VLOOKUP("LDGSEC"&A17,'Main File'!A:O,7,0),0) -> 0 | D17: =IFERROR(+VLOOKUP("LDGSEC"&A17,'Main File'!A:O,8,0),0) -> 0.2 | E17: =IFERROR(+VLOOKUP("LDGSEC"&A17,'Main File'!A:O,9,0),0) -> 0.10080394 | F17: =IFERROR(+VLOOKUP("LDGSEC"&A17,'Main File'!A:O,10,0),0) -> 1.6008381 | G17: =IFERROR(+VLOOKUP("LDGSEC"&A17,'Main File'!A:O,11,0),0) -> 0.39130552 | H17: =IFERROR(+VLOOKUP("LDGSEC"&A17,'Main File'!A:O,12,0),0) -> 0 | I17: =IFERROR(+VLOOKUP("LDGSEC"&A17,'Main File'!A:O,13,0),0) -> 0.2 | J17: =IFERROR(+VLOOKUP("LDGSEC"&A17,'Main File'!A:O,14,0),0) -> 0.099235674 | K17: =IFERROR(+VLOOKUP("LDGSEC"&A17,'Main File'!A:O,15,0),0) -> 0.69054119
... A368: =+A367+1 -> 43555 | B368: =IFERROR(+VLOOKUP("LDGSEC"&A368,'Main File'!A:O,6,0),0) -> 0 | C368: =IFERROR(+VLOOKUP("LDGSEC"&A368,'Main File'!A:O,7,0),0) -> 0 | D368: =IFERROR(+VLOOKUP("LDGSEC"&A368,'Main File'!A:O,8,0),0) -> 0 | E368: =IFERROR(+VLOOKUP("LDGSEC"&A368,'Main File'!A:O,9,0),0) -> 0 | F368: =IFERROR(+VLOOKUP("LDGSEC"&A368,'Main File'!A:O,10,0),0) -> 0 | G368: =IFERROR(+VLOOKUP("LDGSEC"&A368,'Main File'!A:O,11,0),0) -> 0 | H368: =IFERROR(+VLOOKUP("LDGSEC"&A368,'Main File'!A:O,12,0),0) -> 0 | I368: =IFERROR(+VLOOKUP("LDGSEC"&A368,'Main File'!A:O,13,0),0) -> 0 | J368: =IFERROR(+VLOOKUP("LDGSEC"&A368,'Main File'!A:O,14,0),0) -> 0 | K368: =IFERROR(+VLOOKUP("LDGSEC"&A368,'Main File'!A:O,15,0),0) -> 0
A370: Notes:
A371: 1. Base TER excludes additional expenses provided in Regulation 52(6A)(b) and 52(6A)(c) of SEBI (Mutual Funds) Regulations, 1996.
A372: 2. Additional Expenses not exceeding 0.30% in terms of Regulation 52(6A)(b) of SEBI (Mutual Funds) Regulations, 1996.
A373: 3. Additional Expenses not exceeding 0.20% in terms of Regulation 52(6A)(c) of SEBI (Mutual Funds) Regulations, 1996.
A374: 4. Present GST rate is 18 %.
A375: 5. Percentages mentioned above are annualized.

Sheet LDINPF
A1: =+VLOOKUP(+(MID(CELL("filename",A1),FIND("]",CELL("filename",A1))+1,255)),'Main File'!C:E,3,0) -> LIC MF Income Plus Fund | N1: Go to Index
B2: Regular Plan | G2: Direct Plan
A3: Date (DD/MM/YYYY) | B3: Base TER (%)1 | C3: Additional expense as per Regulation 52(6A)(b) (%)2 | D3: Additional expense as per Regulation 52(6A)(c) (%)3 | E3: GST (%)4 | F3: Total TER (%) | G3: Base TER (%)1 | H3: Additional expense as per Regulation 52(6A)(b) (%)2 | I3: Additional expense as per Regulation 52(6A)(c) (%)3 | J3: GST (%)4 | K3: Total TER (%)
A4: =LDBOND!A4 -> 43191 | B4: =IFERROR(+VLOOKUP("LDINPF"&A4,'Main File'!A:O,6,0),0) -> 1.1300209 | C4: =IFERROR(+VLOOKUP("LDINPF"&A4,'Main File'!A:O,7,0),0) -> 0 | D4: =IFERROR(+VLOOKUP("LDINPF"&A4,'Main File'!A:O,8,0),0) -> 0 | E4: =IFERROR(+VLOOKUP("LDINPF"&A4,'Main File'!A:O,9,0),0) -> 0.068401699 | F4: =IFERROR(+VLOOKUP("LDINPF"&A4,'Main File'!A:O,10,0),0) -> 1.1984226 | G4: =IFERROR(+VLOOKUP("LDINPF"&A4,'Main File'!A:O,11,0),0) -> 0.47721288 | H4: =IFERROR(+VLOOKUP("LDINPF"&A4,'Main File'!A:O,12,0),0) -> 0 | I4: =IFERROR(+VLOOKUP("LDINPF"&A4,'Main File'!A:O,13,0),0) -> 0 | J4: =IFERROR(+VLOOKUP("LDINPF"&A4,'Main File'!A:O,14,0),0) -> 0.067899342 | K4: =IFERROR(+VLOOKUP("LDINPF"&A4,'Main File'!A:O,15,0),0) -> 0.54511222
A5: =A4+1 -> 43192 | B5: =IFERROR(+VLOOKUP("LDINPF"&A5,'Main File'!A:O,6,0),0) -> 1.1300204 | C5: =IFERROR(+VLOOKUP("LDINPF"&A5,'Main File'!A:O,7,0),0) -> 0 | D5: =IFERROR(+VLOOKUP("LDINPF"&A5,'Main File'!A:O,8,0),0) -> 0 | E5: =IFERROR(+VLOOKUP("LDINPF"&A5,'Main File'!A:O,9,0),0) -> 0.068402408 | F5: =IFERROR(+VLOOKUP("LDINPF"&A5,'Main File'!A:O,10,0),0) -> 1.1984228 | G5: =IFERROR(+VLOOKUP("LDINPF"&A5,'Main File'!A:O,11,0),0) -> 0.47721245 | H5: =IFERROR(+VLOOKUP("LDINPF"&A5,'Main File'!A:O,12,0),0) -> 0 | I5: =IFERROR(+VLOOKUP("LDINPF"&A5,'Main File'!A:O,13,0),0) -> 0 | J5: =IFERROR(+VLOOKUP("LDINPF"&A5,'Main File'!A:O,14,0),0) -> 0.067898889 | K5: =IFERROR(+VLOOKUP("LDINPF"&A5,'Main File'!A:O,15,0),0) -> 0.54511134
A6: =+A5+1 -> 43193 | B6: =IFERROR(+VLOOKUP("LDINPF"&A6,'Main File'!A:O,6,0),0) -> 1.1302184 | C6: =IFERROR(+VLOOKUP("LDINPF"&A6,'Main File'!A:O,7,0),0) -> 0 | D6: =IFERROR(+VLOOKUP("LDINPF"&A6,'Main File'!A:O,8,0),0) -> 0 | E6: =IFERROR(+VLOOKUP("LDINPF"&A6,'Main File'!A:O,9,0),0) -> 0.068414004 | F6: =IFERROR(+VLOOKUP("LDINPF"&A6,'Main File'!A:O,10,0),0) -> 1.1986324 | G6: =IFERROR(+VLOOKUP("LDINPF"&A6,'Main File'!A:O,11,0),0) -> 0.47721341 | H6: =IFERROR(+VLOOKUP("LDINPF"&A6,'Main File'!A:O,12,0),0) -> 0 | I6: =IFERROR(+VLOOKUP("LDINPF"&A6,'Main File'!A:O,13,0),0) -> 0 | J6: =IFERROR(+VLOOKUP("LDINPF"&A6,'Main File'!A:O,14,0),0) -> 0.06789898 | K6: =IFERROR(+VLOOKUP("LDINPF"&A6,'Main File'!A:O,15,0),0) -> 0.54511239
A7: =+A6+1 -> 43194 | B7: =IFERROR(+VLOOKUP("LDINPF"&A7,'Main File'!A:O,6,0),0) -> 1.1300452 | C7: =IFERROR(+VLOOKUP("LDINPF"&A7,'Main File'!A:O,7,0),0) -> 0 | D7: =IFERROR(+VLOOKUP("LDINPF"&A7,'Main File'!A:O,8,0),0) -> 0 | E7: =IFERROR(+VLOOKUP("LDINPF"&A7,'Main File'!A:O,9,0),0) -> 0.06840369 | F7: =IFERROR(+VLOOKUP("LDINPF"&A7,'Main File'!A:O,10,0),0) -> 1.1984489 | G7: =IFERROR(+VLOOKUP("LDINPF"&A7,'Main File'!A:O,11,0),0) -> 0.47717886 | H7: =IFERROR(+VLOOKUP("LDINPF"&A7,'Main File'!A:O,12,0),0) -> 0 | I7: =IFERROR(+VLOOKUP("LDINPF"&A7,'Main File'!A:O,13,0),0) -> 0 | J7: =IFERROR(+VLOOKUP("LDINPF"&A7,'Main File'!A:O,14,0),0) -> 0.067892415 | K7: =IFERROR(+VLOOKUP("LDINPF"&A7,'Main File'!A:O,15,0),0) -> 0.54507127
A8: =+A7+1 -> 43195 | B8: =IFERROR(+VLOOKUP("LDINPF"&A8,'Main File'!A:O,6,0),0) -> 1.130155 | C8: =IFERROR(+VLOOKUP("LDINPF"&A8,'Main File'!A:O,7,0),0) -> 0 | D8: =IFERROR(+VLOOKUP("LDINPF"&A8,'Main File'!A:O,8,0),0) -> 0 | E8: =IFERROR(+VLOOKUP("LDINPF"&A8,'Main File'!A:O,9,0),0) -> 0.068410678 | F8: =IFERROR(+VLOOKUP("LDINPF"&A8,'Main File'!A:O,10,0),0) -> 1.1985656 | G8: =IFERROR(+VLOOKUP("LDINPF"&A8,'Main File'!A:O,11,0),0) -> 0.47739994 | H8: =IFERROR(+VLOOKUP("LDINPF"&A8,'Main File'!A:O,12,0),0) -> 0 | I8: =IFERROR(+VLOOKUP("LDINPF"&A8,'Main File'!A:O,13,0),0) -> 0 | J8: =IFERROR(+VLOOKUP("LDINPF"&A8,'Main File'!A:O,14,0),0) -> 0.067927031 | K8: =IFERROR(+VLOOKUP("LDINPF"&A8,'Main File'!A:O,15,0),0) -> 0.54532698
A9: =+A8+1 -> 43196 | B9: =IFERROR(+VLOOKUP("LDINPF"&A9,'Main File'!A:O,6,0),0) -> 1.102151 | C9: =IFERROR(+VLOOKUP("LDINPF"&A9,'Main File'!A:O,7,0),0) -> 0 | D9: =IFERROR(+VLOOKUP("LDINPF"&A9,'Main File'!A:O,8,0),0) -> 0 | E9: =IFERROR(+VLOOKUP("LDINPF"&A9,'Main File'!A:O,9,0),0) -> 0.063380295 | F9: =IFERROR(+VLOOKUP("LDINPF"&A9,'Main File'!A:O,10,0),0) -> 1.1655313 | G9: =IFERROR(+VLOOKUP("LDINPF"&A9,'Main File'!A:O,11,0),0) -> 0.44937785 | H9: =IFERROR(+VLOOKUP("LDINPF"&A9,'Main File'!A:O,12,0),0) -> 0 | I9: =IFERROR(+VLOOKUP("LDINPF"&A9,'Main File'!A:O,13,0),0) -> 0 | J9: =IFERROR(+VLOOKUP("LDINPF"&A9,'Main File'!A:O,14,0),0) -> 0.062889038 | K9: =IFERROR(+VLOOKUP("LDINPF"&A9,'Main File'!A:O,15,0),0) -> 0.51226689
A10: =+A9+1 -> 43197 | B10: =IFERROR(+VLOOKUP("LDINPF"&A10,'Main File'!A:O,6,0),0) -> 1.1021082 | C10: =IFERROR(+VLOOKUP("LDINPF"&A10,'Main File'!A:O,7,0),0) -> 0 | D10: =IFERROR(+VLOOKUP("LDINPF"&A10,'Main File'!A:O,8,0),0) -> 0 | E10: =IFERROR(+VLOOKUP("LDINPF"&A10,'Main File'!A:O,9,0),0) -> 0.063377473 | F10: =IFERROR(+VLOOKUP("LDINPF"&A10,'Main File'!A:O,10,0),0) -> 1.1654857 | G10: =IFERROR(+VLOOKUP("LDINPF"&A10,'Main File'!A:O,11,0),0) -> 0.44936546 | H10: =IFERROR(+VLOOKUP("LDINPF"&A10,'Main File'!A:O,12,0),0) -> 0 | I10: =IFERROR(+VLOOKUP("LDINPF"&A10,'Main File'!A:O,13,0),0) -> 0 | J10: =IFERROR(+VLOOKUP("LDINPF"&A10,'Main File'!A:O,14,0),0) -> 0.062886882 | K10: =IFERROR(+VLOOKUP("LDINPF"&A10,'Main File'!A:O,15,0),0) -> 0.51225234
A11: =+A10+1 -> 43198 | B11: =IFERROR(+VLOOKUP("LDINPF"&A11,'Main File'!A:O,6,0),0) -> 1.1021082 | C11: =IFERROR(+VLOOKUP("LDINPF"&A11,'Main File'!A:O,7,0),0) -> 0 | D11: =IFERROR(+VLOOKUP("LDINPF"&A11,'Main File'!A:O,8,0),0) -> 0 | E11: =IFERROR(+VLOOKUP("LDINPF"&A11,'Main File'!A:O,9,0),0) -> 0.063377726 | F11: =IFERROR(+VLOOKUP("LDINPF"&A11,'Main File'!A:O,10,0),0) -> 1.1654859 | G11: =IFERROR(+VLOOKUP("LDINPF"&A11,'Main File'!A:O,11,0),0) -> 0.44936364 | H11: =IFERROR(+VLOOKUP("LDINPF"&A11,'Main File'!A:O,12,0),0) -> 0 | I11: =IFERROR(+VLOOKUP("LDINPF"&A11,'Main File'!A:O,13,0),0) -> 0 | J11: =IFERROR(+VLOOKUP("LDINPF"&A11,'Main File'!A:O,14,0),0) -> 0.062885569 | K11: =IFERROR(+VLOOKUP("LDINPF"&A11,'Main File'!A:O,15,0),0) -> 0.51224921
A12: =+A11+1 -> 43199 | B12: =IFERROR(+VLOOKUP("LDINPF"&A12,'Main File'!A:O,6,0),0) -> 1.0984288 | C12: =IFERROR(+VLOOKUP("LDINPF"&A12,'Main File'!A:O,7,0),0) -> 0 | D12: =IFERROR(+VLOOKUP("LDINPF"&A12,'Main File'!A:O,8,0),0) -> 0 | E12: =IFERROR(+VLOOKUP("LDINPF"&A12,'Main File'!A:O,9,0),0) -> 0.062709285 | F12: =IFERROR(+VLOOKUP("LDINPF"&A12,'Main File'!A:O,10,0),0) -> 1.161138 | G12: =IFERROR(+VLOOKUP("LDINPF"&A12,'Main File'!A:O,11,0),0) -> 0.44567992 | H12: =IFERROR(+VLOOKUP("LDINPF"&A12,'Main File'!A:O,12,0),0) -> 0 | I12: =IFERROR(+VLOOKUP("LDINPF"&A12,'Main File'!A:O,13,0),0) -> 0 | J12: =IFERROR(+VLOOKUP("LDINPF"&A12,'Main File'!A:O,14,0),0) -> 0.062220956 | K12: =IFERROR(+VLOOKUP("LDINPF"&A12,'Main File'!A:O,15,0),0) -> 0.50790088
A13: =+A12+1 -> 43200 | B13: =IFERROR(+VLOOKUP("LDINPF"&A13,'Main File'!A:O,6,0),0) -> 1.0908955 | C13: =IFERROR(+VLOOKUP("LDINPF"&A13,'Main File'!A:O,7,0),0) -> 0 | D13: =IFERROR(+VLOOKUP("LDINPF"&A13,'Main File'!A:O,8,0),0) -> 0 | E13: =IFERROR(+VLOOKUP("LDINPF"&A13,'Main File'!A:O,9,0),0) -> 0.061355846 | F13: =IFERROR(+VLOOKUP("LDINPF"&A13,'Main File'!A:O,10,0),0) -> 1.1522513 | G13: =IFERROR(+VLOOKUP("LDINPF"&A13,'Main File'!A:O,11,0),0) -> 0.43812808 | H13: =IFERROR(+VLOOKUP("LDINPF"&A13,'Main File'!A:O,12,0),0) -> 0 | I13: =IFERROR(+VLOOKUP("LDINPF"&A13,'Main File'!A:O,13,0),0) -> 0 | J13: =IFERROR(+VLOOKUP("LDINPF"&A13,'Main File'!A:O,14,0),0) -> 0.060862958 | K13: =IFERROR(+VLOOKUP("LDINPF"&A13,'Main File'!A:O,15,0),0) -> 0.49899104
A14: =+A13+1 -> 43201 | B14: =IFERROR(+VLOOKUP("LDINPF"&A14,'Main File'!A:O,6,0),0) -> 1.1300211 | C14: =IFERROR(+VLOOKUP("LDINPF"&A14,'Main File'!A:O,7,0),0) -> 0 | D14: =IFERROR(+VLOOKUP("LDINPF"&A14,'Main File'!A:O,8,0),0) -> 0 | E14: =IFERROR(+VLOOKUP("LDINPF"&A14,'Main File'!A:O,9,0),0) -> 0.068401858 | F14: =IFERROR(+VLOOKUP("LDINPF"&A14,'Main File'!A:O,10,0),0) -> 1.1984229 | G14: =IFERROR(+VLOOKUP("LDINPF"&A14,'Main File'!A:O,11,0),0) -> 0.47729135 | H14: =IFERROR(+VLOOKUP("LDINPF"&A14,'Main File'!A:O,12,0),0) -> 0 | I14: =IFERROR(+VLOOKUP("LDINPF"&A14,'Main File'!A:O,13,0),0) -> 0 | J14: =IFERROR(+VLOOKUP("LDINPF"&A14,'Main File'!A:O,14,0),0) -> 0.067912929 | K14: =IFERROR(+VLOOKUP("LDINPF"&A14,'Main File'!A:O,15,0),0) -> 0.54520428
A15: =+A14+1 -> 43202 | B15: =IFERROR(+VLOOKUP("LDINPF"&A15,'Main File'!A:O,6,0),0) -> 1.130034 | C15: =IFERROR(+VLOOKUP("LDINPF"&A15,'Main File'!A:O,7,0),0) -> 0 | D15: =IFERROR(+VLOOKUP("LDINPF"&A15,'Main File'!A:O,8,0),0) -> 0 | E15: =IFERROR(+VLOOKUP("LDINPF"&A15,'Main File'!A:O,9,0),0) -> 0.068402772 | F15: =IFERROR(+VLOOKUP("LDINPF"&A15,'Main File'!A:O,10,0),0) -> 1.1984368 | G15: =IFERROR(+VLOOKUP("LDINPF"&A15,'Main File'!A:O,11,0),0) -> 0.4772562 | H15: =IFERROR(+VLOOKUP("LDINPF"&A15,'Main File'!A:O,12,0),0) -> 0 | I15: =IFERROR(+VLOOKUP("LDINPF"&A15,'Main File'!A:O,13,0),0) -> 0 | J15: =IFERROR(+VLOOKUP("LDINPF"&A15,'Main File'!A:O,14,0),0) -> 0.067906069 | K15: =IFERROR(+VLOOKUP("LDINPF"&A15,'Main File'!A:O,15,0),0) -> 0.54516227
A16: =+A15+1 -> 43203 | B16: =IFERROR(+VLOOKUP("LDINPF"&A16,'Main File'!A:O,6,0),0) -> 1.1300419 | C16: =IFERROR(+VLOOKUP("LDINPF"&A16,'Main File'!A:O,7,0),0) -> 0 | D16: =IFERROR(+VLOOKUP("LDINPF"&A16,'Main File'!A:O,8,0),0) -> 0 | E16: =IFERROR(+VLOOKUP("LDINPF"&A16,'Main File'!A:O,9,0),0) -> 0.068403643 | F16: =IFERROR(+VLOOKUP("LDINPF"&A16,'Main File'!A:O,10,0),0) -> 1.1984456 | G16: =IFERROR(+VLOOKUP("LDINPF"&A16,'Main File'!A:O,11,0),0) -> 0.47725612 | H16: =IFERROR(+VLOOKUP("LDINPF"&A16,'Main File'!A:O,12,0),0) -> 0 | I16: =IFERROR(+VLOOKUP("LDINPF"&A16,'Main File'!A:O,13,0),0) -> 0 | J16: =IFERROR(+VLOOKUP("LDINPF"&A16,'Main File'!A:O,14,0),0) -> 0.067905894 | K16: =IFERROR(+VLOOKUP("LDINPF"&A16,'Main File'!A:O,15,0),0) -> 0.54516201
A17: =+A16+1 -> 43204 | B17: =IFERROR(+VLOOKUP("LDINPF"&A17,'Main File'!A:O,6,0),0) -> 1.1300207 | C17: =IFERROR(+VLOOKUP("LDINPF"&A17,'Main File'!A:O,7,0),0) -> 0 | D17: =IFERROR(+VLOOKUP("LDINPF"&A17,'Main File'!A:O,8,0),0) -> 0 | E17: =IFERROR(+VLOOKUP("LDINPF"&A17,'Main File'!A:O,9,0),0) -> 0.068402544 | F17: =IFERROR(+VLOOKUP("LDINPF"&A17,'Main File'!A:O,10,0),0) -> 1.1984232 | G17: =IFERROR(+VLOOKUP("LDINPF"&A17,'Main File'!A:O,11,0),0) -> 0.47727571 | H17: =IFERROR(+VLOOKUP("LDINPF"&A17,'Main File'!A:O,12,0),0) -> 0 | I17: =IFERROR(+VLOOKUP("LDINPF"&A17,'Main File'!A:O,13,0),0) -> 0 | J17: =IFERROR(+VLOOKUP("LDINPF"&A17,'Main File'!A:O,14,0),0) -> 0.067909651 | K17: =IFERROR(+VLOOKUP("LDINPF"&A17,'Main File'!A:O,15,0),0) -> 0.54518536
... A368: =+A367+1 -> 43555 | B368: =IFERROR(+VLOOKUP("LDINPF"&A368,'Main File'!A:O,6,0),0) -> 0 | C368: =IFERROR(+VLOOKUP("LDINPF"&A368,'Main File'!A:O,7,0),0) -> 0 | D368: =IFERROR(+VLOOKUP("LDINPF"&A368,'Main File'!A:O,8,0),0) -> 0 | E368: =IFERROR(+VLOOKUP("LDINPF"&A368,'Main File'!A:O,9,0),0) -> 0 | F368: =IFERROR(+VLOOKUP("LDINPF"&A368,'Main File'!A:O,10,0),0) -> 0 | G368: =IFERROR(+VLOOKUP("LDINPF"&A368,'Main File'!A:O,11,0),0) -> 0 | H368: =IFERROR(+VLOOKUP("LDINPF"&A368,'Main File'!A:O,12,0),0) -> 0 | I368: =IFERROR(+VLOOKUP("LDINPF"&A368,'Main File'!A:O,13,0),0) -> 0 | J368: =IFERROR(+VLOOKUP("LDINPF"&A368,'Main File'!A:O,14,0),0) -> 0 | K368: =IFERROR(+VLOOKUP("LDINPF"&A368,'Main File'!A:O,15,0),0) -> 0
A370: Notes:
A371: 1. Base TER excludes additional expenses provided in Regulation 52(6A)(b) and 52(6A)(c) of SEBI (Mutual Funds) Regulations, 1996.
A372: 2. Additional Expenses not exceeding 0.30% in terms of Regulation 52(6A)(b) of SEBI (Mutual Funds) Regulations, 1996.
A373: 3. Additional Expenses not exceeding 0.20% in terms of Regulation 52(6A)(c) of SEBI (Mutual Funds) Regulations, 1996.
A374: 4. Present GST rate is 18 %.
A375: 5. Percentages mentioned above are annualized.

Sheet LDMIPF
A1: =+VLOOKUP(+(MID(CELL("filename",A1),FIND("]",CELL("filename",A1))+1,255)),'Main File'!C:E,3,0) -> LIC MF Monthly Income Plan | N1: Go to Index
B2: Regular Plan | G2: Direct Plan
A3: Date (DD/MM/YYYY) | B3: Base TER (%)1 | C3: Additional expense as per Regulation 52(6A)(b) (%)2 | D3: Additional expense as per Regulation 52(6A)(c) (%)3 | E3: GST (%)4 | F3: Total TER (%) | G3: Base TER (%)1 | H3: Additional expense as per Regulation 52(6A)(b) (%)2 | I3: Additional expense as per Regulation 52(6A)(c) (%)3 | J3: GST (%)4 | K3: Total TER (%)
A4: =LDBOND!A4 -> 43191 | B4: =IFERROR(+VLOOKUP("LDMIPF"&A4,'Main File'!A:O,6,0),0) -> 2.2391717 | C4: =IFERROR(+VLOOKUP("LDMIPF"&A4,'Main File'!A:O,7,0),0) -> 0 | D4: =IFERROR(+VLOOKUP("LDMIPF"&A4,'Main File'!A:O,8,0),0) -> 0.2 | E4: =IFERROR(+VLOOKUP("LDMIPF"&A4,'Main File'!A:O,9,0),0) -> 0.32745814 | F4: =IFERROR(+VLOOKUP("LDMIPF"&A4,'Main File'!A:O,10,0),0) -> 2.7666298 | G4: =IFERROR(+VLOOKUP("LDMIPF"&A4,'Main File'!A:O,11,0),0) -> 1.5475981 | H4: =IFERROR(+VLOOKUP("LDMIPF"&A4,'Main File'!A:O,12,0),0) -> 0 | I4: =IFERROR(+VLOOKUP("LDMIPF"&A4,'Main File'!A:O,13,0),0) -> 0.2 | J4: =IFERROR(+VLOOKUP("LDMIPF"&A4,'Main File'!A:O,14,0),0) -> 0.30378559 | K4: =IFERROR(+VLOOKUP("LDMIPF"&A4,'Main File'!A:O,15,0),0) -> 2.0513837
A5: =A4+1 -> 43192 | B5: =IFERROR(+VLOOKUP("LDMIPF"&A5,'Main File'!A:O,6,0),0) -> 2.238829 | C5: =IFERROR(+VLOOKUP("LDMIPF"&A5,'Main File'!A:O,7,0),0) -> 0 | D5: =IFERROR(+VLOOKUP("LDMIPF"&A5,'Main File'!A:O,8,0),0) -> 0.2 | E5: =IFERROR(+VLOOKUP("LDMIPF"&A5,'Main File'!A:O,9,0),0) -> 0.32739626 | F5: =IFERROR(+VLOOKUP("LDMIPF"&A5,'Main File'!A:O,10,0),0) -> 2.7662253 | G5: =IFERROR(+VLOOKUP("LDMIPF"&A5,'Main File'!A:O,11,0),0) -> 1.5474165 | H5: =IFERROR(+VLOOKUP("LDMIPF"&A5,'Main File'!A:O,12,0),0) -> 0 | I5: =IFERROR(+VLOOKUP("LDMIPF"&A5,'Main File'!A:O,13,0),0) -> 0.2 | J5: =IFERROR(+VLOOKUP("LDMIPF"&A5,'Main File'!A:O,14,0),0) -> 0.30375797 | K5: =IFERROR(+VLOOKUP("LDMIPF"&A5,'Main File'!A:O,15,0),0) -> 2.0511744
A6: =+A5+1 -> 43193 | B6: =IFERROR(+VLOOKUP("LDMIPF"&A6,'Main File'!A:O,6,0),0) -> 2.2380943 | C6: =IFERROR(+VLOOKUP("LDMIPF"&A6,'Main File'!A:O,7,0),0) -> 0 | D6: =IFERROR(+VLOOKUP("LDMIPF"&A6,'Main File'!A:O,8,0),0) -> 0.2 | E6: =IFERROR(+VLOOKUP("LDMIPF"&A6,'Main File'!A:O,9,0),0) -> 0.32726525 | F6: =IFERROR(+VLOOKUP("LDMIPF"&A6,'Main File'!A:O,10,0),0) -> 2.7653595 | G6: =IFERROR(+VLOOKUP("LDMIPF"&A6,'Main File'!A:O,11,0),0) -> 1.5470802 | H6: =IFERROR(+VLOOKUP("LDMIPF"&A6,'Main File'!A:O,12,0),0) -> 0 | I6: =IFERROR(+VLOOKUP("LDMIPF"&A6,'Main File'!A:O,13,0),0) -> 0.2 | J6: =IFERROR(+VLOOKUP("LDMIPF"&A6,'Main File'!A:O,14,0),0) -> 0.3036846 | K6: =IFERROR(+VLOOKUP("LDMIPF"&A6,'Main File'!A:O,15,0),0) -> 2.0507648
A7: =+A6+1 -> 43194 | B7: =IFERROR(+VLOOKUP("LDMIPF"&A7,'Main File'!A:O,6,0),0) -> 2.2393756 | C7: =IFERROR(+VLOOKUP("LDMIPF"&A7,'Main File'!A:O,7,0),0) -> 0 | D7: =IFERROR(+VLOOKUP("LDMIPF"&A7,'Main File'!A:O,8,0),0) -> 0.2 | E7: =IFERROR(+VLOOKUP("LDMIPF"&A7,'Main File'!A:O,9,0),0) -> 0.32749506 | F7: =IFERROR(+VLOOKUP("LDMIPF"&A7,'Main File'!A:O,10,0),0) -> 2.7668707 | G7: =IFERROR(+VLOOKUP("LDMIPF"&A7,'Main File'!A:O,11,0),0) -> 1.5475643 | H7: =IFERROR(+VLOOKUP("LDMIPF"&A7,'Main File'!A:O,12,0),0) -> 0 | I7: =IFERROR(+VLOOKUP("LDMIPF"&A7,'Main File'!A:O,13,0),0) -> 0.2 | J7: =IFERROR(+VLOOKUP("LDMIPF"&A7,'Main File'!A:O,14,0),0) -> 0.30377679 | K7: =IFERROR(+VLOOKUP("LDMIPF"&A7,'Main File'!A:O,15,0),0) -> 2.0513411
A8: =+A7+1 -> 43195 | B8: =IFERROR(+VLOOKUP("LDMIPF"&A8,'Main File'!A:O,6,0),0) -> 2.2385255 | C8: =IFERROR(+VLOOKUP("LDMIPF"&A8,'Main File'!A:O,7,0),0) -> 0 | D8: =IFERROR(+VLOOKUP("LDMIPF"&A8,'Main File'!A:O,8,0),0) -> 0.2 | E8: =IFERROR(+VLOOKUP("LDMIPF"&A8,'Main File'!A:O,9,0),0) -> 0.32734127 | F8: =IFERROR(+VLOOKUP("LDMIPF"&A8,'Main File'!A:O,10,0),0) -> 2.7658667 | G8: =IFERROR(+VLOOKUP("LDMIPF"&A8,'Main File'!A:O,11,0),0) -> 1.547444 | H8: =IFERROR(+VLOOKUP("LDMIPF"&A8,'Main File'!A:O,12,0),0) -> 0 | I8: =IFERROR(+VLOOKUP("LDMIPF"&A8,'Main File'!A:O,13,0),0) -> 0.2 | J8: =IFERROR(+VLOOKUP("LDMIPF"&A8,'Main File'!A:O,14,0),0) -> 0.30375574 | K8: =IFERROR(+VLOOKUP("LDMIPF"&A8,'Main File'!A:O,15,0),0) -> 2.0511997
A9: =+A8+1 -> 43196 | B9: =IFERROR(+VLOOKUP("LDMIPF"&A9,'Main File'!A:O,6,0),0) -> 2.0988964 | C9: =IFERROR(+VLOOKUP("LDMIPF"&A9,'Main File'!A:O,7,0),0) -> 0 | D9: =IFERROR(+VLOOKUP("LDMIPF"&A9,'Main File'!A:O,8,0),0) -> 0.2 | E9: =IFERROR(+VLOOKUP("LDMIPF"&A9,'Main File'!A:O,9,0),0) -> 0.30220902 | F9: =IFERROR(+VLOOKUP("LDMIPF"&A9,'Main File'!A:O,10,0),0) -> 2.6011054 | G9: =IFERROR(+VLOOKUP("LDMIPF"&A9,'Main File'!A:O,11,0),0) -> 1.4073668 | H9: =IFERROR(+VLOOKUP("LDMIPF"&A9,'Main File'!A:O,12,0),0) -> 0 | I9: =IFERROR(+VLOOKUP("LDMIPF"&A9,'Main File'!A:O,13,0),0) -> 0.2 | J9: =IFERROR(+VLOOKUP("LDMIPF"&A9,'Main File'!A:O,14,0),0) -> 0.27853637 | K9: =IFERROR(+VLOOKUP("LDMIPF"&A9,'Main File'!A:O,15,0),0) -> 1.8859032
A10: =+A9+1 -> 43197 | B10: =IFERROR(+VLOOKUP("LDMIPF"&A10,'Main File'!A:O,6,0),0) -> 2.0988621 | C10: =IFERROR(+VLOOKUP("LDMIPF"&A10,'Main File'!A:O,7,0),0) -> 0 | D10: =IFERROR(+VLOOKUP("LDMIPF"&A10,'Main File'!A:O,8,0),0) -> 0.2 | E10: =IFERROR(+VLOOKUP("LDMIPF"&A10,'Main File'!A:O,9,0),0) -> 0.30220216 | F10: =IFERROR(+VLOOKUP("LDMIPF"&A10,'Main File'!A:O,10,0),0) -> 2.6010643 | G10: =IFERROR(+VLOOKUP("LDMIPF"&A10,'Main File'!A:O,11,0),0) -> 1.4072453 | H10: =IFERROR(+VLOOKUP("LDMIPF"&A10,'Main File'!A:O,12,0),0) -> 0 | I10: =IFERROR(+VLOOKUP("LDMIPF"&A10,'Main File'!A:O,13,0),0) -> 0.2 | J10: =IFERROR(+VLOOKUP("LDMIPF"&A10,'Main File'!A:O,14,0),0) -> 0.27851498 | K10: =IFERROR(+VLOOKUP("LDMIPF"&A10,'Main File'!A:O,15,0),0) -> 1.8857603
A11: =+A10+1 -> 43198 | B11: =IFERROR(+VLOOKUP("LDMIPF"&A11,'Main File'!A:O,6,0),0) -> 2.0988265 | C11: =IFERROR(+VLOOKUP("LDMIPF"&A11,'Main File'!A:O,7,0),0) -> 0 | D11: =IFERROR(+VLOOKUP("LDMIPF"&A11,'Main File'!A:O,8,0),0) -> 0.2 | E11: =IFERROR(+VLOOKUP("LDMIPF"&A11,'Main File'!A:O,9,0),0) -> 0.30219612 | F11: =IFERROR(+VLOOKUP("LDMIPF"&A11,'Main File'!A:O,10,0),0) -> 2.6010226 | G11: =IFERROR(+VLOOKUP("LDMIPF"&A11,'Main File'!A:O,11,0),0) -> 1.4072269 | H11: =IFERROR(+VLOOKUP("LDMIPF"&A11,'Main File'!A:O,12,0),0) -> 0 | I11: =IFERROR(+VLOOKUP("LDMIPF"&A11,'Main File'!A:O,13,0),0) -> 0.2 | J11: =IFERROR(+VLOOKUP("LDMIPF"&A11,'Main File'!A:O,14,0),0) -> 0.27851077 | K11: =IFERROR(+VLOOKUP("LDMIPF"&A11,'Main File'!A:O,15,0),0) -> 1.8857377
A12: =+A11+1 -> 43199 | B12: =IFERROR(+VLOOKUP("LDMIPF"&A12,'Main File'!A:O,6,0),0) -> 2.0988812 | C12: =IFERROR(+VLOOKUP("LDMIPF"&A12,'Main File'!A:O,7,0),0) -> 0 | D12: =IFERROR(+VLOOKUP("LDMIPF"&A12,'Main File'!A:O,8,0),0) -> 0.2 | E12: =IFERROR(+VLOOKUP("LDMIPF"&A12,'Main File'!A:O,9,0),0) -> 0.30220586 | F12: =IFERROR(+VLOOKUP("LDMIPF"&A12,'Main File'!A:O,10,0),0) -> 2.601087 | G12: =IFERROR(+VLOOKUP("LDMIPF"&A12,'Main File'!A:O,11,0),0) -> 1.4073182 | H12: =IFERROR(+VLOOKUP("LDMIPF"&A12,'Main File'!A:O,12,0),0) -> 0 | I12: =IFERROR(+VLOOKUP("LDMIPF"&A12,'Main File'!A:O,13,0),0) -> 0.2 | J12: =IFERROR(+VLOOKUP("LDMIPF"&A12,'Main File'!A:O,14,0),0) -> 0.27852838 | K12: =IFERROR(+VLOOKUP("LDMIPF"&A12,'Main File'!A:O,15,0),0) -> 1.8858466
A13: =+A12+1 -> 43200 | B13: =IFERROR(+VLOOKUP("LDMIPF"&A13,'Main File'!A:O,6,0),0) -> 2.0991485 | C13: =IFERROR(+VLOOKUP("LDMIPF"&A13,'Main File'!A:O,7,0),0) -> 0 | D13: =IFERROR(+VLOOKUP("LDMIPF"&A13,'Main File'!A:O,8,0),0) -> 0.2 | E13: =IFERROR(+VLOOKUP("LDMIPF"&A13,'Main File'!A:O,9,0),0) -> 0.30225418 | F13: =IFERROR(+VLOOKUP("LDMIPF"&A13,'Main File'!A:O,10,0),0) -> 2.6014027 | G13: =IFERROR(+VLOOKUP("LDMIPF"&A13,'Main File'!A:O,11,0),0) -> 1.4074783 | H13: =IFERROR(+VLOOKUP("LDMIPF"&A13,'Main File'!A:O,12,0),0) -> 0 | I13: =IFERROR(+VLOOKUP("LDMIPF"&A13,'Main File'!A:O,13,0),0) -> 0.2 | J13: =IFERROR(+VLOOKUP("LDMIPF"&A13,'Main File'!A:O,14,0),0) -> 0.27855027 | K13: =IFERROR(+VLOOKUP("LDMIPF"&A13,'Main File'!A:O,15,0),0) -> 1.8860285
A14: =+A13+1 -> 43201 | B14: =IFERROR(+VLOOKUP("LDMIPF"&A14,'Main File'!A:O,6,0),0) -> 2.099447 | C14: =IFERROR(+VLOOKUP("LDMIPF"&A14,'Main File'!A:O,7,0),0) -> 0 | D14: =IFERROR(+VLOOKUP("LDMIPF"&A14,'Main File'!A:O,8,0),0) -> 0.2 | E14: =IFERROR(+VLOOKUP("LDMIPF"&A14,'Main File'!A:O,9,0),0) -> 0.30230785 | F14: =IFERROR(+VLOOKUP("LDMIPF"&A14,'Main File'!A:O,10,0),0) -> 2.6017548 | G14: =IFERROR(+VLOOKUP("LDMIPF"&A14,'Main File'!A:O,11,0),0) -> 1.4075106 | H14: =IFERROR(+VLOOKUP("LDMIPF"&A14,'Main File'!A:O,12,0),0) -> 0 | I14: =IFERROR(+VLOOKUP("LDMIPF"&A14,'Main File'!A:O,13,0),0) -> 0.2 | J14: =IFERROR(+VLOOKUP("LDMIPF"&A14,'Main File'!A:O,14,0),0) -> 0.27856805 | K14: =IFERROR(+VLOOKUP("LDMIPF"&A14,'Main File'!A:O,15,0),0) -> 1.8860787
A15: =+A14+1 -> 43202 | B15: =IFERROR(+VLOOKUP("LDMIPF"&A15,'Main File'!A:O,6,0),0) -> 2.2408451 | C15: =IFERROR(+VLOOKUP("LDMIPF"&A15,'Main File'!A:O,7,0),0) -> 0 | D15: =IFERROR(+VLOOKUP("LDMIPF"&A15,'Main File'!A:O,8,0),0) -> 0.2 | E15: =IFERROR(+VLOOKUP("LDMIPF"&A15,'Main File'!A:O,9,0),0) -> 0.32775961 | F15: =IFERROR(+VLOOKUP("LDMIPF"&A15,'Main File'!A:O,10,0),0) -> 2.7686047 | G15: =IFERROR(+VLOOKUP("LDMIPF"&A15,'Main File'!A:O,11,0),0) -> 1.5490745 | H15: =IFERROR(+VLOOKUP("LDMIPF"&A15,'Main File'!A:O,12,0),0) -> 0 | I15: =IFERROR(+VLOOKUP("LDMIPF"&A15,'Main File'!A:O,13,0),0) -> 0.2 | J15: =IFERROR(+VLOOKUP("LDMIPF"&A15,'Main File'!A:O,14,0),0) -> 0.30404511 | K15: =IFERROR(+VLOOKUP("LDMIPF"&A15,'Main File'!A:O,15,0),0) -> 2.0531196
A16: =+A15+1 -> 43203 | B16: =IFERROR(+VLOOKUP("LDMIPF"&A16,'Main File'!A:O,6,0),0) -> 2.2412325 | C16: =IFERROR(+VLOOKUP("LDMIPF"&A16,'Main File'!A:O,7,0),0) -> 0.050003903 | D16: =IFERROR(+VLOOKUP("LDMIPF"&A16,'Main File'!A:O,8,0),0) -> 0.2 | E16: =IFERROR(+VLOOKUP("LDMIPF"&A16,'Main File'!A:O,9,0),0) -> 0.3278283 | F16: =IFERROR(+VLOOKUP("LDMIPF"&A16,'Main File'!A:O,10,0),0) -> 2.8190647 | G16: =IFERROR(+VLOOKUP("LDMIPF"&A16,'Main File'!A:O,11,0),0) -> 1.5497714 | H16: =IFERROR(+VLOOKUP("LDMIPF"&A16,'Main File'!A:O,12,0),0) -> 0 | I16: =IFERROR(+VLOOKUP("LDMIPF"&A16,'Main File'!A:O,13,0),0) -> 0.2 | J16: =IFERROR(+VLOOKUP("LDMIPF"&A16,'Main File'!A:O,14,0),0) -> 0.30417972 | K16: =IFERROR(+VLOOKUP("LDMIPF"&A16,'Main File'!A:O,15,0),0) -> 2.0539511
A17: =+A16+1 -> 43204 | B17: =IFERROR(+VLOOKUP("LDMIPF"&A17,'Main File'!A:O,6,0),0) -> 2.2416691 | C17: =IFERROR(+VLOOKUP("LDMIPF"&A17,'Main File'!A:O,7,0),0) -> 0.050003714 | D17: =IFERROR(+VLOOKUP("LDMIPF"&A17,'Main File'!A:O,8,0),0) -> 0.2 | E17: =IFERROR(+VLOOKUP("LDMIPF"&A17,'Main File'!A:O,9,0),0) -> 0.32790759 | F17: =IFERROR(+VLOOKUP("LDMIPF"&A17,'Main File'!A:O,10,0),0) -> 2.8195804 | G17: =IFERROR(+VLOOKUP("LDMIPF"&A17,'Main File'!A:O,11,0),0) -> 1.5501442 | H17: =IFERROR(+VLOOKUP("LDMIPF"&A17,'Main File'!A:O,12,0),0) -> 0 | I17: =IFERROR(+VLOOKUP("LDMIPF"&A17,'Main File'!A:O,13,0),0) -> 0.2 | J17: =IFERROR(+VLOOKUP("LDMIPF"&A17,'Main File'!A:O,14,0),0) -> 0.30424048 | K17: =IFERROR(+VLOOKUP("LDMIPF"&A17,'Main File'!A:O,15,0),0) -> 2.0543847
... A368: =+A367+1 -> 43555 | B368: =IFERROR(+VLOOKUP("LDMIPF"&A368,'Main File'!A:O,6,0),0) -> 0 | C368: =IFERROR(+VLOOKUP("LDMIPF"&A368,'Main File'!A:O,7,0),0) -> 0 | D368: =IFERROR(+VLOOKUP("LDMIPF"&A368,'Main File'!A:O,8,0),0) -> 0 | E368: =IFERROR(+VLOOKUP("LDMIPF"&A368,'Main File'!A:O,9,0),0) -> 0 | F368: =IFERROR(+VLOOKUP("LDMIPF"&A368,'Main File'!A:O,10,0),0) -> 0 | G368: =IFERROR(+VLOOKUP("LDMIPF"&A368,'Main File'!A:O,11,0),0) -> 0 | H368: =IFERROR(+VLOOKUP("LDMIPF"&A368,'Main File'!A:O,12,0),0) -> 0 | I368: =IFERROR(+VLOOKUP("LDMIPF"&A368,'Main File'!A:O,13,0),0) -> 0 | J368: =IFERROR(+VLOOKUP("LDMIPF"&A368,'Main File'!A:O,14,0),0) -> 0 | K368: =IFERROR(+VLOOKUP("LDMIPF"&A368,'Main File'!A:O,15,0),0) -> 0
A370: Notes:
A371: 1. Base TER excludes additional expenses provided in Regulation 52(6A)(b) and 52(6A)(c) of SEBI (Mutual Funds) Regulations, 1996.
A372: 2. Additional Expenses not exceeding 0.30% in terms of Regulation 52(6A)(b) of SEBI (Mutual Funds) Regulations, 1996.
A373: 3. Additional Expenses not exceeding 0.20% in terms of Regulation 52(6A)(c) of SEBI (Mutual Funds) Regulations, 1996.
A374: 4. Present GST rate is 18 %.
A375: 5. Percentages mentioned above are annualized.

Sheet LDSAPF
A1: =+VLOOKUP(+(MID(CELL("filename",A1),FIND("]",CELL("filename",A1))+1,255)),'Main File'!C:E,3,0) -> LIC MF Savings Plus Fund | N1: Go to Index
B2: Regular Plan | G2: Direct Plan
A3: Date (DD/MM/YYYY) | B3: Base TER (%)1 | C3: Additional expense as per Regulation 52(6A)(b) (%)2 | D3: Additional expense as per Regulation 52(6A)(c) (%)3 | E3: GST (%)4 | F3: Total TER (%) | G3: Base TER (%)1 | H3: Additional expense as per Regulation 52(6A)(b) (%)2 | I3: Additional expense as per Regulation 52(6A)(c) (%)3 | J3: GST (%)4 | K3: Total TER (%)
A4: =LDBOND!A4 -> 43191 | B4: =IFERROR(+VLOOKUP("LDSAPF"&A4,'Main File'!A:O,6,0),0) -> 0.80000922 | C4: =IFERROR(+VLOOKUP("LDSAPF"&A4,'Main File'!A:O,7,0),0) -> 0 | D4: =IFERROR(+VLOOKUP("LDSAPF"&A4,'Main File'!A:O,8,0),0) -> 0 | E4: =IFERROR(+VLOOKUP("LDSAPF"&A4,'Main File'!A:O,9,0),0) -> 0.03960089 | F4: =IFERROR(+VLOOKUP("LDSAPF"&A4,'Main File'!A:O,10,0),0) -> 0.83961011 | G4: =IFERROR(+VLOOKUP("LDSAPF"&A4,'Main File'!A:O,11,0),0) -> 0.26524754 | H4: =IFERROR(+VLOOKUP("LDSAPF"&A4,'Main File'!A:O,12,0),0) -> 0 | I4: =IFERROR(+VLOOKUP("LDSAPF"&A4,'Main File'!A:O,13,0),0) -> 0 | J4: =IFERROR(+VLOOKUP("LDSAPF"&A4,'Main File'!A:O,14,0),0) -> 0.038744647 | K4: =IFERROR(+VLOOKUP("LDSAPF"&A4,'Main File'!A:O,15,0),0) -> 0.30399219
A5: =A4+1 -> 43192 | B5: =IFERROR(+VLOOKUP("LDSAPF"&A5,'Main File'!A:O,6,0),0) -> 0.80000945 | C5: =IFERROR(+VLOOKUP("LDSAPF"&A5,'Main File'!A:O,7,0),0) -> 0 | D5: =IFERROR(+VLOOKUP("LDSAPF"&A5,'Main File'!A:O,8,0),0) -> 0 | E5: =IFERROR(+VLOOKUP("LDSAPF"&A5,'Main File'!A:O,9,0),0) -> 0.039600788 | F5: =IFERROR(+VLOOKUP("LDSAPF"&A5,'Main File'!A:O,10,0),0) -> 0.83961024 | G5: =IFERROR(+VLOOKUP("LDSAPF"&A5,'Main File'!A:O,11,0),0) -> 0.2652456 | H5: =IFERROR(+VLOOKUP("LDSAPF"&A5,'Main File'!A:O,12,0),0) -> 0 | I5: =IFERROR(+VLOOKUP("LDSAPF"&A5,'Main File'!A:O,13,0),0) -> 0 | J5: =IFERROR(+VLOOKUP("LDSAPF"&A5,'Main File'!A:O,14,0),0) -> 0.03874437 | K5: =IFERROR(+VLOOKUP("LDSAPF"&A5,'Main File'!A:O,15,0),0) -> 0.30398997
A6: =+A5+1 -> 43193 | B6: =IFERROR(+VLOOKUP("LDSAPF"&A6,'Main File'!A:O,6,0),0) -> 0.80014076 | C6: =IFERROR(+VLOOKUP("LDSAPF"&A6,'Main File'!A:O,7,0),0) -> 0 | D6: =IFERROR(+VLOOKUP("LDSAPF"&A6,'Main File'!A:O,8,0),0) -> 0 | E6: =IFERROR(+VLOOKUP("LDSAPF"&A6,'Main File'!A:O,9,0),0) -> 0.039607492 | F6: =IFERROR(+VLOOKUP("LDSAPF"&A6,'Main File'!A:O,10,0),0) -> 0.83974825 | G6: =IFERROR(+VLOOKUP("LDSAPF"&A6,'Main File'!A:O,11,0),0) -> 0.26527334 | H6: =IFERROR(+VLOOKUP("LDSAPF"&A6,'Main File'!A:O,12,0),0) -> 0 | I6: =IFERROR(+VLOOKUP("LDSAPF"&A6,'Main File'!A:O,13,0),0) -> 0 | J6: =IFERROR(+VLOOKUP("LDSAPF"&A6,'Main File'!A:O,14,0),0) -> 0.038748382 | K6: =IFERROR(+VLOOKUP("LDSAPF"&A6,'Main File'!A:O,15,0),0) -> 0.30402172
A7: =+A6+1 -> 43194 | B7: =IFERROR(+VLOOKUP("LDSAPF"&A7,'Main File'!A:O,6,0),0) -> 0.800027 | C7: =IFERROR(+VLOOKUP("LDSAPF"&A7,'Main File'!A:O,7,0),0) -> 0 | D7: =IFERROR(+VLOOKUP("LDSAPF"&A7,'Main File'!A:O,8,0),0) -> 0 | E7: =IFERROR(+VLOOKUP("LDSAPF"&A7,'Main File'!A:O,9,0),0) -> 0.039601808 | F7: =IFERROR(+VLOOKUP("LDSAPF"&A7,'Main File'!A:O,10,0),0) -> 0.8396288 | G7: =IFERROR(+VLOOKUP("LDSAPF"&A7,'Main File'!A:O,11,0),0) -> 0.26534856 | H7: =IFERROR(+VLOOKUP("LDSAPF"&A7,'Main File'!A:O,12,0),0) -> 0 | I7: =IFERROR(+VLOOKUP("LDSAPF"&A7,'Main File'!A:O,13,0),0) -> 0 | J7: =IFERROR(+VLOOKUP("LDSAPF"&A7,'Main File'!A:O,14,0),0) -> 0.038762651 | K7: =IFERROR(+VLOOKUP("LDSAPF"&A7,'Main File'!A:O,15,0),0) -> 0.30411121
A8: =+A7+1 -> 43195 | B8: =IFERROR(+VLOOKUP("LDSAPF"&A8,'Main File'!A:O,6,0),0) -> 0.80004903 | C8: =IFERROR(+VLOOKUP("LDSAPF"&A8,'Main File'!A:O,7,0),0) -> 0 | D8: =IFERROR(+VLOOKUP("LDSAPF"&A8,'Main File'!A:O,8,0),0) -> 0 | E8: =IFERROR(+VLOOKUP("LDSAPF"&A8,'Main File'!A:O,9,0),0) -> 0.039602858 | F8: =IFERROR(+VLOOKUP("LDSAPF"&A8,'Main File'!A:O,10,0),0) -> 0.83965189 | G8: =IFERROR(+VLOOKUP("LDSAPF"&A8,'Main File'!A:O,11,0),0) -> 0.26529325 | H8: =IFERROR(+VLOOKUP("LDSAPF"&A8,'Main File'!A:O,12,0),0) -> 0 | I8: =IFERROR(+VLOOKUP("LDSAPF"&A8,'Main File'!A:O,13,0),0) -> 0 | J8: =IFERROR(+VLOOKUP("LDSAPF"&A8,'Main File'!A:O,14,0),0) -> 0.038752573 | K8: =IFERROR(+VLOOKUP("LDSAPF"&A8,'Main File'!A:O,15,0),0) -> 0.30404582
A9: =+A8+1 -> 43196 | B9: =IFERROR(+VLOOKUP("LDSAPF"&A9,'Main File'!A:O,6,0),0) -> 0.8000357 | C9: =IFERROR(+VLOOKUP("LDSAPF"&A9,'Main File'!A:O,7,0),0) -> 0 | D9: =IFERROR(+VLOOKUP("LDSAPF"&A9,'Main File'!A:O,8,0),0) -> 0 | E9: =IFERROR(+VLOOKUP("LDSAPF"&A9,'Main File'!A:O,9,0),0) -> 0.039602286 | F9: =IFERROR(+VLOOKUP("LDSAPF"&A9,'Main File'!A:O,10,0),0) -> 0.83963799 | G9: =IFERROR(+VLOOKUP("LDSAPF"&A9,'Main File'!A:O,11,0),0) -> 0.26532218 | H9: =IFERROR(+VLOOKUP("LDSAPF"&A9,'Main File'!A:O,12,0),0) -> 0 | I9: =IFERROR(+VLOOKUP("LDSAPF"&A9,'Main File'!A:O,13,0),0) -> 0 | J9: =IFERROR(+VLOOKUP("LDSAPF"&A9,'Main File'!A:O,14,0),0) -> 0.03875779 | K9: =IFERROR(+VLOOKUP("LDSAPF"&A9,'Main File'!A:O,15,0),0) -> 0.30407997
A10: =+A9+1 -> 43197 | B10: =IFERROR(+VLOOKUP("LDSAPF"&A10,'Main File'!A:O,6,0),0) -> 0.80000943 | C10: =IFERROR(+VLOOKUP("LDSAPF"&A10,'Main File'!A:O,7,0),0) -> 0 | D10: =IFERROR(+VLOOKUP("LDSAPF"&A10,'Main File'!A:O,8,0),0) -> 0 | E10: =IFERROR(+VLOOKUP("LDSAPF"&A10,'Main File'!A:O,9,0),0) -> 0.039600838 | F10: =IFERROR(+VLOOKUP("LDSAPF"&A10,'Main File'!A:O,10,0),0) -> 0.83961027 | G10: =IFERROR(+VLOOKUP("LDSAPF"&A10,'Main File'!A:O,11,0),0) -> 0.26531475 | H10: =IFERROR(+VLOOKUP("LDSAPF"&A10,'Main File'!A:O,12,0),0) -> 0 | I10: =IFERROR(+VLOOKUP("LDSAPF"&A10,'Main File'!A:O,13,0),0) -> 0 | J10: =IFERROR(+VLOOKUP("LDSAPF"&A10,'Main File'!A:O,14,0),0) -> 0.038756828 | K10: =IFERROR(+VLOOKUP("LDSAPF"&A10,'Main File'!A:O,15,0),0) -> 0.30407158
A11: =+A10+1 -> 43198 | B11: =IFERROR(+VLOOKUP("LDSAPF"&A11,'Main File'!A:O,6,0),0) -> 0.80000945 | C11: =IFERROR(+VLOOKUP("LDSAPF"&A11,'Main File'!A:O,7,0),0) -> 0 | D11: =IFERROR(+VLOOKUP("LDSAPF"&A11,'Main File'!A:O,8,0),0) -> 0 | E11: =IFERROR(+VLOOKUP("LDSAPF"&A11,'Main File'!A:O,9,0),0) -> 0.039600832 | F11: =IFERROR(+VLOOKUP("LDSAPF"&A11,'Main File'!A:O,10,0),0) -> 0.83961029 | G11: =IFERROR(+VLOOKUP("LDSAPF"&A11,'Main File'!A:O,11,0),0) -> 0.26531568 | H11: =IFERROR(+VLOOKUP("LDSAPF"&A11,'Main File'!A:O,12,0),0) -> 0 | I11: =IFERROR(+VLOOKUP("LDSAPF"&A11,'Main File'!A:O,13,0),0) -> 0 | J11: =IFERROR(+VLOOKUP("LDSAPF"&A11,'Main File'!A:O,14,0),0) -> 0.038756949 | K11: =IFERROR(+VLOOKUP("LDSAPF"&A11,'Main File'!A:O,15,0),0) -> 0.30407263
A12: =+A11+1 -> 43199 | B12: =IFERROR(+VLOOKUP("LDSAPF"&A12,'Main File'!A:O,6,0),0) -> 0.79945307 | C12: =IFERROR(+VLOOKUP("LDSAPF"&A12,'Main File'!A:O,7,0),0) -> 0 | D12: =IFERROR(+VLOOKUP("LDSAPF"&A12,'Main File'!A:O,8,0),0) -> 0 | E12: =IFERROR(+VLOOKUP("LDSAPF"&A12,'Main File'!A:O,9,0),0) -> 0.039493976 | F12: =IFERROR(+VLOOKUP("LDSAPF"&A12,'Main File'!A:O,10,0),0) -> 0.83894704 | G12: =IFERROR(+VLOOKUP("LDSAPF"&A12,'Main File'!A:O,11,0),0) -> 0.26478804 | H12: =IFERROR(+VLOOKUP("LDSAPF"&A12,'Main File'!A:O,12,0),0) -> 0 | I12: =IFERROR(+VLOOKUP("LDSAPF"&A12,'Main File'!A:O,13,0),0) -> 0 | J12: =IFERROR(+VLOOKUP("LDSAPF"&A12,'Main File'!A:O,14,0),0) -> 0.038661494 | K12: =IFERROR(+VLOOKUP("LDSAPF"&A12,'Main File'!A:O,15,0),0) -> 0.30344953
A13: =+A12+1 -> 43200 | B13: =IFERROR(+VLOOKUP("LDSAPF"&A13,'Main File'!A:O,6,0),0) -> 0.79611471 | C13: =IFERROR(+VLOOKUP("LDSAPF"&A13,'Main File'!A:O,7,0),0) -> 0 | D13: =IFERROR(+VLOOKUP("LDSAPF"&A13,'Main File'!A:O,8,0),0) -> 0 | E13: =IFERROR(+VLOOKUP("LDSAPF"&A13,'Main File'!A:O,9,0),0) -> 0.038899133 | F13: =IFERROR(+VLOOKUP("LDSAPF"&A13,'Main File'!A:O,10,0),0) -> 0.83501384 | G13: =IFERROR(+VLOOKUP("LDSAPF"&A13,'Main File'!A:O,11,0),0) -> 0.26145423 | H13: =IFERROR(+VLOOKUP("LDSAPF"&A13,'Main File'!A:O,12,0),0) -> 0 | I13: =IFERROR(+VLOOKUP("LDSAPF"&A13,'Main File'!A:O,13,0),0) -> 0 | J13: =IFERROR(+VLOOKUP("LDSAPF"&A13,'Main File'!A:O,14,0),0) -> 0.038061812 | K13: =IFERROR(+VLOOKUP("LDSAPF"&A13,'Main File'!A:O,15,0),0) -> 0.29951604
A14: =+A13+1 -> 43201 | B14: =IFERROR(+VLOOKUP("LDSAPF"&A14,'Main File'!A:O,6,0),0) -> 0.80000934 | C14: =IFERROR(+VLOOKUP("LDSAPF"&A14,'Main File'!A:O,7,0),0) -> 0 | D14: =IFERROR(+VLOOKUP("LDSAPF"&A14,'Main File'!A:O,8,0),0) -> 0 | E14: =IFERROR(+VLOOKUP("LDSAPF"&A14,'Main File'!A:O,9,0),0) -> 0.039600898 | F14: =IFERROR(+VLOOKUP("LDSAPF"&A14,'Main File'!A:O,10,0),0) -> 0.83961024 | G14: =IFERROR(+VLOOKUP("LDSAPF"&A14,'Main File'!A:O,11,0),0) -> 0.26551355 | H14: =IFERROR(+VLOOKUP("LDSAPF"&A14,'Main File'!A:O,12,0),0) -> 0 | I14: =IFERROR(+VLOOKUP("LDSAPF"&A14,'Main File'!A:O,13,0),0) -> 0 | J14: =IFERROR(+VLOOKUP("LDSAPF"&A14,'Main File'!A:O,14,0),0) -> 0.038792587 | K14: =IFERROR(+VLOOKUP("LDSAPF"&A14,'Main File'!A:O,15,0),0) -> 0.30430613
A15: =+A14+1 -> 43202 | B15: =IFERROR(+VLOOKUP("LDSAPF"&A15,'Main File'!A:O,6,0),0) -> 0.78738467 | C15: =IFERROR(+VLOOKUP("LDSAPF"&A15,'Main File'!A:O,7,0),0) -> 0 | D15: =IFERROR(+VLOOKUP("LDSAPF"&A15,'Main File'!A:O,8,0),0) -> 0 | E15: =IFERROR(+VLOOKUP("LDSAPF"&A15,'Main File'!A:O,9,0),0) -> 0.037328012 | F15: =IFERROR(+VLOOKUP("LDSAPF"&A15,'Main File'!A:O,10,0),0) -> 0.82471268 | G15: =IFERROR(+VLOOKUP("LDSAPF"&A15,'Main File'!A:O,11,0),0) -> 0.25287005 | H15: =IFERROR(+VLOOKUP("LDSAPF"&A15,'Main File'!A:O,12,0),0) -> 0 | I15: =IFERROR(+VLOOKUP("LDSAPF"&A15,'Main File'!A:O,13,0),0) -> 0 | J15: =IFERROR(+VLOOKUP("LDSAPF"&A15,'Main File'!A:O,14,0),0) -> 0.036516693 | K15: =IFERROR(+VLOOKUP("LDSAPF"&A15,'Main File'!A:O,15,0),0) -> 0.28938674
A16: =+A15+1 -> 43203 | B16: =IFERROR(+VLOOKUP("LDSAPF"&A16,'Main File'!A:O,6,0),0) -> 0.78760041 | C16: =IFERROR(+VLOOKUP("LDSAPF"&A16,'Main File'!A:O,7,0),0) -> 0 | D16: =IFERROR(+VLOOKUP("LDSAPF"&A16,'Main File'!A:O,8,0),0) -> 0 | E16: =IFERROR(+VLOOKUP("LDSAPF"&A16,'Main File'!A:O,9,0),0) -> 0.037367356 | F16: =IFERROR(+VLOOKUP("LDSAPF"&A16,'Main File'!A:O,10,0),0) -> 0.82496777 | G16: =IFERROR(+VLOOKUP("LDSAPF"&A16,'Main File'!A:O,11,0),0) -> 0.25340612 | H16: =IFERROR(+VLOOKUP("LDSAPF"&A16,'Main File'!A:O,12,0),0) -> 0 | I16: =IFERROR(+VLOOKUP("LDSAPF"&A16,'Main File'!A:O,13,0),0) -> 0 | J16: =IFERROR(+VLOOKUP("LDSAPF"&A16,'Main File'!A:O,14,0),0) -> 0.036613037 | K16: =IFERROR(+VLOOKUP("LDSAPF"&A16,'Main File'!A:O,15,0),0) -> 0.29001916
A17: =+A16+1 -> 43204 | B17: =IFERROR(+VLOOKUP("LDSAPF"&A17,'Main File'!A:O,6,0),0) -> 0.78835335 | C17: =IFERROR(+VLOOKUP("LDSAPF"&A17,'Main File'!A:O,7,0),0) -> 0 | D17: =IFERROR(+VLOOKUP("LDSAPF"&A17,'Main File'!A:O,8,0),0) -> 0 | E17: =IFERROR(+VLOOKUP("LDSAPF"&A17,'Main File'!A:O,9,0),0) -> 0.037502819 | F17: =IFERROR(+VLOOKUP("LDSAPF"&A17,'Main File'!A:O,10,0),0) -> 0.82585617 | G17: =IFERROR(+VLOOKUP("LDSAPF"&A17,'Main File'!A:O,11,0),0) -> 0.25452377 | H17: =IFERROR(+VLOOKUP("LDSAPF"&A17,'Main File'!A:O,12,0),0) -> 0 | I17: =IFERROR(+VLOOKUP("LDSAPF"&A17,'Main File'!A:O,13,0),0) -> 0 | J17: =IFERROR(+VLOOKUP("LDSAPF"&A17,'Main File'!A:O,14,0),0) -> 0.03681437 | K17: =IFERROR(+VLOOKUP("LDSAPF"&A17,'Main File'!A:O,15,0),0) -> 0.29133814
... A368: =+A367+1 -> 43555 | B368: =IFERROR(+VLOOKUP("LDSAPF"&A368,'Main File'!A:O,6,0),0) -> 0 | C368: =IFERROR(+VLOOKUP("LDSAPF"&A368,'Main File'!A:O,7,0),0) -> 0 | D368: =IFERROR(+VLOOKUP("LDSAPF"&A368,'Main File'!A:O,8,0),0) -> 0 | E368: =IFERROR(+VLOOKUP("LDSAPF"&A368,'Main File'!A:O,9,0),0) -> 0 | F368: =IFERROR(+VLOOKUP("LDSAPF"&A368,'Main File'!A:O,10,0),0) -> 0 | G368: =IFERROR(+VLOOKUP("LDSAPF"&A368,'Main File'!A:O,11,0),0) -> 0 | H368: =IFERROR(+VLOOKUP("LDSAPF"&A368,'Main File'!A:O,12,0),0) -> 0 | I368: =IFERROR(+VLOOKUP("LDSAPF"&A368,'Main File'!A:O,13,0),0) -> 0 | J368: =IFERROR(+VLOOKUP("LDSAPF"&A368,'Main File'!A:O,14,0),0) -> 0 | K368: =IFERROR(+VLOOKUP("LDSAPF"&A368,'Main File'!A:O,15,0),0) -> 0
A370: Notes:
A371: 1. Base TER excludes additional expenses provided in Regulation 52(6A)(b) and 52(6A)(c) of SEBI (Mutual Funds) Regulations, 1996.
A372: 2. Additional Expenses not exceeding 0.30% in terms of Regulation 52(6A)(b) of SEBI (Mutual Funds) Regulations, 1996.
A373: 3. Additional Expenses not exceeding 0.20% in terms of Regulation 52(6A)(c) of SEBI (Mutual Funds) Regulations, 1996.
A374: 4. Present GST rate is 18 %.
A375: 5. Percentages mentioned above are annualized.

Sheet LEBALF
A1: =+VLOOKUP(+(MID(CELL("filename",A1),FIND("]",CELL("filename",A1))+1,255)),'Main File'!C:E,3,0) -> LIC MF Balanced Fund | N1: Go to Index
B2: Regular Plan | G2: Direct Plan
A3: Date (DD/MM/YYYY) | B3: Base TER (%)1 | C3: Additional expense as per Regulation 52(6A)(b) (%)2 | D3: Additional expense as per Regulation 52(6A)(c) (%)3 | E3: GST (%)4 | F3: Total TER (%) | G3: Base TER (%)1 | H3: Additional expense as per Regulation 52(6A)(b) (%)2 | I3: Additional expense as per Regulation 52(6A)(c) (%)3 | J3: GST (%)4 | K3: Total TER (%)
A4: =LDBOND!A4 -> 43191 | B4: =IFERROR(+VLOOKUP("LEBALF"&A4,'Main File'!A:O,6,0),0) -> 2.3254777 | C4: =IFERROR(+VLOOKUP("LEBALF"&A4,'Main File'!A:O,7,0),0) -> 0 | D4: =IFERROR(+VLOOKUP("LEBALF"&A4,'Main File'!A:O,8,0),0) -> 0.2 | E4: =IFERROR(+VLOOKUP("LEBALF"&A4,'Main File'!A:O,9,0),0) -> 0.058578508 | F4: =IFERROR(+VLOOKUP("LEBALF"&A4,'Main File'!A:O,10,0),0) -> 2.5840562 | G4: =IFERROR(+VLOOKUP("LEBALF"&A4,'Main File'!A:O,11,0),0) -> 0.32354198 | H4: =IFERROR(+VLOOKUP("LEBALF"&A4,'Main File'!A:O,12,0),0) -> 0 | I4: =IFERROR(+VLOOKUP("LEBALF"&A4,'Main File'!A:O,13,0),0) -> 0.2 | J4: =IFERROR(+VLOOKUP("LEBALF"&A4,'Main File'!A:O,14,0),0) -> 0.058238035 | K4: =IFERROR(+VLOOKUP("LEBALF"&A4,'Main File'!A:O,15,0),0) -> 0.58178002
A5: =A4+1 -> 43192 | B5: =IFERROR(+VLOOKUP("LEBALF"&A5,'Main File'!A:O,6,0),0) -> 2.3250914 | C5: =IFERROR(+VLOOKUP("LEBALF"&A5,'Main File'!A:O,7,0),0) -> 0 | D5: =IFERROR(+VLOOKUP("LEBALF"&A5,'Main File'!A:O,8,0),0) -> 0.2 | E5: =IFERROR(+VLOOKUP("LEBALF"&A5,'Main File'!A:O,9,0),0) -> 0.058509149 | F5: =IFERROR(+VLOOKUP("LEBALF"&A5,'Main File'!A:O,10,0),0) -> 2.5836005 | G5: =IFERROR(+VLOOKUP("LEBALF"&A5,'Main File'!A:O,11,0),0) -> 0.32316598 | H5: =IFERROR(+VLOOKUP("LEBALF"&A5,'Main File'!A:O,12,0),0) -> 0 | I5: =IFERROR(+VLOOKUP("LEBALF"&A5,'Main File'!A:O,13,0),0) -> 0.2 | J5: =IFERROR(+VLOOKUP("LEBALF"&A5,'Main File'!A:O,14,0),0) -> 0.058169692 | K5: =IFERROR(+VLOOKUP("LEBALF"&A5,'Main File'!A:O,15,0),0) -> 0.58133567
A6: =+A5+1 -> 43193 | B6: =IFERROR(+VLOOKUP("LEBALF"&A6,'Main File'!A:O,6,0),0) -> 2.324428 | C6: =IFERROR(+VLOOKUP("LEBALF"&A6,'Main File'!A:O,7,0),0) -> 0 | D6: =IFERROR(+VLOOKUP("LEBALF"&A6,'Main File'!A:O,8,0),0) -> 0.2 | E6: =IFERROR(+VLOOKUP("LEBALF"&A6,'Main File'!A:O,9,0),0) -> 0.058389574 | F6: =IFERROR(+VLOOKUP("LEBALF"&A6,'Main File'!A:O,10,0),0) -> 2.5828176 | G6: =IFERROR(+VLOOKUP("LEBALF"&A6,'Main File'!A:O,11,0),0) -> 0.322507 | H6: =IFERROR(+VLOOKUP("LEBALF"&A6,'Main File'!A:O,12,0),0) -> 0 | I6: =IFERROR(+VLOOKUP("LEBALF"&A6,'Main File'!A:O,13,0),0) -> 0.2 | J6: =IFERROR(+VLOOKUP("LEBALF"&A6,'Main File'!A:O,14,0),0) -> 0.058052035 | K6: =IFERROR(+VLOOKUP("LEBALF"&A6,'Main File'!A:O,15,0),0) -> 0.58055904
A7: =+A6+1 -> 43194 | B7: =IFERROR(+VLOOKUP("LEBALF"&A7,'Main File'!A:O,6,0),0) -> 2.3248913 | C7: =IFERROR(+VLOOKUP("LEBALF"&A7,'Main File'!A:O,7,0),0) -> 0 | D7: =IFERROR(+VLOOKUP("LEBALF"&A7,'Main File'!A:O,8,0),0) -> 0.2 | E7: =IFERROR(+VLOOKUP("LEBALF"&A7,'Main File'!A:O,9,0),0) -> 0.058472946 | F7: =IFERROR(+VLOOKUP("LEBALF"&A7,'Main File'!A:O,10,0),0) -> 2.5833643 | G7: =IFERROR(+VLOOKUP("LEBALF"&A7,'Main File'!A:O,11,0),0) -> 0.32294708 | H7: =IFERROR(+VLOOKUP("LEBALF"&A7,'Main File'!A:O,12,0),0) -> 0 | I7: =IFERROR(+VLOOKUP("LEBALF"&A7,'Main File'!A:O,13,0),0) -> 0.2 | J7: =IFERROR(+VLOOKUP("LEBALF"&A7,'Main File'!A:O,14,0),0) -> 0.058131558 | K7: =IFERROR(+VLOOKUP("LEBALF"&A7,'Main File'!A:O,15,0),0) -> 0.58107864
A8: =+A7+1 -> 43195 | B8: =IFERROR(+VLOOKUP("LEBALF"&A8,'Main File'!A:O,6,0),0) -> 2.3237033 | C8: =IFERROR(+VLOOKUP("LEBALF"&A8,'Main File'!A:O,7,0),0) -> 0 | D8: =IFERROR(+VLOOKUP("LEBALF"&A8,'Main File'!A:O,8,0),0) -> 0.2 | E8: =IFERROR(+VLOOKUP("LEBALF"&A8,'Main File'!A:O,9,0),0) -> 0.058259108 | F8: =IFERROR(+VLOOKUP("LEBALF"&A8,'Main File'!A:O,10,0),0) -> 2.5819624 | G8: =IFERROR(+VLOOKUP("LEBALF"&A8,'Main File'!A:O,11,0),0) -> 0.32179226 | H8: =IFERROR(+VLOOKUP("LEBALF"&A8,'Main File'!A:O,12,0),0) -> 0 | I8: =IFERROR(+VLOOKUP("LEBALF"&A8,'Main File'!A:O,13,0),0) -> 0.2 | J8: =IFERROR(+VLOOKUP("LEBALF"&A8,'Main File'!A:O,14,0),0) -> 0.057923264 | K8: =IFERROR(+VLOOKUP("LEBALF"&A8,'Main File'!A:O,15,0),0) -> 0.57971552
A9: =+A8+1 -> 43196 | B9: =IFERROR(+VLOOKUP("LEBALF"&A9,'Main File'!A:O,6,0),0) -> 2.2911874 | C9: =IFERROR(+VLOOKUP("LEBALF"&A9,'Main File'!A:O,7,0),0) -> 0 | D9: =IFERROR(+VLOOKUP("LEBALF"&A9,'Main File'!A:O,8,0),0) -> 0.2 | E9: =IFERROR(+VLOOKUP("LEBALF"&A9,'Main File'!A:O,9,0),0) -> 0.052406833 | F9: =IFERROR(+VLOOKUP("LEBALF"&A9,'Main File'!A:O,10,0),0) -> 2.5435942 | G9: =IFERROR(+VLOOKUP("LEBALF"&A9,'Main File'!A:O,11,0),0) -> 0.28926329 | H9: =IFERROR(+VLOOKUP("LEBALF"&A9,'Main File'!A:O,12,0),0) -> 0 | I9: =IFERROR(+VLOOKUP("LEBALF"&A9,'Main File'!A:O,13,0),0) -> 0.2 | J9: =IFERROR(+VLOOKUP("LEBALF"&A9,'Main File'!A:O,14,0),0) -> 0.052067482 | K9: =IFERROR(+VLOOKUP("LEBALF"&A9,'Main File'!A:O,15,0),0) -> 0.54133077
A10: =+A9+1 -> 43197 | B10: =IFERROR(+VLOOKUP("LEBALF"&A10,'Main File'!A:O,6,0),0) -> 2.2911815 | C10: =IFERROR(+VLOOKUP("LEBALF"&A10,'Main File'!A:O,7,0),0) -> 0 | D10: =IFERROR(+VLOOKUP("LEBALF"&A10,'Main File'!A:O,8,0),0) -> 0.2 | E10: =IFERROR(+VLOOKUP("LEBALF"&A10,'Main File'!A:O,9,0),0) -> 0.052405343 | F10: =IFERROR(+VLOOKUP("LEBALF"&A10,'Main File'!A:O,10,0),0) -> 2.5435868 | G10: =IFERROR(+VLOOKUP("LEBALF"&A10,'Main File'!A:O,11,0),0) -> 0.28925043 | H10: =IFERROR(+VLOOKUP("LEBALF"&A10,'Main File'!A:O,12,0),0) -> 0 | I10: =IFERROR(+VLOOKUP("LEBALF"&A10,'Main File'!A:O,13,0),0) -> 0.2 | J10: =IFERROR(+VLOOKUP("LEBALF"&A10,'Main File'!A:O,14,0),0) -> 0.052065167 | K10: =IFERROR(+VLOOKUP("LEBALF"&A10,'Main File'!A:O,15,0),0) -> 0.5413156
A11: =+A10+1 -> 43198 | B11: =IFERROR(+VLOOKUP("LEBALF"&A11,'Main File'!A:O,6,0),0) -> 2.2911753 | C11: =IFERROR(+VLOOKUP("LEBALF"&A11,'Main File'!A:O,7,0),0) -> 0 | D11: =IFERROR(+VLOOKUP("LEBALF"&A11,'Main File'!A:O,8,0),0) -> 0.2 | E11: =IFERROR(+VLOOKUP("LEBALF"&A11,'Main File'!A:O,9,0),0) -> 0.05240462 | F11: =IFERROR(+VLOOKUP("LEBALF"&A11,'Main File'!A:O,10,0),0) -> 2.5435799 | G11: =IFERROR(+VLOOKUP("LEBALF"&A11,'Main File'!A:O,11,0),0) -> 0.2892458 | H11: =IFERROR(+VLOOKUP("LEBALF"&A11,'Main File'!A:O,12,0),0) -> 0 | I11: =IFERROR(+VLOOKUP("LEBALF"&A11,'Main File'!A:O,13,0),0) -> 0.2 | J11: =IFERROR(+VLOOKUP("LEBALF"&A11,'Main File'!A:O,14,0),0) -> 0.052062856 | K11: =IFERROR(+VLOOKUP("LEBALF"&A11,'Main File'!A:O,15,0),0) -> 0.54130866
A12: =+A11+1 -> 43199 | B12: =IFERROR(+VLOOKUP("LEBALF"&A12,'Main File'!A:O,6,0),0) -> 2.2911015 | C12: =IFERROR(+VLOOKUP("LEBALF"&A12,'Main File'!A:O,7,0),0) -> 0 | D12: =IFERROR(+VLOOKUP("LEBALF"&A12,'Main File'!A:O,8,0),0) -> 0.2 | E12: =IFERROR(+VLOOKUP("LEBALF"&A12,'Main File'!A:O,9,0),0) -> 0.052391112 | F12: =IFERROR(+VLOOKUP("LEBALF"&A12,'Main File'!A:O,10,0),0) -> 2.5434926 | G12: =IFERROR(+VLOOKUP("LEBALF"&A12,'Main File'!A:O,11,0),0) -> 0.28917665 | H12: =IFERROR(+VLOOKUP("LEBALF"&A12,'Main File'!A:O,12,0),0) -> 0 | I12: =IFERROR(+VLOOKUP("LEBALF"&A12,'Main File'!A:O,13,0),0) -> 0.2 | J12: =IFERROR(+VLOOKUP("LEBALF"&A12,'Main File'!A:O,14,0),0) -> 0.052050742 | K12: =IFERROR(+VLOOKUP("LEBALF"&A12,'Main File'!A:O,15,0),0) -> 0.5412274
A13: =+A12+1 -> 43200 | B13: =IFERROR(+VLOOKUP("LEBALF"&A13,'Main File'!A:O,6,0),0) -> 2.3027933 | C13: =IFERROR(+VLOOKUP("LEBALF"&A13,'Main File'!A:O,7,0),0) -> 0 | D13: =IFERROR(+VLOOKUP("LEBALF"&A13,'Main File'!A:O,8,0),0) -> 0.2 | E13: =IFERROR(+VLOOKUP("LEBALF"&A13,'Main File'!A:O,9,0),0) -> 0.054495798 | F13: =IFERROR(+VLOOKUP("LEBALF"&A13,'Main File'!A:O,10,0),0) -> 2.5572891 | G13: =IFERROR(+VLOOKUP("LEBALF"&A13,'Main File'!A:O,11,0),0) -> 0.30085701 | H13: =IFERROR(+VLOOKUP("LEBALF"&A13,'Main File'!A:O,12,0),0) -> 0 | I13: =IFERROR(+VLOOKUP("LEBALF"&A13,'Main File'!A:O,13,0),0) -> 0.2 | J13: =IFERROR(+VLOOKUP("LEBALF"&A13,'Main File'!A:O,14,0),0) -> 0.054153697 | K13: =IFERROR(+VLOOKUP("LEBALF"&A13,'Main File'!A:O,15,0),0) -> 0.5550107
A14: =+A13+1 -> 43201 | B14: =IFERROR(+VLOOKUP("LEBALF"&A14,'Main File'!A:O,6,0),0) -> 2.3027887 | C14: =IFERROR(+VLOOKUP("LEBALF"&A14,'Main File'!A:O,7,0),0) -> 0 | D14: =IFERROR(+VLOOKUP("LEBALF"&A14,'Main File'!A:O,8,0),0) -> 0.2 | E14: =IFERROR(+VLOOKUP("LEBALF"&A14,'Main File'!A:O,9,0),0) -> 0.054494984 | F14: =IFERROR(+VLOOKUP("LEBALF"&A14,'Main File'!A:O,10,0),0) -> 2.5572837 | G14: =IFERROR(+VLOOKUP("LEBALF"&A14,'Main File'!A:O,11,0),0) -> 0.30084632 | H14: =IFERROR(+VLOOKUP("LEBALF"&A14,'Main File'!A:O,12,0),0) -> 0 | I14: =IFERROR(+VLOOKUP("LEBALF"&A14,'Main File'!A:O,13,0),0) -> 0.2 | J14: =IFERROR(+VLOOKUP("LEBALF"&A14,'Main File'!A:O,14,0),0) -> 0.054153475 | K14: =IFERROR(+VLOOKUP("LEBALF"&A14,'Main File'!A:O,15,0),0) -> 0.55499979
A15: =+A14+1 -> 43202 | B15: =IFERROR(+VLOOKUP("LEBALF"&A15,'Main File'!A:O,6,0),0) -> 2.3235682 | C15: =IFERROR(+VLOOKUP("LEBALF"&A15,'Main File'!A:O,7,0),0) -> 0 | D15: =IFERROR(+VLOOKUP("LEBALF"&A15,'Main File'!A:O,8,0),0) -> 0.2 | E15: =IFERROR(+VLOOKUP("LEBALF"&A15,'Main File'!A:O,9,0),0) -> 0.058234919 | F15: =IFERROR(+VLOOKUP("LEBALF"&A15,'Main File'!A:O,10,0),0) -> 2.5818031 | G15: =IFERROR(+VLOOKUP("LEBALF"&A15,'Main File'!A:O,11,0),0) -> 0.32162581 | H15: =IFERROR(+VLOOKUP("LEBALF"&A15,'Main File'!A:O,12,0),0) -> 0 | I15: =IFERROR(+VLOOKUP("LEBALF"&A15,'Main File'!A:O,13,0),0) -> 0.2 | J15: =IFERROR(+VLOOKUP("LEBALF"&A15,'Main File'!A:O,14,0),0) -> 0.057892821 | K15: =IFERROR(+VLOOKUP("LEBALF"&A15,'Main File'!A:O,15,0),0) -> 0.57951863
A16: =+A15+1 -> 43203 | B16: =IFERROR(+VLOOKUP("LEBALF"&A16,'Main File'!A:O,6,0),0) -> 2.323065 | C16: =IFERROR(+VLOOKUP("LEBALF"&A16,'Main File'!A:O,7,0),0) -> 0.050003592 | D16: =IFERROR(+VLOOKUP("LEBALF"&A16,'Main File'!A:O,8,0),0) -> 0.2 | E16: =IFERROR(+VLOOKUP("LEBALF"&A16,'Main File'!A:O,9,0),0) -> 0.058143952 | F16: =IFERROR(+VLOOKUP("LEBALF"&A16,'Main File'!A:O,10,0),0) -> 2.6312126 | G16: =IFERROR(+VLOOKUP("LEBALF"&A16,'Main File'!A:O,11,0),0) -> 0.32112188 | H16: =IFERROR(+VLOOKUP("LEBALF"&A16,'Main File'!A:O,12,0),0) -> 0 | I16: =IFERROR(+VLOOKUP("LEBALF"&A16,'Main File'!A:O,13,0),0) -> 0.2 | J16: =IFERROR(+VLOOKUP("LEBALF"&A16,'Main File'!A:O,14,0),0) -> 0.057802335 | K16: =IFERROR(+VLOOKUP("LEBALF"&A16,'Main File'!A:O,15,0),0) -> 0.57892422
A17: =+A16+1 -> 43204 | B17: =IFERROR(+VLOOKUP("LEBALF"&A17,'Main File'!A:O,6,0),0) -> 2.3230292 | C17: =IFERROR(+VLOOKUP("LEBALF"&A17,'Main File'!A:O,7,0),0) -> 0.050003578 | D17: =IFERROR(+VLOOKUP("LEBALF"&A17,'Main File'!A:O,8,0),0) -> 0.2 | E17: =IFERROR(+VLOOKUP("LEBALF"&A17,'Main File'!A:O,9,0),0) -> 0.058137063 | F17: =IFERROR(+VLOOKUP("LEBALF"&A17,'Main File'!A:O,10,0),0) -> 2.6311698 | G17: =IFERROR(+VLOOKUP("LEBALF"&A17,'Main File'!A:O,11,0),0) -> 0.3210817 | H17: =IFERROR(+VLOOKUP("LEBALF"&A17,'Main File'!A:O,12,0),0) -> 0 | I17: =IFERROR(+VLOOKUP("LEBALF"&A17,'Main File'!A:O,13,0),0) -> 0.2 | J17: =IFERROR(+VLOOKUP("LEBALF"&A17,'Main File'!A:O,14,0),0) -> 0.057795599 | K17: =IFERROR(+VLOOKUP("LEBALF"&A17,'Main File'!A:O,15,0),0) -> 0.5788773
... A368: =+A367+1 -> 43555 | B368: =IFERROR(+VLOOKUP("LEBALF"&A368,'Main File'!A:O,6,0),0) -> 0 | C368: =IFERROR(+VLOOKUP("LEBALF"&A368,'Main File'!A:O,7,0),0) -> 0 | D368: =IFERROR(+VLOOKUP("LEBALF"&A368,'Main File'!A:O,8,0),0) -> 0 | E368: =IFERROR(+VLOOKUP("LEBALF"&A368,'Main File'!A:O,9,0),0) -> 0 | F368: =IFERROR(+VLOOKUP("LEBALF"&A368,'Main File'!A:O,10,0),0) -> 0 | G368: =IFERROR(+VLOOKUP("LEBALF"&A368,'Main File'!A:O,11,0),0) -> 0 | H368: =IFERROR(+VLOOKUP("LEBALF"&A368,'Main File'!A:O,12,0),0) -> 0 | I368: =IFERROR(+VLOOKUP("LEBALF"&A368,'Main File'!A:O,13,0),0) -> 0 | J368: =IFERROR(+VLOOKUP("LEBALF"&A368,'Main File'!A:O,14,0),0) -> 0 | K368: =IFERROR(+VLOOKUP("LEBALF"&A368,'Main File'!A:O,15,0),0) -> 0
A370: Notes:
A371: 1. Base TER excludes additional expenses provided in Regulation 52(6A)(b) and 52(6A)(c) of SEBI (Mutual Funds) Regulations, 1996.
A372: 2. Additional Expenses not exceeding 0.30% in terms of Regulation 52(6A)(b) of SEBI (Mutual Funds) Regulations, 1996.
A373: 3. Additional Expenses not exceeding 0.20% in terms of Regulation 52(6A)(c) of SEBI (Mutual Funds) Regulations, 1996.
A374: 4. Present GST rate is 18 %.
A375: 5. Percentages mentioned above are annualized.

Sheet LEBFSF
A1: =+VLOOKUP(+(MID(CELL("filename",A1),FIND("]",CELL("filename",A1))+1,255)),'Main File'!C:E,3,0) -> LIC MF Banking and Financial Services Fund | N1: Go to Index
B2: Regular Plan | G2: Direct Plan
A3: Date (DD/MM/YYYY) | B3: Base TER (%)1 | C3: Additional expense as per Regulation 52(6A)(b) (%)2 | D3: Additional expense as per Regulation 52(6A)(c) (%)3 | E3: GST (%)4 | F3: Total TER (%) | G3: Base TER (%)1 | H3: Additional expense as per Regulation 52(6A)(b) (%)2 | I3: Additional expense as per Regulation 52(6A)(c) (%)3 | J3: GST (%)4 | K3: Total TER (%)
A4: =LDBOND!A4 -> 43191 | B4: =IFERROR(+VLOOKUP("LEBFSF"&A4,'Main File'!A:O,6,0),0) -> 2.5001203 | C4: =IFERROR(+VLOOKUP("LEBFSF"&A4,'Main File'!A:O,7,0),0) -> 0 | D4: =IFERROR(+VLOOKUP("LEBFSF"&A4,'Main File'!A:O,8,0),0) -> 0.2 | E4: =IFERROR(+VLOOKUP("LEBFSF"&A4,'Main File'!A:O,9,0),0) -> 0.21961783 | F4: =IFERROR(+VLOOKUP("LEBFSF"&A4,'Main File'!A:O,10,0),0) -> 2.9197381 | G4: =IFERROR(+VLOOKUP("LEBFSF"&A4,'Main File'!A:O,11,0),0) -> 1.0370859 | H4: =IFERROR(+VLOOKUP("LEBFSF"&A4,'Main File'!A:O,12,0),0) -> 0 | I4: =IFERROR(+VLOOKUP("LEBFSF"&A4,'Main File'!A:O,13,0),0) -> 0.2 | J4: =IFERROR(+VLOOKUP("LEBFSF"&A4,'Main File'!A:O,14,0),0) -> 0.20828069 | K4: =IFERROR(+VLOOKUP("LEBFSF"&A4,'Main File'!A:O,15,0),0) -> 1.4453665
A5: =A4+1 -> 43192 | B5: =IFERROR(+VLOOKUP("LEBFSF"&A5,'Main File'!A:O,6,0),0) -> 2.5001206 | C5: =IFERROR(+VLOOKUP("LEBFSF"&A5,'Main File'!A:O,7,0),0) -> 0 | D5: =IFERROR(+VLOOKUP("LEBFSF"&A5,'Main File'!A:O,8,0),0) -> 0.2 | E5: =IFERROR(+VLOOKUP("LEBFSF"&A5,'Main File'!A:O,9,0),0) -> 0.21961661 | F5: =IFERROR(+VLOOKUP("LEBFSF"&A5,'Main File'!A:O,10,0),0) -> 2.9197372 | G5: =IFERROR(+VLOOKUP("LEBFSF"&A5,'Main File'!A:O,11,0),0) -> 1.0373486 | H5: =IFERROR(+VLOOKUP("LEBFSF"&A5,'Main File'!A:O,12,0),0) -> 0 | I5: =IFERROR(+VLOOKUP("LEBFSF"&A5,'Main File'!A:O,13,0),0) -> 0.2 | J5: =IFERROR(+VLOOKUP("LEBFSF"&A5,'Main File'!A:O,14,0),0) -> 0.20833261 | K5: =IFERROR(+VLOOKUP("LEBFSF"&A5,'Main File'!A:O,15,0),0) -> 1.4456812
A6: =+A5+1 -> 43193 | B6: =IFERROR(+VLOOKUP("LEBFSF"&A6,'Main File'!A:O,6,0),0) -> 2.5001215 | C6: =IFERROR(+VLOOKUP("LEBFSF"&A6,'Main File'!A:O,7,0),0) -> 0 | D6: =IFERROR(+VLOOKUP("LEBFSF"&A6,'Main File'!A:O,8,0),0) -> 0.2 | E6: =IFERROR(+VLOOKUP("LEBFSF"&A6,'Main File'!A:O,9,0),0) -> 0.21961734 | F6: =IFERROR(+VLOOKUP("LEBFSF"&A6,'Main File'!A:O,10,0),0) -> 2.9197388 | G6: =IFERROR(+VLOOKUP("LEBFSF"&A6,'Main File'!A:O,11,0),0) -> 1.0382005 | H6: =IFERROR(+VLOOKUP("LEBFSF"&A6,'Main File'!A:O,12,0),0) -> 0 | I6: =IFERROR(+VLOOKUP("LEBFSF"&A6,'Main File'!A:O,13,0),0) -> 0.2 | J6: =IFERROR(+VLOOKUP("LEBFSF"&A6,'Main File'!A:O,14,0),0) -> 0.20848493 | K6: =IFERROR(+VLOOKUP("LEBFSF"&A6,'Main File'!A:O,15,0),0) -> 1.4466854
A7: =+A6+1 -> 43194 | B7: =IFERROR(+VLOOKUP("LEBFSF"&A7,'Main File'!A:O,6,0),0) -> 2.5001216 | C7: =IFERROR(+VLOOKUP("LEBFSF"&A7,'Main File'!A:O,7,0),0) -> 0 | D7: =IFERROR(+VLOOKUP("LEBFSF"&A7,'Main File'!A:O,8,0),0) -> 0.2 | E7: =IFERROR(+VLOOKUP("LEBFSF"&A7,'Main File'!A:O,9,0),0) -> 0.21961664 | F7: =IFERROR(+VLOOKUP("LEBFSF"&A7,'Main File'!A:O,10,0),0) -> 2.9197383 | G7: =IFERROR(+VLOOKUP("LEBFSF"&A7,'Main File'!A:O,11,0),0) -> 1.0364033 | H7: =IFERROR(+VLOOKUP("LEBFSF"&A7,'Main File'!A:O,12,0),0) -> 0 | I7: =IFERROR(+VLOOKUP("LEBFSF"&A7,'Main File'!A:O,13,0),0) -> 0.2 | J7: =IFERROR(+VLOOKUP("LEBFSF"&A7,'Main File'!A:O,14,0),0) -> 0.20816019 | K7: =IFERROR(+VLOOKUP("LEBFSF"&A7,'Main File'!A:O,15,0),0) -> 1.4445635
A8: =+A7+1 -> 43195 | B8: =IFERROR(+VLOOKUP("LEBFSF"&A8,'Main File'!A:O,6,0),0) -> 2.5001214 | C8: =IFERROR(+VLOOKUP("LEBFSF"&A8,'Main File'!A:O,7,0),0) -> 0 | D8: =IFERROR(+VLOOKUP("LEBFSF"&A8,'Main File'!A:O,8,0),0) -> 0.2 | E8: =IFERROR(+VLOOKUP("LEBFSF"&A8,'Main File'!A:O,9,0),0) -> 0.21961695 | F8: =IFERROR(+VLOOKUP("LEBFSF"&A8,'Main File'!A:O,10,0),0) -> 2.9197383 | G8: =IFERROR(+VLOOKUP("LEBFSF"&A8,'Main File'!A:O,11,0),0) -> 1.0392513 | H8: =IFERROR(+VLOOKUP("LEBFSF"&A8,'Main File'!A:O,12,0),0) -> 0 | I8: =IFERROR(+VLOOKUP("LEBFSF"&A8,'Main File'!A:O,13,0),0) -> 0.2 | J8: =IFERROR(+VLOOKUP("LEBFSF"&A8,'Main File'!A:O,14,0),0) -> 0.20867299 | K8: =IFERROR(+VLOOKUP("LEBFSF"&A8,'Main File'!A:O,15,0),0) -> 1.4479243
A9: =+A8+1 -> 43196 | B9: =IFERROR(+VLOOKUP("LEBFSF"&A9,'Main File'!A:O,6,0),0) -> 2.5001204 | C9: =IFERROR(+VLOOKUP("LEBFSF"&A9,'Main File'!A:O,7,0),0) -> 0 | D9: =IFERROR(+VLOOKUP("LEBFSF"&A9,'Main File'!A:O,8,0),0) -> 0.2 | E9: =IFERROR(+VLOOKUP("LEBFSF"&A9,'Main File'!A:O,9,0),0) -> 0.21961719 | F9: =IFERROR(+VLOOKUP("LEBFSF"&A9,'Main File'!A:O,10,0),0) -> 2.9197375 | G9: =IFERROR(+VLOOKUP("LEBFSF"&A9,'Main File'!A:O,11,0),0) -> 1.0381056 | H9: =IFERROR(+VLOOKUP("LEBFSF"&A9,'Main File'!A:O,12,0),0) -> 0 | I9: =IFERROR(+VLOOKUP("LEBFSF"&A9,'Main File'!A:O,13,0),0) -> 0.2 | J9: =IFERROR(+VLOOKUP("LEBFSF"&A9,'Main File'!A:O,14,0),0) -> 0.20846598 | K9: =IFERROR(+VLOOKUP("LEBFSF"&A9,'Main File'!A:O,15,0),0) -> 1.4465716
A10: =+A9+1 -> 43197 | B10: =IFERROR(+VLOOKUP("LEBFSF"&A10,'Main File'!A:O,6,0),0) -> 2.5001208 | C10: =IFERROR(+VLOOKUP("LEBFSF"&A10,'Main File'!A:O,7,0),0) -> 0 | D10: =IFERROR(+VLOOKUP("LEBFSF"&A10,'Main File'!A:O,8,0),0) -> 0.2 | E10: =IFERROR(+VLOOKUP("LEBFSF"&A10,'Main File'!A:O,9,0),0) -> 0.21961773 | F10: =IFERROR(+VLOOKUP("LEBFSF"&A10,'Main File'!A:O,10,0),0) -> 2.9197386 | G10: =IFERROR(+VLOOKUP("LEBFSF"&A10,'Main File'!A:O,11,0),0) -> 1.0373884 | H10: =IFERROR(+VLOOKUP("LEBFSF"&A10,'Main File'!A:O,12,0),0) -> 0 | I10: =IFERROR(+VLOOKUP("LEBFSF"&A10,'Main File'!A:O,13,0),0) -> 0.2 | J10: =IFERROR(+VLOOKUP("LEBFSF"&A10,'Main File'!A:O,14,0),0) -> 0.20833133 | K10: =IFERROR(+VLOOKUP("LEBFSF"&A10,'Main File'!A:O,15,0),0) -> 1.4457197
A11: =+A10+1 -> 43198 | B11: =IFERROR(+VLOOKUP("LEBFSF"&A11,'Main File'!A:O,6,0),0) -> 2.5001201 | C11: =IFERROR(+VLOOKUP("LEBFSF"&A11,'Main File'!A:O,7,0),0) -> 0 | D11: =IFERROR(+VLOOKUP("LEBFSF"&A11,'Main File'!A:O,8,0),0) -> 0.2 | E11: =IFERROR(+VLOOKUP("LEBFSF"&A11,'Main File'!A:O,9,0),0) -> 0.21961826 | F11: =IFERROR(+VLOOKUP("LEBFSF"&A11,'Main File'!A:O,10,0),0) -> 2.9197383 | G11: =IFERROR(+VLOOKUP("LEBFSF"&A11,'Main File'!A:O,11,0),0) -> 1.0373872 | H11: =IFERROR(+VLOOKUP("LEBFSF"&A11,'Main File'!A:O,12,0),0) -> 0 | I11: =IFERROR(+VLOOKUP("LEBFSF"&A11,'Main File'!A:O,13,0),0) -> 0.2 | J11: =IFERROR(+VLOOKUP("LEBFSF"&A11,'Main File'!A:O,14,0),0) -> 0.20832912 | K11: =IFERROR(+VLOOKUP("LEBFSF"&A11,'Main File'!A:O,15,0),0) -> 1.4457164
A12: =+A11+1 -> 43199 | B12: =IFERROR(+VLOOKUP("LEBFSF"&A12,'Main File'!A:O,6,0),0) -> 2.5001211 | C12: =IFERROR(+VLOOKUP("LEBFSF"&A12,'Main File'!A:O,7,0),0) -> 0 | D12: =IFERROR(+VLOOKUP("LEBFSF"&A12,'Main File'!A:O,8,0),0) -> 0.2 | E12: =IFERROR(+VLOOKUP("LEBFSF"&A12,'Main File'!A:O,9,0),0) -> 0.21961677 | F12: =IFERROR(+VLOOKUP("LEBFSF"&A12,'Main File'!A:O,10,0),0) -> 2.9197378 | G12: =IFERROR(+VLOOKUP("LEBFSF"&A12,'Main File'!A:O,11,0),0) -> 1.0378243 | H12: =IFERROR(+VLOOKUP("LEBFSF"&A12,'Main File'!A:O,12,0),0) -> 0 | I12: =IFERROR(+VLOOKUP("LEBFSF"&A12,'Main File'!A:O,13,0),0) -> 0.2 | J12: =IFERROR(+VLOOKUP("LEBFSF"&A12,'Main File'!A:O,14,0),0) -> 0.20841536 | K12: =IFERROR(+VLOOKUP("LEBFSF"&A12,'Main File'!A:O,15,0),0) -> 1.4462397
A13: =+A12+1 -> 43200 | B13: =IFERROR(+VLOOKUP("LEBFSF"&A13,'Main File'!A:O,6,0),0) -> 2.5001218 | C13: =IFERROR(+VLOOKUP("LEBFSF"&A13,'Main File'!A:O,7,0),0) -> 0 | D13: =IFERROR(+VLOOKUP("LEBFSF"&A13,'Main File'!A:O,8,0),0) -> 0.2 | E13: =IFERROR(+VLOOKUP("LEBFSF"&A13,'Main File'!A:O,9,0),0) -> 0.21961777 | F13: =IFERROR(+VLOOKUP("LEBFSF"&A13,'Main File'!A:O,10,0),0) -> 2.9197395 | G13: =IFERROR(+VLOOKUP("LEBFSF"&A13,'Main File'!A:O,11,0),0) -> 1.0376923 | H13: =IFERROR(+VLOOKUP("LEBFSF"&A13,'Main File'!A:O,12,0),0) -> 0 | I13: =IFERROR(+VLOOKUP("LEBFSF"&A13,'Main File'!A:O,13,0),0) -> 0.2 | J13: =IFERROR(+VLOOKUP("LEBFSF"&A13,'Main File'!A:O,14,0),0) -> 0.20838449 | K13: =IFERROR(+VLOOKUP("LEBFSF"&A13,'Main File'!A:O,15,0),0) -> 1.4460768
A14: =+A13+1 -> 43201 | B14: =IFERROR(+VLOOKUP("LEBFSF"&A14,'Main File'!A:O,6,0),0) -> 2.5001209 | C14: =IFERROR(+VLOOKUP("LEBFSF"&A14,'Main File'!A:O,7,0),0) -> 0 | D14: =IFERROR(+VLOOKUP("LEBFSF"&A14,'Main File'!A:O,8,0),0) -> 0.2 | E14: =IFERROR(+VLOOKUP("LEBFSF"&A14,'Main File'!A:O,9,0),0) -> 0.21961777 | F14: =IFERROR(+VLOOKUP("LEBFSF"&A14,'Main File'!A:O,10,0),0) -> 2.9197387 | G14: =IFERROR(+VLOOKUP("LEBFSF"&A14,'Main File'!A:O,11,0),0) -> 1.0366042 | H14: =IFERROR(+VLOOKUP("LEBFSF"&A14,'Main File'!A:O,12,0),0) -> 0 | I14: =IFERROR(+VLOOKUP("LEBFSF"&A14,'Main File'!A:O,13,0),0) -> 0.2 | J14: =IFERROR(+VLOOKUP("LEBFSF"&A14,'Main File'!A:O,14,0),0) -> 0.20819952 | K14: =IFERROR(+VLOOKUP("LEBFSF"&A14,'Main File'!A:O,15,0),0) -> 1.4448037
A15: =+A14+1 -> 43202 | B15: =IFERROR(+VLOOKUP("LEBFSF"&A15,'Main File'!A:O,6,0),0) -> 2.5001205 | C15: =IFERROR(+VLOOKUP("LEBFSF"&A15,'Main File'!A:O,7,0),0) -> 0 | D15: =IFERROR(+VLOOKUP("LEBFSF"&A15,'Main File'!A:O,8,0),0) -> 0.2 | E15: =IFERROR(+VLOOKUP("LEBFSF"&A15,'Main File'!A:O,9,0),0) -> 0.21961776 | F15: =IFERROR(+VLOOKUP("LEBFSF"&A15,'Main File'!A:O,10,0),0) -> 2.9197383 | G15: =IFERROR(+VLOOKUP("LEBFSF"&A15,'Main File'!A:O,11,0),0) -> 1.0367851 | H15: =IFERROR(+VLOOKUP("LEBFSF"&A15,'Main File'!A:O,12,0),0) -> 0 | I15: =IFERROR(+VLOOKUP("LEBFSF"&A15,'Main File'!A:O,13,0),0) -> 0.2 | J15: =IFERROR(+VLOOKUP("LEBFSF"&A15,'Main File'!A:O,14,0),0) -> 0.20822673 | K15: =IFERROR(+VLOOKUP("LEBFSF"&A15,'Main File'!A:O,15,0),0) -> 1.4450118
A16: =+A15+1 -> 43203 | B16: =IFERROR(+VLOOKUP("LEBFSF"&A16,'Main File'!A:O,6,0),0) -> 2.5001238 | C16: =IFERROR(+VLOOKUP("LEBFSF"&A16,'Main File'!A:O,7,0),0) -> 0.050003797 | D16: =IFERROR(+VLOOKUP("LEBFSF"&A16,'Main File'!A:O,8,0),0) -> 0.2 | E16: =IFERROR(+VLOOKUP("LEBFSF"&A16,'Main File'!A:O,9,0),0) -> 0.21961793 | F16: =IFERROR(+VLOOKUP("LEBFSF"&A16,'Main File'!A:O,10,0),0) -> 2.9697455 | G16: =IFERROR(+VLOOKUP("LEBFSF"&A16,'Main File'!A:O,11,0),0) -> 1.0373153 | H16: =IFERROR(+VLOOKUP("LEBFSF"&A16,'Main File'!A:O,12,0),0) -> 0 | I16: =IFERROR(+VLOOKUP("LEBFSF"&A16,'Main File'!A:O,13,0),0) -> 0.2 | J16: =IFERROR(+VLOOKUP("LEBFSF"&A16,'Main File'!A:O,14,0),0) -> 0.20831827 | K16: =IFERROR(+VLOOKUP("LEBFSF"&A16,'Main File'!A:O,15,0),0) -> 1.4456335
A17: =+A16+1 -> 43204 | B17: =IFERROR(+VLOOKUP("LEBFSF"&A17,'Main File'!A:O,6,0),0) -> 2.5001243 | C17: =IFERROR(+VLOOKUP("LEBFSF"&A17,'Main File'!A:O,7,0),0) -> 0.050003987 | D17: =IFERROR(+VLOOKUP("LEBFSF"&A17,'Main File'!A:O,8,0),0) -> 0.2 | E17: =IFERROR(+VLOOKUP("LEBFSF"&A17,'Main File'!A:O,9,0),0) -> 0.21961774 | F17: =IFERROR(+VLOOKUP("LEBFSF"&A17,'Main File'!A:O,10,0),0) -> 2.969746 | G17: =IFERROR(+VLOOKUP("LEBFSF"&A17,'Main File'!A:O,11,0),0) -> 1.0364772 | H17: =IFERROR(+VLOOKUP("LEBFSF"&A17,'Main File'!A:O,12,0),0) -> 0 | I17: =IFERROR(+VLOOKUP("LEBFSF"&A17,'Main File'!A:O,13,0),0) -> 0.2 | J17: =IFERROR(+VLOOKUP("LEBFSF"&A17,'Main File'!A:O,14,0),0) -> 0.20817338 | K17: =IFERROR(+VLOOKUP("LEBFSF"&A17,'Main File'!A:O,15,0),0) -> 1.4446506
... A368: =+A367+1 -> 43555 | B368: =IFERROR(+VLOOKUP("LEBFSF"&A368,'Main File'!A:O,6,0),0) -> 0 | C368: =IFERROR(+VLOOKUP("LEBFSF"&A368,'Main File'!A:O,7,0),0) -> 0 | D368: =IFERROR(+VLOOKUP("LEBFSF"&A368,'Main File'!A:O,8,0),0) -> 0 | E368: =IFERROR(+VLOOKUP("LEBFSF"&A368,'Main File'!A:O,9,0),0) -> 0 | F368: =IFERROR(+VLOOKUP("LEBFSF"&A368,'Main File'!A:O,10,0),0) -> 0 | G368: =IFERROR(+VLOOKUP("LEBFSF"&A368,'Main File'!A:O,11,0),0) -> 0 | H368: =IFERROR(+VLOOKUP("LEBFSF"&A368,'Main File'!A:O,12,0),0) -> 0 | I368: =IFERROR(+VLOOKUP("LEBFSF"&A368,'Main File'!A:O,13,0),0) -> 0 | J368: =IFERROR(+VLOOKUP("LEBFSF"&A368,'Main File'!A:O,14,0),0) -> 0 | K368: =IFERROR(+VLOOKUP("LEBFSF"&A368,'Main File'!A:O,15,0),0) -> 0
A370: Notes:
A371: 1. Base TER excludes additional expenses provided in Regulation 52(6A)(b) and 52(6A)(c) of SEBI (Mutual Funds) Regulations, 1996.
A372: 2. Additional Expenses not exceeding 0.30% in terms of Regulation 52(6A)(b) of SEBI (Mutual Funds) Regulations, 1996.
A373: 3. Additional Expenses not exceeding 0.20% in terms of Regulation 52(6A)(c) of SEBI (Mutual Funds) Regulations, 1996.
A374: 4. Present GST rate is 18 %.
A375: 5. Percentages mentioned above are annualized.

Sheet LECHID
A1: =+VLOOKUP(+(MID(CELL("filename",A1),FIND("]",CELL("filename",A1))+1,255)),'Main File'!C:E,3,0) -> LIC MF Children's Gift Fund | N1: Go to Index
B2: Regular Plan | G2: Direct Plan
A3: Date (DD/MM/YYYY) | B3: Base TER (%)1 | C3: Additional expense as per Regulation 52(6A)(b) (%)2 | D3: Additional expense as per Regulation 52(6A)(c) (%)3 | E3: GST (%)4 | F3: Total TER (%) | G3: Base TER (%)1 | H3: Additional expense as per Regulation 52(6A)(b) (%)2 | I3: Additional expense as per Regulation 52(6A)(c) (%)3 | J3: GST (%)4 | K3: Total TER (%)
A4: =LDBOND!A4 -> 43191 | B4: =IFERROR(+VLOOKUP("LECHID"&A4,'Main File'!A:O,6,0),0) -> 2.4756067 | C4: =IFERROR(+VLOOKUP("LECHID"&A4,'Main File'!A:O,7,0),0) -> 0 | D4: =IFERROR(+VLOOKUP("LECHID"&A4,'Main File'!A:O,8,0),0) -> 0 | E4: =IFERROR(+VLOOKUP("LECHID"&A4,'Main File'!A:O,9,0),0) -> 0.26920978 | F4: =IFERROR(+VLOOKUP("LECHID"&A4,'Main File'!A:O,10,0),0) -> 2.7448164 | G4: =IFERROR(+VLOOKUP("LECHID"&A4,'Main File'!A:O,11,0),0) -> 1.4779418 | H4: =IFERROR(+VLOOKUP("LECHID"&A4,'Main File'!A:O,12,0),0) -> 0 | I4: =IFERROR(+VLOOKUP("LECHID"&A4,'Main File'!A:O,13,0),0) -> 0 | J4: =IFERROR(+VLOOKUP("LECHID"&A4,'Main File'!A:O,14,0),0) -> 0.25168153 | K4: =IFERROR(+VLOOKUP("LECHID"&A4,'Main File'!A:O,15,0),0) -> 1.7296234
A5: =A4+1 -> 43192 | B5: =IFERROR(+VLOOKUP("LECHID"&A5,'Main File'!A:O,6,0),0) -> 2.4756947 | C5: =IFERROR(+VLOOKUP("LECHID"&A5,'Main File'!A:O,7,0),0) -> 0 | D5: =IFERROR(+VLOOKUP("LECHID"&A5,'Main File'!A:O,8,0),0) -> 0 | E5: =IFERROR(+VLOOKUP("LECHID"&A5,'Main File'!A:O,9,0),0) -> 0.26922088 | F5: =IFERROR(+VLOOKUP("LECHID"&A5,'Main File'!A:O,10,0),0) -> 2.7449156 | G5: =IFERROR(+VLOOKUP("LECHID"&A5,'Main File'!A:O,11,0),0) -> 1.4784086 | H5: =IFERROR(+VLOOKUP("LECHID"&A5,'Main File'!A:O,12,0),0) -> 0 | I5: =IFERROR(+VLOOKUP("LECHID"&A5,'Main File'!A:O,13,0),0) -> 0 | J5: =IFERROR(+VLOOKUP("LECHID"&A5,'Main File'!A:O,14,0),0) -> 0.25178414 | K5: =IFERROR(+VLOOKUP("LECHID"&A5,'Main File'!A:O,15,0),0) -> 1.7301927
A6: =+A5+1 -> 43193 | B6: =IFERROR(+VLOOKUP("LECHID"&A6,'Main File'!A:O,6,0),0) -> 2.4757764 | C6: =IFERROR(+VLOOKUP("LECHID"&A6,'Main File'!A:O,7,0),0) -> 0 | D6: =IFERROR(+VLOOKUP("LECHID"&A6,'Main File'!A:O,8,0),0) -> 0 | E6: =IFERROR(+VLOOKUP("LECHID"&A6,'Main File'!A:O,9,0),0) -> 0.26923824 | F6: =IFERROR(+VLOOKUP("LECHID"&A6,'Main File'!A:O,10,0),0) -> 2.7450146 | G6: =IFERROR(+VLOOKUP("LECHID"&A6,'Main File'!A:O,11,0),0) -> 1.4782202 | H6: =IFERROR(+VLOOKUP("LECHID"&A6,'Main File'!A:O,12,0),0) -> 0 | I6: =IFERROR(+VLOOKUP("LECHID"&A6,'Main File'!A:O,13,0),0) -> 0 | J6: =IFERROR(+VLOOKUP("LECHID"&A6,'Main File'!A:O,14,0),0) -> 0.25174185 | K6: =IFERROR(+VLOOKUP("LECHID"&A6,'Main File'!A:O,15,0),0) -> 1.7299621
A7: =+A6+1 -> 43194 | B7: =IFERROR(+VLOOKUP("LECHID"&A7,'Main File'!A:O,6,0),0) -> 2.4755813 | C7: =IFERROR(+VLOOKUP("LECHID"&A7,'Main File'!A:O,7,0),0) -> 0 | D7: =IFERROR(+VLOOKUP("LECHID"&A7,'Main File'!A:O,8,0),0) -> 0 | E7: =IFERROR(+VLOOKUP("LECHID"&A7,'Main File'!A:O,9,0),0) -> 0.26920712 | F7: =IFERROR(+VLOOKUP("LECHID"&A7,'Main File'!A:O,10,0),0) -> 2.7447885 | G7: =IFERROR(+VLOOKUP("LECHID"&A7,'Main File'!A:O,11,0),0) -> 1.4773683 | H7: =IFERROR(+VLOOKUP("LECHID"&A7,'Main File'!A:O,12,0),0) -> 0 | I7: =IFERROR(+VLOOKUP("LECHID"&A7,'Main File'!A:O,13,0),0) -> 0 | J7: =IFERROR(+VLOOKUP("LECHID"&A7,'Main File'!A:O,14,0),0) -> 0.25156883 | K7: =IFERROR(+VLOOKUP("LECHID"&A7,'Main File'!A:O,15,0),0) -> 1.7289371
A8: =+A7+1 -> 43195 | B8: =IFERROR(+VLOOKUP("LECHID"&A8,'Main File'!A:O,6,0),0) -> 2.4757738 | C8: =IFERROR(+VLOOKUP("LECHID"&A8,'Main File'!A:O,7,0),0) -> 0 | D8: =IFERROR(+VLOOKUP("LECHID"&A8,'Main File'!A:O,8,0),0) -> 0 | E8: =IFERROR(+VLOOKUP("LECHID"&A8,'Main File'!A:O,9,0),0) -> 0.26923652 | F8: =IFERROR(+VLOOKUP("LECHID"&A8,'Main File'!A:O,10,0),0) -> 2.7450104 | G8: =IFERROR(+VLOOKUP("LECHID"&A8,'Main File'!A:O,11,0),0) -> 1.4790419 | H8: =IFERROR(+VLOOKUP("LECHID"&A8,'Main File'!A:O,12,0),0) -> 0 | I8: =IFERROR(+VLOOKUP("LECHID"&A8,'Main File'!A:O,13,0),0) -> 0 | J8: =IFERROR(+VLOOKUP("LECHID"&A8,'Main File'!A:O,14,0),0) -> 0.25182756 | K8: =IFERROR(+VLOOKUP("LECHID"&A8,'Main File'!A:O,15,0),0) -> 1.7308695
A9: =+A8+1 -> 43196 | B9: =IFERROR(+VLOOKUP("LECHID"&A9,'Main File'!A:O,6,0),0) -> 2.4756635 | C9: =IFERROR(+VLOOKUP("LECHID"&A9,'Main File'!A:O,7,0),0) -> 0 | D9: =IFERROR(+VLOOKUP("LECHID"&A9,'Main File'!A:O,8,0),0) -> 0 | E9: =IFERROR(+VLOOKUP("LECHID"&A9,'Main File'!A:O,9,0),0) -> 0.26921938 | F9: =IFERROR(+VLOOKUP("LECHID"&A9,'Main File'!A:O,10,0),0) -> 2.7448829 | G9: =IFERROR(+VLOOKUP("LECHID"&A9,'Main File'!A:O,11,0),0) -> 1.4666186 | H9: =IFERROR(+VLOOKUP("LECHID"&A9,'Main File'!A:O,12,0),0) -> 0 | I9: =IFERROR(+VLOOKUP("LECHID"&A9,'Main File'!A:O,13,0),0) -> 0 | J9: =IFERROR(+VLOOKUP("LECHID"&A9,'Main File'!A:O,14,0),0) -> 0.24960711 | K9: =IFERROR(+VLOOKUP("LECHID"&A9,'Main File'!A:O,15,0),0) -> 1.7162257
A10: =+A9+1 -> 43197 | B10: =IFERROR(+VLOOKUP("LECHID"&A10,'Main File'!A:O,6,0),0) -> 2.475659 | C10: =IFERROR(+VLOOKUP("LECHID"&A10,'Main File'!A:O,7,0),0) -> 0 | D10: =IFERROR(+VLOOKUP("LECHID"&A10,'Main File'!A:O,8,0),0) -> 0 | E10: =IFERROR(+VLOOKUP("LECHID"&A10,'Main File'!A:O,9,0),0) -> 0.26922052 | F10: =IFERROR(+VLOOKUP("LECHID"&A10,'Main File'!A:O,10,0),0) -> 2.7448795 | G10: =IFERROR(+VLOOKUP("LECHID"&A10,'Main File'!A:O,11,0),0) -> 1.4664312 | H10: =IFERROR(+VLOOKUP("LECHID"&A10,'Main File'!A:O,12,0),0) -> 0 | I10: =IFERROR(+VLOOKUP("LECHID"&A10,'Main File'!A:O,13,0),0) -> 0 | J10: =IFERROR(+VLOOKUP("LECHID"&A10,'Main File'!A:O,14,0),0) -> 0.24960531 | K10: =IFERROR(+VLOOKUP("LECHID"&A10,'Main File'!A:O,15,0),0) -> 1.7160365
A11: =+A10+1 -> 43198 | B11: =IFERROR(+VLOOKUP("LECHID"&A11,'Main File'!A:O,6,0),0) -> 2.4756546 | C11: =IFERROR(+VLOOKUP("LECHID"&A11,'Main File'!A:O,7,0),0) -> 0 | D11: =IFERROR(+VLOOKUP("LECHID"&A11,'Main File'!A:O,8,0),0) -> 0 | E11: =IFERROR(+VLOOKUP("LECHID"&A11,'Main File'!A:O,9,0),0) -> 0.26921714 | F11: =IFERROR(+VLOOKUP("LECHID"&A11,'Main File'!A:O,10,0),0) -> 2.7448717 | G11: =IFERROR(+VLOOKUP("LECHID"&A11,'Main File'!A:O,11,0),0) -> 1.4664206 | H11: =IFERROR(+VLOOKUP("LECHID"&A11,'Main File'!A:O,12,0),0) -> 0 | I11: =IFERROR(+VLOOKUP("LECHID"&A11,'Main File'!A:O,13,0),0) -> 0 | J11: =IFERROR(+VLOOKUP("LECHID"&A11,'Main File'!A:O,14,0),0) -> 0.24960351 | K11: =IFERROR(+VLOOKUP("LECHID"&A11,'Main File'!A:O,15,0),0) -> 1.7160241
A12: =+A11+1 -> 43199 | B12: =IFERROR(+VLOOKUP("LECHID"&A12,'Main File'!A:O,6,0),0) -> 2.4757124 | C12: =IFERROR(+VLOOKUP("LECHID"&A12,'Main File'!A:O,7,0),0) -> 0 | D12: =IFERROR(+VLOOKUP("LECHID"&A12,'Main File'!A:O,8,0),0) -> 0 | E12: =IFERROR(+VLOOKUP("LECHID"&A12,'Main File'!A:O,9,0),0) -> 0.26922679 | F12: =IFERROR(+VLOOKUP("LECHID"&A12,'Main File'!A:O,10,0),0) -> 2.7449392 | G12: =IFERROR(+VLOOKUP("LECHID"&A12,'Main File'!A:O,11,0),0) -> 1.4668302 | H12: =IFERROR(+VLOOKUP("LECHID"&A12,'Main File'!A:O,12,0),0) -> 0 | I12: =IFERROR(+VLOOKUP("LECHID"&A12,'Main File'!A:O,13,0),0) -> 0 | J12: =IFERROR(+VLOOKUP("LECHID"&A12,'Main File'!A:O,14,0),0) -> 0.24963386 | K12: =IFERROR(+VLOOKUP("LECHID"&A12,'Main File'!A:O,15,0),0) -> 1.7164641
A13: =+A12+1 -> 43200 | B13: =IFERROR(+VLOOKUP("LECHID"&A13,'Main File'!A:O,6,0),0) -> 2.475472 | C13: =IFERROR(+VLOOKUP("LECHID"&A13,'Main File'!A:O,7,0),0) -> 0 | D13: =IFERROR(+VLOOKUP("LECHID"&A13,'Main File'!A:O,8,0),0) -> 0 | E13: =IFERROR(+VLOOKUP("LECHID"&A13,'Main File'!A:O,9,0),0) -> 0.26918225 | F13: =IFERROR(+VLOOKUP("LECHID"&A13,'Main File'!A:O,10,0),0) -> 2.7446542 | G13: =IFERROR(+VLOOKUP("LECHID"&A13,'Main File'!A:O,11,0),0) -> 1.4662396 | H13: =IFERROR(+VLOOKUP("LECHID"&A13,'Main File'!A:O,12,0),0) -> 0 | I13: =IFERROR(+VLOOKUP("LECHID"&A13,'Main File'!A:O,13,0),0) -> 0 | J13: =IFERROR(+VLOOKUP("LECHID"&A13,'Main File'!A:O,14,0),0) -> 0.24957083 | K13: =IFERROR(+VLOOKUP("LECHID"&A13,'Main File'!A:O,15,0),0) -> 1.7158105
A14: =+A13+1 -> 43201 | B14: =IFERROR(+VLOOKUP("LECHID"&A14,'Main File'!A:O,6,0),0) -> 2.4755524 | C14: =IFERROR(+VLOOKUP("LECHID"&A14,'Main File'!A:O,7,0),0) -> 0 | D14: =IFERROR(+VLOOKUP("LECHID"&A14,'Main File'!A:O,8,0),0) -> 0 | E14: =IFERROR(+VLOOKUP("LECHID"&A14,'Main File'!A:O,9,0),0) -> 0.2691972 | F14: =IFERROR(+VLOOKUP("LECHID"&A14,'Main File'!A:O,10,0),0) -> 2.7447496 | G14: =IFERROR(+VLOOKUP("LECHID"&A14,'Main File'!A:O,11,0),0) -> 1.4667433 | H14: =IFERROR(+VLOOKUP("LECHID"&A14,'Main File'!A:O,12,0),0) -> 0 | I14: =IFERROR(+VLOOKUP("LECHID"&A14,'Main File'!A:O,13,0),0) -> 0 | J14: =IFERROR(+VLOOKUP("LECHID"&A14,'Main File'!A:O,14,0),0) -> 0.24963788 | K14: =IFERROR(+VLOOKUP("LECHID"&A14,'Main File'!A:O,15,0),0) -> 1.7163812
A15: =+A14+1 -> 43202 | B15: =IFERROR(+VLOOKUP("LECHID"&A15,'Main File'!A:O,6,0),0) -> 2.4754035 | C15: =IFERROR(+VLOOKUP("LECHID"&A15,'Main File'!A:O,7,0),0) -> 0 | D15: =IFERROR(+VLOOKUP("LECHID"&A15,'Main File'!A:O,8,0),0) -> 0 | E15: =IFERROR(+VLOOKUP("LECHID"&A15,'Main File'!A:O,9,0),0) -> 0.26917264 | F15: =IFERROR(+VLOOKUP("LECHID"&A15,'Main File'!A:O,10,0),0) -> 2.7445762 | G15: =IFERROR(+VLOOKUP("LECHID"&A15,'Main File'!A:O,11,0),0) -> 1.4661776 | H15: =IFERROR(+VLOOKUP("LECHID"&A15,'Main File'!A:O,12,0),0) -> 0 | I15: =IFERROR(+VLOOKUP("LECHID"&A15,'Main File'!A:O,13,0),0) -> 0 | J15: =IFERROR(+VLOOKUP("LECHID"&A15,'Main File'!A:O,14,0),0) -> 0.24951543 | K15: =IFERROR(+VLOOKUP("LECHID"&A15,'Main File'!A:O,15,0),0) -> 1.715693
A16: =+A15+1 -> 43203 | B16: =IFERROR(+VLOOKUP("LECHID"&A16,'Main File'!A:O,6,0),0) -> 2.4753629 | C16: =IFERROR(+VLOOKUP("LECHID"&A16,'Main File'!A:O,7,0),0) -> 0 | D16: =IFERROR(+VLOOKUP("LECHID"&A16,'Main File'!A:O,8,0),0) -> 0 | E16: =IFERROR(+VLOOKUP("LECHID"&A16,'Main File'!A:O,9,0),0) -> 0.26916526 | F16: =IFERROR(+VLOOKUP("LECHID"&A16,'Main File'!A:O,10,0),0) -> 2.7445282 | G16: =IFERROR(+VLOOKUP("LECHID"&A16,'Main File'!A:O,11,0),0) -> 1.4659174 | H16: =IFERROR(+VLOOKUP("LECHID"&A16,'Main File'!A:O,12,0),0) -> 0 | I16: =IFERROR(+VLOOKUP("LECHID"&A16,'Main File'!A:O,13,0),0) -> 0 | J16: =IFERROR(+VLOOKUP("LECHID"&A16,'Main File'!A:O,14,0),0) -> 0.24942055 | K16: =IFERROR(+VLOOKUP("LECHID"&A16,'Main File'!A:O,15,0),0) -> 1.7153379
A17: =+A16+1 -> 43204 | B17: =IFERROR(+VLOOKUP("LECHID"&A17,'Main File'!A:O,6,0),0) -> 2.475288 | C17: =IFERROR(+VLOOKUP("LECHID"&A17,'Main File'!A:O,7,0),0) -> 0 | D17: =IFERROR(+VLOOKUP("LECHID"&A17,'Main File'!A:O,8,0),0) -> 0 | E17: =IFERROR(+VLOOKUP("LECHID"&A17,'Main File'!A:O,9,0),0) -> 0.2691522 | F17: =IFERROR(+VLOOKUP("LECHID"&A17,'Main File'!A:O,10,0),0) -> 2.7444402 | G17: =IFERROR(+VLOOKUP("LECHID"&A17,'Main File'!A:O,11,0),0) -> 1.4660579 | H17: =IFERROR(+VLOOKUP("LECHID"&A17,'Main File'!A:O,12,0),0) -> 0 | I17: =IFERROR(+VLOOKUP("LECHID"&A17,'Main File'!A:O,13,0),0) -> 0 | J17: =IFERROR(+VLOOKUP("LECHID"&A17,'Main File'!A:O,14,0),0) -> 0.24950996 | K17: =IFERROR(+VLOOKUP("LECHID"&A17,'Main File'!A:O,15,0),0) -> 1.7155678
... A368: =+A367+1 -> 43555 | B368: =IFERROR(+VLOOKUP("LECHID"&A368,'Main File'!A:O,6,0),0) -> 0 | C368: =IFERROR(+VLOOKUP("LECHID"&A368,'Main File'!A:O,7,0),0) -> 0 | D368: =IFERROR(+VLOOKUP("LECHID"&A368,'Main File'!A:O,8,0),0) -> 0 | E368: =IFERROR(+VLOOKUP("LECHID"&A368,'Main File'!A:O,9,0),0) -> 0 | F368: =IFERROR(+VLOOKUP("LECHID"&A368,'Main File'!A:O,10,0),0) -> 0 | G368: =IFERROR(+VLOOKUP("LECHID"&A368,'Main File'!A:O,11,0),0) -> 0 | H368: =IFERROR(+VLOOKUP("LECHID"&A368,'Main File'!A:O,12,0),0) -> 0 | I368: =IFERROR(+VLOOKUP("LECHID"&A368,'Main File'!A:O,13,0),0) -> 0 | J368: =IFERROR(+VLOOKUP("LECHID"&A368,'Main File'!A:O,14,0),0) -> 0 | K368: =IFERROR(+VLOOKUP("LECHID"&A368,'Main File'!A:O,15,0),0) -> 0
A370: Notes:
A371: 1. Base TER excludes additional expenses provided in Regulation 52(6A)(b) and 52(6A)(c) of SEBI (Mutual Funds) Regulations, 1996.
A372: 2. Additional Expenses not exceeding 0.30% in terms of Regulation 52(6A)(b) of SEBI (Mutual Funds) Regulations, 1996.
A373: 3. Additional Expenses not exceeding 0.20% in terms of Regulation 52(6A)(c) of SEBI (Mutual Funds) Regulations, 1996.
A374: 4. Present GST rate is 18 %.
A375: 5. Percentages mentioned above are annualized.

Sheet LEEQTF
A1: =+VLOOKUP(+(MID(CELL("filename",A1),FIND("]",CELL("filename",A1))+1,255)),'Main File'!C:E,3,0) -> LIC MF Equity Fund | N1: Go to Index
B2: Regular Plan | G2: Direct Plan
A3: Date (DD/MM/YYYY) | B3: Base TER (%)1 | C3: Additional expense as per Regulation 52(6A)(b) (%)2 | D3: Additional expense as per Regulation 52(6A)(c) (%)3 | E3: GST (%)4 | F3: Total TER (%) | G3: Base TER (%)1 | H3: Additional expense as per Regulation 52(6A)(b) (%)2 | I3: Additional expense as per Regulation 52(6A)(c) (%)3 | J3: GST (%)4 | K3: Total TER (%)
A4: =LDBOND!A4 -> 43191 | B4: =IFERROR(+VLOOKUP("LEEQTF"&A4,'Main File'!A:O,6,0),0) -> 2.3252932 | C4: =IFERROR(+VLOOKUP("LEEQTF"&A4,'Main File'!A:O,7,0),0) -> 0 | D4: =IFERROR(+VLOOKUP("LEEQTF"&A4,'Main File'!A:O,8,0),0) -> 0.2 | E4: =IFERROR(+VLOOKUP("LEEQTF"&A4,'Main File'!A:O,9,0),0) -> 0.28895444 | F4: =IFERROR(+VLOOKUP("LEEQTF"&A4,'Main File'!A:O,10,0),0) -> 2.8142476 | G4: =IFERROR(+VLOOKUP("LEEQTF"&A4,'Main File'!A:O,11,0),0) -> 1.4629962 | H4: =IFERROR(+VLOOKUP("LEEQTF"&A4,'Main File'!A:O,12,0),0) -> 0 | I4: =IFERROR(+VLOOKUP("LEEQTF"&A4,'Main File'!A:O,13,0),0) -> 0.2 | J4: =IFERROR(+VLOOKUP("LEEQTF"&A4,'Main File'!A:O,14,0),0) -> 0.28674942 | K4: =IFERROR(+VLOOKUP("LEEQTF"&A4,'Main File'!A:O,15,0),0) -> 1.9497456
A5: =A4+1 -> 43192 | B5: =IFERROR(+VLOOKUP("LEEQTF"&A5,'Main File'!A:O,6,0),0) -> 2.3246438 | C5: =IFERROR(+VLOOKUP("LEEQTF"&A5,'Main File'!A:O,7,0),0) -> 0 | D5: =IFERROR(+VLOOKUP("LEEQTF"&A5,'Main File'!A:O,8,0),0) -> 0.2 | E5: =IFERROR(+VLOOKUP("LEEQTF"&A5,'Main File'!A:O,9,0),0) -> 0.28883747 | F5: =IFERROR(+VLOOKUP("LEEQTF"&A5,'Main File'!A:O,10,0),0) -> 2.8134812 | G5: =IFERROR(+VLOOKUP("LEEQTF"&A5,'Main File'!A:O,11,0),0) -> 1.4624559 | H5: =IFERROR(+VLOOKUP("LEEQTF"&A5,'Main File'!A:O,12,0),0) -> 0 | I5: =IFERROR(+VLOOKUP("LEEQTF"&A5,'Main File'!A:O,13,0),0) -> 0.2 | J5: =IFERROR(+VLOOKUP("LEEQTF"&A5,'Main File'!A:O,14,0),0) -> 0.28665207 | K5: =IFERROR(+VLOOKUP("LEEQTF"&A5,'Main File'!A:O,15,0),0) -> 1.9491079
A6: =+A5+1 -> 43193 | B6: =IFERROR(+VLOOKUP("LEEQTF"&A6,'Main File'!A:O,6,0),0) -> 2.3239615 | C6: =IFERROR(+VLOOKUP("LEEQTF"&A6,'Main File'!A:O,7,0),0) -> 0 | D6: =IFERROR(+VLOOKUP("LEEQTF"&A6,'Main File'!A:O,8,0),0) -> 0.2 | E6: =IFERROR(+VLOOKUP("LEEQTF"&A6,'Main File'!A:O,9,0),0) -> 0.28871463 | F6: =IFERROR(+VLOOKUP("LEEQTF"&A6,'Main File'!A:O,10,0),0) -> 2.8126761 | G6: =IFERROR(+VLOOKUP("LEEQTF"&A6,'Main File'!A:O,11,0),0) -> 1.4617803 | H6: =IFERROR(+VLOOKUP("LEEQTF"&A6,'Main File'!A:O,12,0),0) -> 0 | I6: =IFERROR(+VLOOKUP("LEEQTF"&A6,'Main File'!A:O,13,0),0) -> 0.2 | J6: =IFERROR(+VLOOKUP("LEEQTF"&A6,'Main File'!A:O,14,0),0) -> 0.28653059 | K6: =IFERROR(+VLOOKUP("LEEQTF"&A6,'Main File'!A:O,15,0),0) -> 1.9483109
A7: =+A6+1 -> 43194 | B7: =IFERROR(+VLOOKUP("LEEQTF"&A7,'Main File'!A:O,6,0),0) -> 2.3262243 | C7: =IFERROR(+VLOOKUP("LEEQTF"&A7,'Main File'!A:O,7,0),0) -> 0 | D7: =IFERROR(+VLOOKUP("LEEQTF"&A7,'Main File'!A:O,8,0),0) -> 0.2 | E7: =IFERROR(+VLOOKUP("LEEQTF"&A7,'Main File'!A:O,9,0),0) -> 0.28912177 | F7: =IFERROR(+VLOOKUP("LEEQTF"&A7,'Main File'!A:O,10,0),0) -> 2.8153461 | G7: =IFERROR(+VLOOKUP("LEEQTF"&A7,'Main File'!A:O,11,0),0) -> 1.4628078 | H7: =IFERROR(+VLOOKUP("LEEQTF"&A7,'Main File'!A:O,12,0),0) -> 0 | I7: =IFERROR(+VLOOKUP("LEEQTF"&A7,'Main File'!A:O,13,0),0) -> 0.2 | J7: =IFERROR(+VLOOKUP("LEEQTF"&A7,'Main File'!A:O,14,0),0) -> 0.28671672 | K7: =IFERROR(+VLOOKUP("LEEQTF"&A7,'Main File'!A:O,15,0),0) -> 1.9495245
A8: =+A7+1 -> 43195 | B8: =IFERROR(+VLOOKUP("LEEQTF"&A8,'Main File'!A:O,6,0),0) -> 2.3248133 | C8: =IFERROR(+VLOOKUP("LEEQTF"&A8,'Main File'!A:O,7,0),0) -> 0 | D8: =IFERROR(+VLOOKUP("LEEQTF"&A8,'Main File'!A:O,8,0),0) -> 0.2 | E8: =IFERROR(+VLOOKUP("LEEQTF"&A8,'Main File'!A:O,9,0),0) -> 0.2888681 | F8: =IFERROR(+VLOOKUP("LEEQTF"&A8,'Main File'!A:O,10,0),0) -> 2.8136814 | G8: =IFERROR(+VLOOKUP("LEEQTF"&A8,'Main File'!A:O,11,0),0) -> 1.4618038 | H8: =IFERROR(+VLOOKUP("LEEQTF"&A8,'Main File'!A:O,12,0),0) -> 0 | I8: =IFERROR(+VLOOKUP("LEEQTF"&A8,'Main File'!A:O,13,0),0) -> 0.2 | J8: =IFERROR(+VLOOKUP("LEEQTF"&A8,'Main File'!A:O,14,0),0) -> 0.28653412 | K8: =IFERROR(+VLOOKUP("LEEQTF"&A8,'Main File'!A:O,15,0),0) -> 1.9483379
A9: =+A8+1 -> 43196 | B9: =IFERROR(+VLOOKUP("LEEQTF"&A9,'Main File'!A:O,6,0),0) -> 2.3245967 | C9: =IFERROR(+VLOOKUP("LEEQTF"&A9,'Main File'!A:O,7,0),0) -> 0 | D9: =IFERROR(+VLOOKUP("LEEQTF"&A9,'Main File'!A:O,8,0),0) -> 0.2 | E9: =IFERROR(+VLOOKUP("LEEQTF"&A9,'Main File'!A:O,9,0),0) -> 0.28882898 | F9: =IFERROR(+VLOOKUP("LEEQTF"&A9,'Main File'!A:O,10,0),0) -> 2.8134257 | G9: =IFERROR(+VLOOKUP("LEEQTF"&A9,'Main File'!A:O,11,0),0) -> 1.4613809 | H9: =IFERROR(+VLOOKUP("LEEQTF"&A9,'Main File'!A:O,12,0),0) -> 0 | I9: =IFERROR(+VLOOKUP("LEEQTF"&A9,'Main File'!A:O,13,0),0) -> 0.2 | J9: =IFERROR(+VLOOKUP("LEEQTF"&A9,'Main File'!A:O,14,0),0) -> 0.28645899 | K9: =IFERROR(+VLOOKUP("LEEQTF"&A9,'Main File'!A:O,15,0),0) -> 1.9478399
A10: =+A9+1 -> 43197 | B10: =IFERROR(+VLOOKUP("LEEQTF"&A10,'Main File'!A:O,6,0),0) -> 2.3246019 | C10: =IFERROR(+VLOOKUP("LEEQTF"&A10,'Main File'!A:O,7,0),0) -> 0 | D10: =IFERROR(+VLOOKUP("LEEQTF"&A10,'Main File'!A:O,8,0),0) -> 0.2 | E10: =IFERROR(+VLOOKUP("LEEQTF"&A10,'Main File'!A:O,9,0),0) -> 0.28883002 | F10: =IFERROR(+VLOOKUP("LEEQTF"&A10,'Main File'!A:O,10,0),0) -> 2.8134319 | G10: =IFERROR(+VLOOKUP("LEEQTF"&A10,'Main File'!A:O,11,0),0) -> 1.4613443 | H10: =IFERROR(+VLOOKUP("LEEQTF"&A10,'Main File'!A:O,12,0),0) -> 0 | I10: =IFERROR(+VLOOKUP("LEEQTF"&A10,'Main File'!A:O,13,0),0) -> 0.2 | J10: =IFERROR(+VLOOKUP("LEEQTF"&A10,'Main File'!A:O,14,0),0) -> 0.28645147 | K10: =IFERROR(+VLOOKUP("LEEQTF"&A10,'Main File'!A:O,15,0),0) -> 1.9477958
A11: =+A10+1 -> 43198 | B11: =IFERROR(+VLOOKUP("LEEQTF"&A11,'Main File'!A:O,6,0),0) -> 2.3246067 | C11: =IFERROR(+VLOOKUP("LEEQTF"&A11,'Main File'!A:O,7,0),0) -> 0 | D11: =IFERROR(+VLOOKUP("LEEQTF"&A11,'Main File'!A:O,8,0),0) -> 0.2 | E11: =IFERROR(+VLOOKUP("LEEQTF"&A11,'Main File'!A:O,9,0),0) -> 0.28883078 | F11: =IFERROR(+VLOOKUP("LEEQTF"&A11,'Main File'!A:O,10,0),0) -> 2.8134375 | G11: =IFERROR(+VLOOKUP("LEEQTF"&A11,'Main File'!A:O,11,0),0) -> 1.4613487 | H11: =IFERROR(+VLOOKUP("LEEQTF"&A11,'Main File'!A:O,12,0),0) -> 0 | I11: =IFERROR(+VLOOKUP("LEEQTF"&A11,'Main File'!A:O,13,0),0) -> 0.2 | J11: =IFERROR(+VLOOKUP("LEEQTF"&A11,'Main File'!A:O,14,0),0) -> 0.28645251 | K11: =IFERROR(+VLOOKUP("LEEQTF"&A11,'Main File'!A:O,15,0),0) -> 1.9478012
A12: =+A11+1 -> 43199 | B12: =IFERROR(+VLOOKUP("LEEQTF"&A12,'Main File'!A:O,6,0),0) -> 2.3245547 | C12: =IFERROR(+VLOOKUP("LEEQTF"&A12,'Main File'!A:O,7,0),0) -> 0 | D12: =IFERROR(+VLOOKUP("LEEQTF"&A12,'Main File'!A:O,8,0),0) -> 0.2 | E12: =IFERROR(+VLOOKUP("LEEQTF"&A12,'Main File'!A:O,9,0),0) -> 0.28882126 | F12: =IFERROR(+VLOOKUP("LEEQTF"&A12,'Main File'!A:O,10,0),0) -> 2.813376 | G12: =IFERROR(+VLOOKUP("LEEQTF"&A12,'Main File'!A:O,11,0),0) -> 1.461309 | H12: =IFERROR(+VLOOKUP("LEEQTF"&A12,'Main File'!A:O,12,0),0) -> 0 | I12: =IFERROR(+VLOOKUP("LEEQTF"&A12,'Main File'!A:O,13,0),0) -> 0.2 | J12: =IFERROR(+VLOOKUP("LEEQTF"&A12,'Main File'!A:O,14,0),0) -> 0.28644609 | K12: =IFERROR(+VLOOKUP("LEEQTF"&A12,'Main File'!A:O,15,0),0) -> 1.9477551
A13: =+A12+1 -> 43200 | B13: =IFERROR(+VLOOKUP("LEEQTF"&A13,'Main File'!A:O,6,0),0) -> 2.3243441 | C13: =IFERROR(+VLOOKUP("LEEQTF"&A13,'Main File'!A:O,7,0),0) -> 0 | D13: =IFERROR(+VLOOKUP("LEEQTF"&A13,'Main File'!A:O,8,0),0) -> 0.2 | E13: =IFERROR(+VLOOKUP("LEEQTF"&A13,'Main File'!A:O,9,0),0) -> 0.28878364 | F13: =IFERROR(+VLOOKUP("LEEQTF"&A13,'Main File'!A:O,10,0),0) -> 2.8131278 | G13: =IFERROR(+VLOOKUP("LEEQTF"&A13,'Main File'!A:O,11,0),0) -> 1.4611282 | H13: =IFERROR(+VLOOKUP("LEEQTF"&A13,'Main File'!A:O,12,0),0) -> 0 | I13: =IFERROR(+VLOOKUP("LEEQTF"&A13,'Main File'!A:O,13,0),0) -> 0.2 | J13: =IFERROR(+VLOOKUP("LEEQTF"&A13,'Main File'!A:O,14,0),0) -> 0.28641291 | K13: =IFERROR(+VLOOKUP("LEEQTF"&A13,'Main File'!A:O,15,0),0) -> 1.9475411
A14: =+A13+1 -> 43201 | B14: =IFERROR(+VLOOKUP("LEEQTF"&A14,'Main File'!A:O,6,0),0) -> 2.3242823 | C14: =IFERROR(+VLOOKUP("LEEQTF"&A14,'Main File'!A:O,7,0),0) -> 0 | D14: =IFERROR(+VLOOKUP("LEEQTF"&A14,'Main File'!A:O,8,0),0) -> 0.2 | E14: =IFERROR(+VLOOKUP("LEEQTF"&A14,'Main File'!A:O,9,0),0) -> 0.2887724 | F14: =IFERROR(+VLOOKUP("LEEQTF"&A14,'Main File'!A:O,10,0),0) -> 2.8130547 | G14: =IFERROR(+VLOOKUP("LEEQTF"&A14,'Main File'!A:O,11,0),0) -> 1.4610431 | H14: =IFERROR(+VLOOKUP("LEEQTF"&A14,'Main File'!A:O,12,0),0) -> 0 | I14: =IFERROR(+VLOOKUP("LEEQTF"&A14,'Main File'!A:O,13,0),0) -> 0.2 | J14: =IFERROR(+VLOOKUP("LEEQTF"&A14,'Main File'!A:O,14,0),0) -> 0.28639746 | K14: =IFERROR(+VLOOKUP("LEEQTF"&A14,'Main File'!A:O,15,0),0) -> 1.9474406
A15: =+A14+1 -> 43202 | B15: =IFERROR(+VLOOKUP("LEEQTF"&A15,'Main File'!A:O,6,0),0) -> 2.3242404 | C15: =IFERROR(+VLOOKUP("LEEQTF"&A15,'Main File'!A:O,7,0),0) -> 0 | D15: =IFERROR(+VLOOKUP("LEEQTF"&A15,'Main File'!A:O,8,0),0) -> 0.2 | E15: =IFERROR(+VLOOKUP("LEEQTF"&A15,'Main File'!A:O,9,0),0) -> 0.28876466 | F15: =IFERROR(+VLOOKUP("LEEQTF"&A15,'Main File'!A:O,10,0),0) -> 2.813005 | G15: =IFERROR(+VLOOKUP("LEEQTF"&A15,'Main File'!A:O,11,0),0) -> 1.4610024 | H15: =IFERROR(+VLOOKUP("LEEQTF"&A15,'Main File'!A:O,12,0),0) -> 0 | I15: =IFERROR(+VLOOKUP("LEEQTF"&A15,'Main File'!A:O,13,0),0) -> 0.2 | J15: =IFERROR(+VLOOKUP("LEEQTF"&A15,'Main File'!A:O,14,0),0) -> 0.28639167 | K15: =IFERROR(+VLOOKUP("LEEQTF"&A15,'Main File'!A:O,15,0),0) -> 1.947394
A16: =+A15+1 -> 43203 | B16: =IFERROR(+VLOOKUP("LEEQTF"&A16,'Main File'!A:O,6,0),0) -> 2.3253589 | C16: =IFERROR(+VLOOKUP("LEEQTF"&A16,'Main File'!A:O,7,0),0) -> 0.050003963 | D16: =IFERROR(+VLOOKUP("LEEQTF"&A16,'Main File'!A:O,8,0),0) -> 0.2 | E16: =IFERROR(+VLOOKUP("LEEQTF"&A16,'Main File'!A:O,9,0),0) -> 0.288966 | F16: =IFERROR(+VLOOKUP("LEEQTF"&A16,'Main File'!A:O,10,0),0) -> 2.8643289 | G16: =IFERROR(+VLOOKUP("LEEQTF"&A16,'Main File'!A:O,11,0),0) -> 1.4610373 | H16: =IFERROR(+VLOOKUP("LEEQTF"&A16,'Main File'!A:O,12,0),0) -> 0 | I16: =IFERROR(+VLOOKUP("LEEQTF"&A16,'Main File'!A:O,13,0),0) -> 0.2 | J16: =IFERROR(+VLOOKUP("LEEQTF"&A16,'Main File'!A:O,14,0),0) -> 0.28639727 | K16: =IFERROR(+VLOOKUP("LEEQTF"&A16,'Main File'!A:O,15,0),0) -> 1.9474346
A17: =+A16+1 -> 43204 | B17: =IFERROR(+VLOOKUP("LEEQTF"&A17,'Main File'!A:O,6,0),0) -> 2.3253942 | C17: =IFERROR(+VLOOKUP("LEEQTF"&A17,'Main File'!A:O,7,0),0) -> 0.050003988 | D17: =IFERROR(+VLOOKUP("LEEQTF"&A17,'Main File'!A:O,8,0),0) -> 0.2 | E17: =IFERROR(+VLOOKUP("LEEQTF"&A17,'Main File'!A:O,9,0),0) -> 0.2889723 | F17: =IFERROR(+VLOOKUP("LEEQTF"&A17,'Main File'!A:O,10,0),0) -> 2.8643705 | G17: =IFERROR(+VLOOKUP("LEEQTF"&A17,'Main File'!A:O,11,0),0) -> 1.4610231 | H17: =IFERROR(+VLOOKUP("LEEQTF"&A17,'Main File'!A:O,12,0),0) -> 0 | I17: =IFERROR(+VLOOKUP("LEEQTF"&A17,'Main File'!A:O,13,0),0) -> 0.2 | J17: =IFERROR(+VLOOKUP("LEEQTF"&A17,'Main File'!A:O,14,0),0) -> 0.28639502 | K17: =IFERROR(+VLOOKUP("LEEQTF"&A17,'Main File'!A:O,15,0),0) -> 1.9474182
... A368: =+A367+1 -> 43555 | B368: =IFERROR(+VLOOKUP("LEEQTF"&A368,'Main File'!A:O,6,0),0) -> 0 | C368: =IFERROR(+VLOOKUP("LEEQTF"&A368,'Main File'!A:O,7,0),0) -> 0 | D368: =IFERROR(+VLOOKUP("LEEQTF"&A368,'Main File'!A:O,8,0),0) -> 0 | E368: =IFERROR(+VLOOKUP("LEEQTF"&A368,'Main File'!A:O,9,0),0) -> 0 | F368: =IFERROR(+VLOOKUP("LEEQTF"&A368,'Main File'!A:O,10,0),0) -> 0 | G368: =IFERROR(+VLOOKUP("LEEQTF"&A368,'Main File'!A:O,11,0),0) -> 0 | H368: =IFERROR(+VLOOKUP("LEEQTF"&A368,'Main File'!A:O,12,0),0) -> 0 | I368: =IFERROR(+VLOOKUP("LEEQTF"&A368,'Main File'!A:O,13,0),0) -> 0 | J368: =IFERROR(+VLOOKUP("LEEQTF"&A368,'Main File'!A:O,14,0),0) -> 0 | K368: =IFERROR(+VLOOKUP("LEEQTF"&A368,'Main File'!A:O,15,0),0) -> 0
A370: Notes:
A371: 1. Base TER excludes additional expenses provided in Regulation 52(6A)(b) and 52(6A)(c) of SEBI (Mutual Funds) Regulations, 1996.
A372: 2. Additional Expenses not exceeding 0.30% in terms of Regulation 52(6A)(b) of SEBI (Mutual Funds) Regulations, 1996.
A373: 3. Additional Expenses not exceeding 0.20% in terms of Regulation 52(6A)(c) of SEBI (Mutual Funds) Regulations, 1996.
A374: 4. Present GST rate is 18 %.
A375: 5. Percentages mentioned above are annualized.

Sheet LEGROW
A1: =+VLOOKUP(+(MID(CELL("filename",A1),FIND("]",CELL("filename",A1))+1,255)),'Main File'!C:E,3,0) -> LIC MF Growth Fund | N1: Go to Index
B2: Regular Plan | G2: Direct Plan
A3: Date (DD/MM/YYYY) | B3: Base TER (%)1 | C3: Additional expense as per Regulation 52(6A)(b) (%)2 | D3: Additional expense as per Regulation 52(6A)(c) (%)3 | E3: GST (%)4 | F3: Total TER (%) | G3: Base TER (%)1 | H3: Additional expense as per Regulation 52(6A)(b) (%)2 | I3: Additional expense as per Regulation 52(6A)(c) (%)3 | J3: GST (%)4 | K3: Total TER (%)
A4: =LDBOND!A4 -> 43191 | B4: =IFERROR(+VLOOKUP("LEGROW"&A4,'Main File'!A:O,6,0),0) -> 2.3544261 | C4: =IFERROR(+VLOOKUP("LEGROW"&A4,'Main File'!A:O,7,0),0) -> 0 | D4: =IFERROR(+VLOOKUP("LEGROW"&A4,'Main File'!A:O,8,0),0) -> 0.2 | E4: =IFERROR(+VLOOKUP("LEGROW"&A4,'Main File'!A:O,9,0),0) -> 0.27619747 | F4: =IFERROR(+VLOOKUP("LEGROW"&A4,'Main File'!A:O,10,0),0) -> 2.8306236 | G4: =IFERROR(+VLOOKUP("LEGROW"&A4,'Main File'!A:O,11,0),0) -> 1.3978284 | H4: =IFERROR(+VLOOKUP("LEGROW"&A4,'Main File'!A:O,12,0),0) -> 0 | I4: =IFERROR(+VLOOKUP("LEGROW"&A4,'Main File'!A:O,13,0),0) -> 0.2 | J4: =IFERROR(+VLOOKUP("LEGROW"&A4,'Main File'!A:O,14,0),0) -> 0.27321936 | K4: =IFERROR(+VLOOKUP("LEGROW"&A4,'Main File'!A:O,15,0),0) -> 1.8710477
A5: =A4+1 -> 43192 | B5: =IFERROR(+VLOOKUP("LEGROW"&A5,'Main File'!A:O,6,0),0) -> 2.3529318 | C5: =IFERROR(+VLOOKUP("LEGROW"&A5,'Main File'!A:O,7,0),0) -> 0 | D5: =IFERROR(+VLOOKUP("LEGROW"&A5,'Main File'!A:O,8,0),0) -> 0.2 | E5: =IFERROR(+VLOOKUP("LEGROW"&A5,'Main File'!A:O,9,0),0) -> 0.27592886 | F5: =IFERROR(+VLOOKUP("LEGROW"&A5,'Main File'!A:O,10,0),0) -> 2.8288607 | G5: =IFERROR(+VLOOKUP("LEGROW"&A5,'Main File'!A:O,11,0),0) -> 1.396572 | H5: =IFERROR(+VLOOKUP("LEGROW"&A5,'Main File'!A:O,12,0),0) -> 0 | I5: =IFERROR(+VLOOKUP("LEGROW"&A5,'Main File'!A:O,13,0),0) -> 0.2 | J5: =IFERROR(+VLOOKUP("LEGROW"&A5,'Main File'!A:O,14,0),0) -> 0.27299276 | K5: =IFERROR(+VLOOKUP("LEGROW"&A5,'Main File'!A:O,15,0),0) -> 1.8695647
A6: =+A5+1 -> 43193 | B6: =IFERROR(+VLOOKUP("LEGROW"&A6,'Main File'!A:O,6,0),0) -> 2.3521803 | C6: =IFERROR(+VLOOKUP("LEGROW"&A6,'Main File'!A:O,7,0),0) -> 0 | D6: =IFERROR(+VLOOKUP("LEGROW"&A6,'Main File'!A:O,8,0),0) -> 0.2 | E6: =IFERROR(+VLOOKUP("LEGROW"&A6,'Main File'!A:O,9,0),0) -> 0.27579307 | F6: =IFERROR(+VLOOKUP("LEGROW"&A6,'Main File'!A:O,10,0),0) -> 2.8279733 | G6: =IFERROR(+VLOOKUP("LEGROW"&A6,'Main File'!A:O,11,0),0) -> 1.3956892 | H6: =IFERROR(+VLOOKUP("LEGROW"&A6,'Main File'!A:O,12,0),0) -> 0 | I6: =IFERROR(+VLOOKUP("LEGROW"&A6,'Main File'!A:O,13,0),0) -> 0.2 | J6: =IFERROR(+VLOOKUP("LEGROW"&A6,'Main File'!A:O,14,0),0) -> 0.27283499 | K6: =IFERROR(+VLOOKUP("LEGROW"&A6,'Main File'!A:O,15,0),0) -> 1.8685241
A7: =+A6+1 -> 43194 | B7: =IFERROR(+VLOOKUP("LEGROW"&A7,'Main File'!A:O,6,0),0) -> 2.3544059 | C7: =IFERROR(+VLOOKUP("LEGROW"&A7,'Main File'!A:O,7,0),0) -> 0 | D7: =IFERROR(+VLOOKUP("LEGROW"&A7,'Main File'!A:O,8,0),0) -> 0.2 | E7: =IFERROR(+VLOOKUP("LEGROW"&A7,'Main File'!A:O,9,0),0) -> 0.27619416 | F7: =IFERROR(+VLOOKUP("LEGROW"&A7,'Main File'!A:O,10,0),0) -> 2.8306001 | G7: =IFERROR(+VLOOKUP("LEGROW"&A7,'Main File'!A:O,11,0),0) -> 1.3968074 | H7: =IFERROR(+VLOOKUP("LEGROW"&A7,'Main File'!A:O,12,0),0) -> 0 | I7: =IFERROR(+VLOOKUP("LEGROW"&A7,'Main File'!A:O,13,0),0) -> 0.2 | J7: =IFERROR(+VLOOKUP("LEGROW"&A7,'Main File'!A:O,14,0),0) -> 0.27303477 | K7: =IFERROR(+VLOOKUP("LEGROW"&A7,'Main File'!A:O,15,0),0) -> 1.8698422
A8: =+A7+1 -> 43195 | B8: =IFERROR(+VLOOKUP("LEGROW"&A8,'Main File'!A:O,6,0),0) -> 2.3523989 | C8: =IFERROR(+VLOOKUP("LEGROW"&A8,'Main File'!A:O,7,0),0) -> 0 | D8: =IFERROR(+VLOOKUP("LEGROW"&A8,'Main File'!A:O,8,0),0) -> 0.2 | E8: =IFERROR(+VLOOKUP("LEGROW"&A8,'Main File'!A:O,9,0),0) -> 0.27583251 | F8: =IFERROR(+VLOOKUP("LEGROW"&A8,'Main File'!A:O,10,0),0) -> 2.8282314 | G8: =IFERROR(+VLOOKUP("LEGROW"&A8,'Main File'!A:O,11,0),0) -> 1.3953388 | H8: =IFERROR(+VLOOKUP("LEGROW"&A8,'Main File'!A:O,12,0),0) -> 0 | I8: =IFERROR(+VLOOKUP("LEGROW"&A8,'Main File'!A:O,13,0),0) -> 0.2 | J8: =IFERROR(+VLOOKUP("LEGROW"&A8,'Main File'!A:O,14,0),0) -> 0.27277155 | K8: =IFERROR(+VLOOKUP("LEGROW"&A8,'Main File'!A:O,15,0),0) -> 1.8681104
A9: =+A8+1 -> 43196 | B9: =IFERROR(+VLOOKUP("LEGROW"&A9,'Main File'!A:O,6,0),0) -> 2.3517926 | C9: =IFERROR(+VLOOKUP("LEGROW"&A9,'Main File'!A:O,7,0),0) -> 0 | D9: =IFERROR(+VLOOKUP("LEGROW"&A9,'Main File'!A:O,8,0),0) -> 0.2 | E9: =IFERROR(+VLOOKUP("LEGROW"&A9,'Main File'!A:O,9,0),0) -> 0.2757236 | F9: =IFERROR(+VLOOKUP("LEGROW"&A9,'Main File'!A:O,10,0),0) -> 2.8275162 | G9: =IFERROR(+VLOOKUP("LEGROW"&A9,'Main File'!A:O,11,0),0) -> 1.3944888 | H9: =IFERROR(+VLOOKUP("LEGROW"&A9,'Main File'!A:O,12,0),0) -> 0 | I9: =IFERROR(+VLOOKUP("LEGROW"&A9,'Main File'!A:O,13,0),0) -> 0.2 | J9: =IFERROR(+VLOOKUP("LEGROW"&A9,'Main File'!A:O,14,0),0) -> 0.2726185 | K9: =IFERROR(+VLOOKUP("LEGROW"&A9,'Main File'!A:O,15,0),0) -> 1.8671073
A10: =+A9+1 -> 43197 | B10: =IFERROR(+VLOOKUP("LEGROW"&A10,'Main File'!A:O,6,0),0) -> 2.3517991 | C10: =IFERROR(+VLOOKUP("LEGROW"&A10,'Main File'!A:O,7,0),0) -> 0 | D10: =IFERROR(+VLOOKUP("LEGROW"&A10,'Main File'!A:O,8,0),0) -> 0.2 | E10: =IFERROR(+VLOOKUP("LEGROW"&A10,'Main File'!A:O,9,0),0) -> 0.27572477 | F10: =IFERROR(+VLOOKUP("LEGROW"&A10,'Main File'!A:O,10,0),0) -> 2.8275239 | G10: =IFERROR(+VLOOKUP("LEGROW"&A10,'Main File'!A:O,11,0),0) -> 1.3944027 | H10: =IFERROR(+VLOOKUP("LEGROW"&A10,'Main File'!A:O,12,0),0) -> 0 | I10: =IFERROR(+VLOOKUP("LEGROW"&A10,'Main File'!A:O,13,0),0) -> 0.2 | J10: =IFERROR(+VLOOKUP("LEGROW"&A10,'Main File'!A:O,14,0),0) -> 0.27260275 | K10: =IFERROR(+VLOOKUP("LEGROW"&A10,'Main File'!A:O,15,0),0) -> 1.8670055
A11: =+A10+1 -> 43198 | B11: =IFERROR(+VLOOKUP("LEGROW"&A11,'Main File'!A:O,6,0),0) -> 2.3518056 | C11: =IFERROR(+VLOOKUP("LEGROW"&A11,'Main File'!A:O,7,0),0) -> 0 | D11: =IFERROR(+VLOOKUP("LEGROW"&A11,'Main File'!A:O,8,0),0) -> 0.2 | E11: =IFERROR(+VLOOKUP("LEGROW"&A11,'Main File'!A:O,9,0),0) -> 0.27572594 | F11: =IFERROR(+VLOOKUP("LEGROW"&A11,'Main File'!A:O,10,0),0) -> 2.8275315 | G11: =IFERROR(+VLOOKUP("LEGROW"&A11,'Main File'!A:O,11,0),0) -> 1.3944081 | H11: =IFERROR(+VLOOKUP("LEGROW"&A11,'Main File'!A:O,12,0),0) -> 0 | I11: =IFERROR(+VLOOKUP("LEGROW"&A11,'Main File'!A:O,13,0),0) -> 0.2 | J11: =IFERROR(+VLOOKUP("LEGROW"&A11,'Main File'!A:O,14,0),0) -> 0.27260365 | K11: =IFERROR(+VLOOKUP("LEGROW"&A11,'Main File'!A:O,15,0),0) -> 1.8670117
A12: =+A11+1 -> 43199 | B12: =IFERROR(+VLOOKUP("LEGROW"&A12,'Main File'!A:O,6,0),0) -> 2.3515122 | C12: =IFERROR(+VLOOKUP("LEGROW"&A12,'Main File'!A:O,7,0),0) -> 0 | D12: =IFERROR(+VLOOKUP("LEGROW"&A12,'Main File'!A:O,8,0),0) -> 0.2 | E12: =IFERROR(+VLOOKUP("LEGROW"&A12,'Main File'!A:O,9,0),0) -> 0.275673 | F12: =IFERROR(+VLOOKUP("LEGROW"&A12,'Main File'!A:O,10,0),0) -> 2.8271852 | G12: =IFERROR(+VLOOKUP("LEGROW"&A12,'Main File'!A:O,11,0),0) -> 1.3941594 | H12: =IFERROR(+VLOOKUP("LEGROW"&A12,'Main File'!A:O,12,0),0) -> 0 | I12: =IFERROR(+VLOOKUP("LEGROW"&A12,'Main File'!A:O,13,0),0) -> 0.2 | J12: =IFERROR(+VLOOKUP("LEGROW"&A12,'Main File'!A:O,14,0),0) -> 0.27255902 | K12: =IFERROR(+VLOOKUP("LEGROW"&A12,'Main File'!A:O,15,0),0) -> 1.8667184
A13: =+A12+1 -> 43200 | B13: =IFERROR(+VLOOKUP("LEGROW"&A13,'Main File'!A:O,6,0),0) -> 2.3516057 | C13: =IFERROR(+VLOOKUP("LEGROW"&A13,'Main File'!A:O,7,0),0) -> 0 | D13: =IFERROR(+VLOOKUP("LEGROW"&A13,'Main File'!A:O,8,0),0) -> 0.2 | E13: =IFERROR(+VLOOKUP("LEGROW"&A13,'Main File'!A:O,9,0),0) -> 0.27569009 | F13: =IFERROR(+VLOOKUP("LEGROW"&A13,'Main File'!A:O,10,0),0) -> 2.8272958 | G13: =IFERROR(+VLOOKUP("LEGROW"&A13,'Main File'!A:O,11,0),0) -> 1.3942069 | H13: =IFERROR(+VLOOKUP("LEGROW"&A13,'Main File'!A:O,12,0),0) -> 0 | I13: =IFERROR(+VLOOKUP("LEGROW"&A13,'Main File'!A:O,13,0),0) -> 0.2 | J13: =IFERROR(+VLOOKUP("LEGROW"&A13,'Main File'!A:O,14,0),0) -> 0.27256678 | K13: =IFERROR(+VLOOKUP("LEGROW"&A13,'Main File'!A:O,15,0),0) -> 1.8667737
A14: =+A13+1 -> 43201 | B14: =IFERROR(+VLOOKUP("LEGROW"&A14,'Main File'!A:O,6,0),0) -> 2.3514069 | C14: =IFERROR(+VLOOKUP("LEGROW"&A14,'Main File'!A:O,7,0),0) -> 0 | D14: =IFERROR(+VLOOKUP("LEGROW"&A14,'Main File'!A:O,8,0),0) -> 0.2 | E14: =IFERROR(+VLOOKUP("LEGROW"&A14,'Main File'!A:O,9,0),0) -> 0.27565401 | F14: =IFERROR(+VLOOKUP("LEGROW"&A14,'Main File'!A:O,10,0),0) -> 2.8270609 | G14: =IFERROR(+VLOOKUP("LEGROW"&A14,'Main File'!A:O,11,0),0) -> 1.3940488 | H14: =IFERROR(+VLOOKUP("LEGROW"&A14,'Main File'!A:O,12,0),0) -> 0 | I14: =IFERROR(+VLOOKUP("LEGROW"&A14,'Main File'!A:O,13,0),0) -> 0.2 | J14: =IFERROR(+VLOOKUP("LEGROW"&A14,'Main File'!A:O,14,0),0) -> 0.27253886 | K14: =IFERROR(+VLOOKUP("LEGROW"&A14,'Main File'!A:O,15,0),0) -> 1.8665877
A15: =+A14+1 -> 43202 | B15: =IFERROR(+VLOOKUP("LEGROW"&A15,'Main File'!A:O,6,0),0) -> 2.350986 | C15: =IFERROR(+VLOOKUP("LEGROW"&A15,'Main File'!A:O,7,0),0) -> 0 | D15: =IFERROR(+VLOOKUP("LEGROW"&A15,'Main File'!A:O,8,0),0) -> 0.2 | E15: =IFERROR(+VLOOKUP("LEGROW"&A15,'Main File'!A:O,9,0),0) -> 0.27557872 | F15: =IFERROR(+VLOOKUP("LEGROW"&A15,'Main File'!A:O,10,0),0) -> 2.8265647 | G15: =IFERROR(+VLOOKUP("LEGROW"&A15,'Main File'!A:O,11,0),0) -> 1.3936468 | H15: =IFERROR(+VLOOKUP("LEGROW"&A15,'Main File'!A:O,12,0),0) -> 0 | I15: =IFERROR(+VLOOKUP("LEGROW"&A15,'Main File'!A:O,13,0),0) -> 0.2 | J15: =IFERROR(+VLOOKUP("LEGROW"&A15,'Main File'!A:O,14,0),0) -> 0.27246637 | K15: =IFERROR(+VLOOKUP("LEGROW"&A15,'Main File'!A:O,15,0),0) -> 1.8661131
A16: =+A15+1 -> 43203 | B16: =IFERROR(+VLOOKUP("LEGROW"&A16,'Main File'!A:O,6,0),0) -> 2.3523273 | C16: =IFERROR(+VLOOKUP("LEGROW"&A16,'Main File'!A:O,7,0),0) -> 0.050003911 | D16: =IFERROR(+VLOOKUP("LEGROW"&A16,'Main File'!A:O,8,0),0) -> 0.2 | E16: =IFERROR(+VLOOKUP("LEGROW"&A16,'Main File'!A:O,9,0),0) -> 0.27581969 | F16: =IFERROR(+VLOOKUP("LEGROW"&A16,'Main File'!A:O,10,0),0) -> 2.8781509 | G16: =IFERROR(+VLOOKUP("LEGROW"&A16,'Main File'!A:O,11,0),0) -> 1.3940249 | H16: =IFERROR(+VLOOKUP("LEGROW"&A16,'Main File'!A:O,12,0),0) -> 0 | I16: =IFERROR(+VLOOKUP("LEGROW"&A16,'Main File'!A:O,13,0),0) -> 0.2 | J16: =IFERROR(+VLOOKUP("LEGROW"&A16,'Main File'!A:O,14,0),0) -> 0.27253411 | K16: =IFERROR(+VLOOKUP("LEGROW"&A16,'Main File'!A:O,15,0),0) -> 1.866559
A17: =+A16+1 -> 43204 | B17: =IFERROR(+VLOOKUP("LEGROW"&A17,'Main File'!A:O,6,0),0) -> 2.3524294 | C17: =IFERROR(+VLOOKUP("LEGROW"&A17,'Main File'!A:O,7,0),0) -> 0.050003962 | D17: =IFERROR(+VLOOKUP("LEGROW"&A17,'Main File'!A:O,8,0),0) -> 0.2 | E17: =IFERROR(+VLOOKUP("LEGROW"&A17,'Main File'!A:O,9,0),0) -> 0.2758381 | F17: =IFERROR(+VLOOKUP("LEGROW"&A17,'Main File'!A:O,10,0),0) -> 2.8782715 | G17: =IFERROR(+VLOOKUP("LEGROW"&A17,'Main File'!A:O,11,0),0) -> 1.3941299 | H17: =IFERROR(+VLOOKUP("LEGROW"&A17,'Main File'!A:O,12,0),0) -> 0 | I17: =IFERROR(+VLOOKUP("LEGROW"&A17,'Main File'!A:O,13,0),0) -> 0.2 | J17: =IFERROR(+VLOOKUP("LEGROW"&A17,'Main File'!A:O,14,0),0) -> 0.27255306 | K17: =IFERROR(+VLOOKUP("LEGROW"&A17,'Main File'!A:O,15,0),0) -> 1.866683
... A368: =+A367+1 -> 43555 | B368: =IFERROR(+VLOOKUP("LEGROW"&A368,'Main File'!A:O,6,0),0) -> 0 | C368: =IFERROR(+VLOOKUP("LEGROW"&A368,'Main File'!A:O,7,0),0) -> 0 | D368: =IFERROR(+VLOOKUP("LEGROW"&A368,'Main File'!A:O,8,0),0) -> 0 | E368: =IFERROR(+VLOOKUP("LEGROW"&A368,'Main File'!A:O,9,0),0) -> 0 | F368: =IFERROR(+VLOOKUP("LEGROW"&A368,'Main File'!A:O,10,0),0) -> 0 | G368: =IFERROR(+VLOOKUP("LEGROW"&A368,'Main File'!A:O,11,0),0) -> 0 | H368: =IFERROR(+VLOOKUP("LEGROW"&A368,'Main File'!A:O,12,0),0) -> 0 | I368: =IFERROR(+VLOOKUP("LEGROW"&A368,'Main File'!A:O,13,0),0) -> 0 | J368: =IFERROR(+VLOOKUP("LEGROW"&A368,'Main File'!A:O,14,0),0) -> 0 | K368: =IFERROR(+VLOOKUP("LEGROW"&A368,'Main File'!A:O,15,0),0) -> 0
A370: Notes:
A371: 1. Base TER excludes additional expenses provided in Regulation 52(6A)(b) and 52(6A)(c) of SEBI (Mutual Funds) Regulations, 1996.
A372: 2. Additional Expenses not exceeding 0.30% in terms of Regulation 52(6A)(b) of SEBI (Mutual Funds) Regulations, 1996.
A373: 3. Additional Expenses not exceeding 0.20% in terms of Regulation 52(6A)(c) of SEBI (Mutual Funds) Regulations, 1996.
A374: 4. Present GST rate is 18 %.
A375: 5. Percentages mentioned above are annualized.

Sheet LEINFA
A1: =+VLOOKUP(+(MID(CELL("filename",A1),FIND("]",CELL("filename",A1))+1,255)),'Main File'!C:E,3,0) -> LIC MF Infrastructure Fund | N1: Go to Index
B2: Regular Plan | G2: Direct Plan
A3: Date (DD/MM/YYYY) | B3: Base TER (%)1 | C3: Additional expense as per Regulation 52(6A)(b) (%)2 | D3: Additional expense as per Regulation 52(6A)(c) (%)3 | E3: GST (%)4 | F3: Total TER (%) | G3: Base TER (%)1 | H3: Additional expense as per Regulation 52(6A)(b) (%)2 | I3: Additional expense as per Regulation 52(6A)(c) (%)3 | J3: GST (%)4 | K3: Total TER (%)
A4: =LDBOND!A4 -> 43191 | B4: =IFERROR(+VLOOKUP("LEINFA"&A4,'Main File'!A:O,6,0),0) -> 2.500123 | C4: =IFERROR(+VLOOKUP("LEINFA"&A4,'Main File'!A:O,7,0),0) -> 0 | D4: =IFERROR(+VLOOKUP("LEINFA"&A4,'Main File'!A:O,8,0),0) -> 0.2 | E4: =IFERROR(+VLOOKUP("LEINFA"&A4,'Main File'!A:O,9,0),0) -> 0.25382067 | F4: =IFERROR(+VLOOKUP("LEINFA"&A4,'Main File'!A:O,10,0),0) -> 2.9539437 | G4: =IFERROR(+VLOOKUP("LEINFA"&A4,'Main File'!A:O,11,0),0) -> 1.2076853 | H4: =IFERROR(+VLOOKUP("LEINFA"&A4,'Main File'!A:O,12,0),0) -> 0 | I4: =IFERROR(+VLOOKUP("LEINFA"&A4,'Main File'!A:O,13,0),0) -> 0.2 | J4: =IFERROR(+VLOOKUP("LEINFA"&A4,'Main File'!A:O,14,0),0) -> 0.2407882 | K4: =IFERROR(+VLOOKUP("LEINFA"&A4,'Main File'!A:O,15,0),0) -> 1.6484735
A5: =A4+1 -> 43192 | B5: =IFERROR(+VLOOKUP("LEINFA"&A5,'Main File'!A:O,6,0),0) -> 2.5001239 | C5: =IFERROR(+VLOOKUP("LEINFA"&A5,'Main File'!A:O,7,0),0) -> 0 | D5: =IFERROR(+VLOOKUP("LEINFA"&A5,'Main File'!A:O,8,0),0) -> 0.2 | E5: =IFERROR(+VLOOKUP("LEINFA"&A5,'Main File'!A:O,9,0),0) -> 0.2538205 | F5: =IFERROR(+VLOOKUP("LEINFA"&A5,'Main File'!A:O,10,0),0) -> 2.9539444 | G5: =IFERROR(+VLOOKUP("LEINFA"&A5,'Main File'!A:O,11,0),0) -> 1.2080822 | H5: =IFERROR(+VLOOKUP("LEINFA"&A5,'Main File'!A:O,12,0),0) -> 0 | I5: =IFERROR(+VLOOKUP("LEINFA"&A5,'Main File'!A:O,13,0),0) -> 0.2 | J5: =IFERROR(+VLOOKUP("LEINFA"&A5,'Main File'!A:O,14,0),0) -> 0.24086848 | K5: =IFERROR(+VLOOKUP("LEINFA"&A5,'Main File'!A:O,15,0),0) -> 1.6489507
A6: =+A5+1 -> 43193 | B6: =IFERROR(+VLOOKUP("LEINFA"&A6,'Main File'!A:O,6,0),0) -> 2.5001234 | C6: =IFERROR(+VLOOKUP("LEINFA"&A6,'Main File'!A:O,7,0),0) -> 0 | D6: =IFERROR(+VLOOKUP("LEINFA"&A6,'Main File'!A:O,8,0),0) -> 0.2 | E6: =IFERROR(+VLOOKUP("LEINFA"&A6,'Main File'!A:O,9,0),0) -> 0.25381984 | F6: =IFERROR(+VLOOKUP("LEINFA"&A6,'Main File'!A:O,10,0),0) -> 2.9539433 | G6: =IFERROR(+VLOOKUP("LEINFA"&A6,'Main File'!A:O,11,0),0) -> 1.2083736 | H6: =IFERROR(+VLOOKUP("LEINFA"&A6,'Main File'!A:O,12,0),0) -> 0 | I6: =IFERROR(+VLOOKUP("LEINFA"&A6,'Main File'!A:O,13,0),0) -> 0.2 | J6: =IFERROR(+VLOOKUP("LEINFA"&A6,'Main File'!A:O,14,0),0) -> 0.24091911 | K6: =IFERROR(+VLOOKUP("LEINFA"&A6,'Main File'!A:O,15,0),0) -> 1.6492927
A7: =+A6+1 -> 43194 | B7: =IFERROR(+VLOOKUP("LEINFA"&A7,'Main File'!A:O,6,0),0) -> 2.500123 | C7: =IFERROR(+VLOOKUP("LEINFA"&A7,'Main File'!A:O,7,0),0) -> 0 | D7: =IFERROR(+VLOOKUP("LEINFA"&A7,'Main File'!A:O,8,0),0) -> 0.2 | E7: =IFERROR(+VLOOKUP("LEINFA"&A7,'Main File'!A:O,9,0),0) -> 0.25382036 | F7: =IFERROR(+VLOOKUP("LEINFA"&A7,'Main File'!A:O,10,0),0) -> 2.9539433 | G7: =IFERROR(+VLOOKUP("LEINFA"&A7,'Main File'!A:O,11,0),0) -> 1.2008395 | H7: =IFERROR(+VLOOKUP("LEINFA"&A7,'Main File'!A:O,12,0),0) -> 0 | I7: =IFERROR(+VLOOKUP("LEINFA"&A7,'Main File'!A:O,13,0),0) -> 0.2 | J7: =IFERROR(+VLOOKUP("LEINFA"&A7,'Main File'!A:O,14,0),0) -> 0.23956104 | K7: =IFERROR(+VLOOKUP("LEINFA"&A7,'Main File'!A:O,15,0),0) -> 1.6404005
A8: =+A7+1 -> 43195 | B8: =IFERROR(+VLOOKUP("LEINFA"&A8,'Main File'!A:O,6,0),0) -> 2.5001235 | C8: =IFERROR(+VLOOKUP("LEINFA"&A8,'Main File'!A:O,7,0),0) -> 0 | D8: =IFERROR(+VLOOKUP("LEINFA"&A8,'Main File'!A:O,8,0),0) -> 0.2 | E8: =IFERROR(+VLOOKUP("LEINFA"&A8,'Main File'!A:O,9,0),0) -> 0.25382074 | F8: =IFERROR(+VLOOKUP("LEINFA"&A8,'Main File'!A:O,10,0),0) -> 2.9539442 | G8: =IFERROR(+VLOOKUP("LEINFA"&A8,'Main File'!A:O,11,0),0) -> 1.2028493 | H8: =IFERROR(+VLOOKUP("LEINFA"&A8,'Main File'!A:O,12,0),0) -> 0 | I8: =IFERROR(+VLOOKUP("LEINFA"&A8,'Main File'!A:O,13,0),0) -> 0.2 | J8: =IFERROR(+VLOOKUP("LEINFA"&A8,'Main File'!A:O,14,0),0) -> 0.23992607 | K8: =IFERROR(+VLOOKUP("LEINFA"&A8,'Main File'!A:O,15,0),0) -> 1.6427754
A9: =+A8+1 -> 43196 | B9: =IFERROR(+VLOOKUP("LEINFA"&A9,'Main File'!A:O,6,0),0) -> 2.5001229 | C9: =IFERROR(+VLOOKUP("LEINFA"&A9,'Main File'!A:O,7,0),0) -> 0 | D9: =IFERROR(+VLOOKUP("LEINFA"&A9,'Main File'!A:O,8,0),0) -> 0.2 | E9: =IFERROR(+VLOOKUP("LEINFA"&A9,'Main File'!A:O,9,0),0) -> 0.25382086 | F9: =IFERROR(+VLOOKUP("LEINFA"&A9,'Main File'!A:O,10,0),0) -> 2.9539438 | G9: =IFERROR(+VLOOKUP("LEINFA"&A9,'Main File'!A:O,11,0),0) -> 1.2014117 | H9: =IFERROR(+VLOOKUP("LEINFA"&A9,'Main File'!A:O,12,0),0) -> 0 | I9: =IFERROR(+VLOOKUP("LEINFA"&A9,'Main File'!A:O,13,0),0) -> 0.2 | J9: =IFERROR(+VLOOKUP("LEINFA"&A9,'Main File'!A:O,14,0),0) -> 0.23966178 | K9: =IFERROR(+VLOOKUP("LEINFA"&A9,'Main File'!A:O,15,0),0) -> 1.6410735
A10: =+A9+1 -> 43197 | B10: =IFERROR(+VLOOKUP("LEINFA"&A10,'Main File'!A:O,6,0),0) -> 2.500124 | C10: =IFERROR(+VLOOKUP("LEINFA"&A10,'Main File'!A:O,7,0),0) -> 0 | D10: =IFERROR(+VLOOKUP("LEINFA"&A10,'Main File'!A:O,8,0),0) -> 0.2 | E10: =IFERROR(+VLOOKUP("LEINFA"&A10,'Main File'!A:O,9,0),0) -> 0.25382038 | F10: =IFERROR(+VLOOKUP("LEINFA"&A10,'Main File'!A:O,10,0),0) -> 2.9539443 | G10: =IFERROR(+VLOOKUP("LEINFA"&A10,'Main File'!A:O,11,0),0) -> 1.2013881 | H10: =IFERROR(+VLOOKUP("LEINFA"&A10,'Main File'!A:O,12,0),0) -> 0 | I10: =IFERROR(+VLOOKUP("LEINFA"&A10,'Main File'!A:O,13,0),0) -> 0.2 | J10: =IFERROR(+VLOOKUP("LEINFA"&A10,'Main File'!A:O,14,0),0) -> 0.23966282 | K10: =IFERROR(+VLOOKUP("LEINFA"&A10,'Main File'!A:O,15,0),0) -> 1.641051
A11: =+A10+1 -> 43198 | B11: =IFERROR(+VLOOKUP("LEINFA"&A11,'Main File'!A:O,6,0),0) -> 2.5001238 | C11: =IFERROR(+VLOOKUP("LEINFA"&A11,'Main File'!A:O,7,0),0) -> 0 | D11: =IFERROR(+VLOOKUP("LEINFA"&A11,'Main File'!A:O,8,0),0) -> 0.2 | E11: =IFERROR(+VLOOKUP("LEINFA"&A11,'Main File'!A:O,9,0),0) -> 0.2538199 | F11: =IFERROR(+VLOOKUP("LEINFA"&A11,'Main File'!A:O,10,0),0) -> 2.9539437 | G11: =IFERROR(+VLOOKUP("LEINFA"&A11,'Main File'!A:O,11,0),0) -> 1.2013869 | H11: =IFERROR(+VLOOKUP("LEINFA"&A11,'Main File'!A:O,12,0),0) -> 0 | I11: =IFERROR(+VLOOKUP("LEINFA"&A11,'Main File'!A:O,13,0),0) -> 0.2 | J11: =IFERROR(+VLOOKUP("LEINFA"&A11,'Main File'!A:O,14,0),0) -> 0.23966386 | K11: =IFERROR(+VLOOKUP("LEINFA"&A11,'Main File'!A:O,15,0),0) -> 1.6410507
A12: =+A11+1 -> 43199 | B12: =IFERROR(+VLOOKUP("LEINFA"&A12,'Main File'!A:O,6,0),0) -> 2.5001238 | C12: =IFERROR(+VLOOKUP("LEINFA"&A12,'Main File'!A:O,7,0),0) -> 0 | D12: =IFERROR(+VLOOKUP("LEINFA"&A12,'Main File'!A:O,8,0),0) -> 0.2 | E12: =IFERROR(+VLOOKUP("LEINFA"&A12,'Main File'!A:O,9,0),0) -> 0.2538205 | F12: =IFERROR(+VLOOKUP("LEINFA"&A12,'Main File'!A:O,10,0),0) -> 2.9539443 | G12: =IFERROR(+VLOOKUP("LEINFA"&A12,'Main File'!A:O,11,0),0) -> 1.2017078 | H12: =IFERROR(+VLOOKUP("LEINFA"&A12,'Main File'!A:O,12,0),0) -> 0 | I12: =IFERROR(+VLOOKUP("LEINFA"&A12,'Main File'!A:O,13,0),0) -> 0.2 | J12: =IFERROR(+VLOOKUP("LEINFA"&A12,'Main File'!A:O,14,0),0) -> 0.2397174 | K12: =IFERROR(+VLOOKUP("LEINFA"&A12,'Main File'!A:O,15,0),0) -> 1.6414252
A13: =+A12+1 -> 43200 | B13: =IFERROR(+VLOOKUP("LEINFA"&A13,'Main File'!A:O,6,0),0) -> 2.5001244 | C13: =IFERROR(+VLOOKUP("LEINFA"&A13,'Main File'!A:O,7,0),0) -> 0 | D13: =IFERROR(+VLOOKUP("LEINFA"&A13,'Main File'!A:O,8,0),0) -> 0.2 | E13: =IFERROR(+VLOOKUP("LEINFA"&A13,'Main File'!A:O,9,0),0) -> 0.25382051 | F13: =IFERROR(+VLOOKUP("LEINFA"&A13,'Main File'!A:O,10,0),0) -> 2.9539449 | G13: =IFERROR(+VLOOKUP("LEINFA"&A13,'Main File'!A:O,11,0),0) -> 1.2020126 | H13: =IFERROR(+VLOOKUP("LEINFA"&A13,'Main File'!A:O,12,0),0) -> 0 | I13: =IFERROR(+VLOOKUP("LEINFA"&A13,'Main File'!A:O,13,0),0) -> 0.2 | J13: =IFERROR(+VLOOKUP("LEINFA"&A13,'Main File'!A:O,14,0),0) -> 0.23976931 | K13: =IFERROR(+VLOOKUP("LEINFA"&A13,'Main File'!A:O,15,0),0) -> 1.6417819
A14: =+A13+1 -> 43201 | B14: =IFERROR(+VLOOKUP("LEINFA"&A14,'Main File'!A:O,6,0),0) -> 2.5001231 | C14: =IFERROR(+VLOOKUP("LEINFA"&A14,'Main File'!A:O,7,0),0) -> 0 | D14: =IFERROR(+VLOOKUP("LEINFA"&A14,'Main File'!A:O,8,0),0) -> 0.2 | E14: =IFERROR(+VLOOKUP("LEINFA"&A14,'Main File'!A:O,9,0),0) -> 0.25382045 | F14: =IFERROR(+VLOOKUP("LEINFA"&A14,'Main File'!A:O,10,0),0) -> 2.9539435 | G14: =IFERROR(+VLOOKUP("LEINFA"&A14,'Main File'!A:O,11,0),0) -> 1.2011449 | H14: =IFERROR(+VLOOKUP("LEINFA"&A14,'Main File'!A:O,12,0),0) -> 0 | I14: =IFERROR(+VLOOKUP("LEINFA"&A14,'Main File'!A:O,13,0),0) -> 0.2 | J14: =IFERROR(+VLOOKUP("LEINFA"&A14,'Main File'!A:O,14,0),0) -> 0.23961899 | K14: =IFERROR(+VLOOKUP("LEINFA"&A14,'Main File'!A:O,15,0),0) -> 1.6407639
A15: =+A14+1 -> 43202 | B15: =IFERROR(+VLOOKUP("LEINFA"&A15,'Main File'!A:O,6,0),0) -> 2.500124 | C15: =IFERROR(+VLOOKUP("LEINFA"&A15,'Main File'!A:O,7,0),0) -> 0 | D15: =IFERROR(+VLOOKUP("LEINFA"&A15,'Main File'!A:O,8,0),0) -> 0.2 | E15: =IFERROR(+VLOOKUP("LEINFA"&A15,'Main File'!A:O,9,0),0) -> 0.25382005 | F15: =IFERROR(+VLOOKUP("LEINFA"&A15,'Main File'!A:O,10,0),0) -> 2.953944 | G15: =IFERROR(+VLOOKUP("LEINFA"&A15,'Main File'!A:O,11,0),0) -> 1.2013449 | H15: =IFERROR(+VLOOKUP("LEINFA"&A15,'Main File'!A:O,12,0),0) -> 0 | I15: =IFERROR(+VLOOKUP("LEINFA"&A15,'Main File'!A:O,13,0),0) -> 0.2 | J15: =IFERROR(+VLOOKUP("LEINFA"&A15,'Main File'!A:O,14,0),0) -> 0.23965408 | K15: =IFERROR(+VLOOKUP("LEINFA"&A15,'Main File'!A:O,15,0),0) -> 1.640999
A16: =+A15+1 -> 43203 | B16: =IFERROR(+VLOOKUP("LEINFA"&A16,'Main File'!A:O,6,0),0) -> 2.5001231 | C16: =IFERROR(+VLOOKUP("LEINFA"&A16,'Main File'!A:O,7,0),0) -> 0 | D16: =IFERROR(+VLOOKUP("LEINFA"&A16,'Main File'!A:O,8,0),0) -> 0.2 | E16: =IFERROR(+VLOOKUP("LEINFA"&A16,'Main File'!A:O,9,0),0) -> 0.25382016 | F16: =IFERROR(+VLOOKUP("LEINFA"&A16,'Main File'!A:O,10,0),0) -> 2.9539433 | G16: =IFERROR(+VLOOKUP("LEINFA"&A16,'Main File'!A:O,11,0),0) -> 1.193544 | H16: =IFERROR(+VLOOKUP("LEINFA"&A16,'Main File'!A:O,12,0),0) -> 0 | I16: =IFERROR(+VLOOKUP("LEINFA"&A16,'Main File'!A:O,13,0),0) -> 0.2 | J16: =IFERROR(+VLOOKUP("LEINFA"&A16,'Main File'!A:O,14,0),0) -> 0.23824691 | K16: =IFERROR(+VLOOKUP("LEINFA"&A16,'Main File'!A:O,15,0),0) -> 1.6317909
A17: =+A16+1 -> 43204 | B17: =IFERROR(+VLOOKUP("LEINFA"&A17,'Main File'!A:O,6,0),0) -> 2.500124 | C17: =IFERROR(+VLOOKUP("LEINFA"&A17,'Main File'!A:O,7,0),0) -> 0 | D17: =IFERROR(+VLOOKUP("LEINFA"&A17,'Main File'!A:O,8,0),0) -> 0.2 | E17: =IFERROR(+VLOOKUP("LEINFA"&A17,'Main File'!A:O,9,0),0) -> 0.25382028 | F17: =IFERROR(+VLOOKUP("LEINFA"&A17,'Main File'!A:O,10,0),0) -> 2.9539443 | G17: =IFERROR(+VLOOKUP("LEINFA"&A17,'Main File'!A:O,11,0),0) -> 1.193962 | H17: =IFERROR(+VLOOKUP("LEINFA"&A17,'Main File'!A:O,12,0),0) -> 0 | I17: =IFERROR(+VLOOKUP("LEINFA"&A17,'Main File'!A:O,13,0),0) -> 0.2 | J17: =IFERROR(+VLOOKUP("LEINFA"&A17,'Main File'!A:O,14,0),0) -> 0.2383218 | K17: =IFERROR(+VLOOKUP("LEINFA"&A17,'Main File'!A:O,15,0),0) -> 1.6322838
... A368: =+A367+1 -> 43555 | B368: =IFERROR(+VLOOKUP("LEINFA"&A368,'Main File'!A:O,6,0),0) -> 0 | C368: =IFERROR(+VLOOKUP("LEINFA"&A368,'Main File'!A:O,7,0),0) -> 0 | D368: =IFERROR(+VLOOKUP("LEINFA"&A368,'Main File'!A:O,8,0),0) -> 0 | E368: =IFERROR(+VLOOKUP("LEINFA"&A368,'Main File'!A:O,9,0),0) -> 0 | F368: =IFERROR(+VLOOKUP("LEINFA"&A368,'Main File'!A:O,10,0),0) -> 0 | G368: =IFERROR(+VLOOKUP("LEINFA"&A368,'Main File'!A:O,11,0),0) -> 0 | H368: =IFERROR(+VLOOKUP("LEINFA"&A368,'Main File'!A:O,12,0),0) -> 0 | I368: =IFERROR(+VLOOKUP("LEINFA"&A368,'Main File'!A:O,13,0),0) -> 0 | J368: =IFERROR(+VLOOKUP("LEINFA"&A368,'Main File'!A:O,14,0),0) -> 0 | K368: =IFERROR(+VLOOKUP("LEINFA"&A368,'Main File'!A:O,15,0),0) -> 0
A370: Notes:
A371: 1. Base TER excludes additional expenses provided in Regulation 52(6A)(b) and 52(6A)(c) of SEBI (Mutual Funds) Regulations, 1996.
A372: 2. Additional Expenses not exceeding 0.30% in terms of Regulation 52(6A)(b) of SEBI (Mutual Funds) Regulations, 1996.
A373: 3. Additional Expenses not exceeding 0.20% in terms of Regulation 52(6A)(c) of SEBI (Mutual Funds) Regulations, 1996.
A374: 4. Present GST rate is 18 %.
A375: 5. Percentages mentioned above are annualized.

Sheet LEINNF
A1: =+VLOOKUP(+(MID(CELL("filename",A1),FIND("]",CELL("filename",A1))+1,255)),'Main File'!C:E,3,0) -> LIC MF Index Fund-Nifty Plan | N1: Go to Index
B2: Regular Plan | G2: Direct Plan
A3: Date (DD/MM/YYYY) | B3: Base TER (%)1 | C3: Additional expense as per Regulation 52(6A)(b) (%)2 | D3: Additional expense as per Regulation 52(6A)(c) (%)3 | E3: GST (%)4 | F3: Total TER (%) | G3: Base TER (%)1 | H3: Additional expense as per Regulation 52(6A)(b) (%)2 | I3: Additional expense as per Regulation 52(6A)(c) (%)3 | J3: GST (%)4 | K3: Total TER (%)
A4: =LDBOND!A4 -> 43191 | B4: =IFERROR(+VLOOKUP("LEINNF"&A4,'Main File'!A:O,6,0),0) -> 1.2000405 | C4: =IFERROR(+VLOOKUP("LEINNF"&A4,'Main File'!A:O,7,0),0) -> 0 | D4: =IFERROR(+VLOOKUP("LEINNF"&A4,'Main File'!A:O,8,0),0) -> 0 | E4: =IFERROR(+VLOOKUP("LEINNF"&A4,'Main File'!A:O,9,0),0) -> 0.04499677 | F4: =IFERROR(+VLOOKUP("LEINNF"&A4,'Main File'!A:O,10,0),0) -> 1.2450372 | G4: =IFERROR(+VLOOKUP("LEINNF"&A4,'Main File'!A:O,11,0),0) -> 0.64448336 | H4: =IFERROR(+VLOOKUP("LEINNF"&A4,'Main File'!A:O,12,0),0) -> 0 | I4: =IFERROR(+VLOOKUP("LEINNF"&A4,'Main File'!A:O,13,0),0) -> 0 | J4: =IFERROR(+VLOOKUP("LEINNF"&A4,'Main File'!A:O,14,0),0) -> 0.044012427 | K4: =IFERROR(+VLOOKUP("LEINNF"&A4,'Main File'!A:O,15,0),0) -> 0.68849579
A5: =A4+1 -> 43192 | B5: =IFERROR(+VLOOKUP("LEINNF"&A5,'Main File'!A:O,6,0),0) -> 1.2000287 | C5: =IFERROR(+VLOOKUP("LEINNF"&A5,'Main File'!A:O,7,0),0) -> 0 | D5: =IFERROR(+VLOOKUP("LEINNF"&A5,'Main File'!A:O,8,0),0) -> 0 | E5: =IFERROR(+VLOOKUP("LEINNF"&A5,'Main File'!A:O,9,0),0) -> 0.044997366 | F5: =IFERROR(+VLOOKUP("LEINNF"&A5,'Main File'!A:O,10,0),0) -> 1.245026 | G5: =IFERROR(+VLOOKUP("LEINNF"&A5,'Main File'!A:O,11,0),0) -> 0.6445395 | H5: =IFERROR(+VLOOKUP("LEINNF"&A5,'Main File'!A:O,12,0),0) -> 0 | I5: =IFERROR(+VLOOKUP("LEINNF"&A5,'Main File'!A:O,13,0),0) -> 0 | J5: =IFERROR(+VLOOKUP("LEINNF"&A5,'Main File'!A:O,14,0),0) -> 0.044023986 | K5: =IFERROR(+VLOOKUP("LEINNF"&A5,'Main File'!A:O,15,0),0) -> 0.68856349
A6: =+A5+1 -> 43193 | B6: =IFERROR(+VLOOKUP("LEINNF"&A6,'Main File'!A:O,6,0),0) -> 1.2000223 | C6: =IFERROR(+VLOOKUP("LEINNF"&A6,'Main File'!A:O,7,0),0) -> 0 | D6: =IFERROR(+VLOOKUP("LEINNF"&A6,'Main File'!A:O,8,0),0) -> 0 | E6: =IFERROR(+VLOOKUP("LEINNF"&A6,'Main File'!A:O,9,0),0) -> 0.045001961 | F6: =IFERROR(+VLOOKUP("LEINNF"&A6,'Main File'!A:O,10,0),0) -> 1.2450242 | G6: =IFERROR(+VLOOKUP("LEINNF"&A6,'Main File'!A:O,11,0),0) -> 0.6445106 | H6: =IFERROR(+VLOOKUP("LEINNF"&A6,'Main File'!A:O,12,0),0) -> 0 | I6: =IFERROR(+VLOOKUP("LEINNF"&A6,'Main File'!A:O,13,0),0) -> 0 | J6: =IFERROR(+VLOOKUP("LEINNF"&A6,'Main File'!A:O,14,0),0) -> 0.044012027 | K6: =IFERROR(+VLOOKUP("LEINNF"&A6,'Main File'!A:O,15,0),0) -> 0.68852263
A7: =+A6+1 -> 43194 | B7: =IFERROR(+VLOOKUP("LEINNF"&A7,'Main File'!A:O,6,0),0) -> 1.2000184 | C7: =IFERROR(+VLOOKUP("LEINNF"&A7,'Main File'!A:O,7,0),0) -> 0 | D7: =IFERROR(+VLOOKUP("LEINNF"&A7,'Main File'!A:O,8,0),0) -> 0 | E7: =IFERROR(+VLOOKUP("LEINNF"&A7,'Main File'!A:O,9,0),0) -> 0.045000325 | F7: =IFERROR(+VLOOKUP("LEINNF"&A7,'Main File'!A:O,10,0),0) -> 1.2450187 | G7: =IFERROR(+VLOOKUP("LEINNF"&A7,'Main File'!A:O,11,0),0) -> 0.64443454 | H7: =IFERROR(+VLOOKUP("LEINNF"&A7,'Main File'!A:O,12,0),0) -> 0 | I7: =IFERROR(+VLOOKUP("LEINNF"&A7,'Main File'!A:O,13,0),0) -> 0 | J7: =IFERROR(+VLOOKUP("LEINNF"&A7,'Main File'!A:O,14,0),0) -> 0.043999019 | K7: =IFERROR(+VLOOKUP("LEINNF"&A7,'Main File'!A:O,15,0),0) -> 0.68843356
A8: =+A7+1 -> 43195 | B8: =IFERROR(+VLOOKUP("LEINNF"&A8,'Main File'!A:O,6,0),0) -> 1.2000214 | C8: =IFERROR(+VLOOKUP("LEINNF"&A8,'Main File'!A:O,7,0),0) -> 0 | D8: =IFERROR(+VLOOKUP("LEINNF"&A8,'Main File'!A:O,8,0),0) -> 0 | E8: =IFERROR(+VLOOKUP("LEINNF"&A8,'Main File'!A:O,9,0),0) -> 0.045002007 | F8: =IFERROR(+VLOOKUP("LEINNF"&A8,'Main File'!A:O,10,0),0) -> 1.2450234 | G8: =IFERROR(+VLOOKUP("LEINNF"&A8,'Main File'!A:O,11,0),0) -> 0.64460631 | H8: =IFERROR(+VLOOKUP("LEINNF"&A8,'Main File'!A:O,12,0),0) -> 0 | I8: =IFERROR(+VLOOKUP("LEINNF"&A8,'Main File'!A:O,13,0),0) -> 0 | J8: =IFERROR(+VLOOKUP("LEINNF"&A8,'Main File'!A:O,14,0),0) -> 0.044029169 | K8: =IFERROR(+VLOOKUP("LEINNF"&A8,'Main File'!A:O,15,0),0) -> 0.68863548
A9: =+A8+1 -> 43196 | B9: =IFERROR(+VLOOKUP("LEINNF"&A9,'Main File'!A:O,6,0),0) -> 1.2000297 | C9: =IFERROR(+VLOOKUP("LEINNF"&A9,'Main File'!A:O,7,0),0) -> 0 | D9: =IFERROR(+VLOOKUP("LEINNF"&A9,'Main File'!A:O,8,0),0) -> 0 | E9: =IFERROR(+VLOOKUP("LEINNF"&A9,'Main File'!A:O,9,0),0) -> 0.044999907 | F9: =IFERROR(+VLOOKUP("LEINNF"&A9,'Main File'!A:O,10,0),0) -> 1.2450296 | G9: =IFERROR(+VLOOKUP("LEINNF"&A9,'Main File'!A:O,11,0),0) -> 0.64449104 | H9: =IFERROR(+VLOOKUP("LEINNF"&A9,'Main File'!A:O,12,0),0) -> 0 | I9: =IFERROR(+VLOOKUP("LEINNF"&A9,'Main File'!A:O,13,0),0) -> 0 | J9: =IFERROR(+VLOOKUP("LEINNF"&A9,'Main File'!A:O,14,0),0) -> 0.044013387 | K9: =IFERROR(+VLOOKUP("LEINNF"&A9,'Main File'!A:O,15,0),0) -> 0.68850443
A10: =+A9+1 -> 43197 | B10: =IFERROR(+VLOOKUP("LEINNF"&A10,'Main File'!A:O,6,0),0) -> 1.2000265 | C10: =IFERROR(+VLOOKUP("LEINNF"&A10,'Main File'!A:O,7,0),0) -> 0 | D10: =IFERROR(+VLOOKUP("LEINNF"&A10,'Main File'!A:O,8,0),0) -> 0 | E10: =IFERROR(+VLOOKUP("LEINNF"&A10,'Main File'!A:O,9,0),0) -> 0.045001397 | F10: =IFERROR(+VLOOKUP("LEINNF"&A10,'Main File'!A:O,10,0),0) -> 1.2450279 | G10: =IFERROR(+VLOOKUP("LEINNF"&A10,'Main File'!A:O,11,0),0) -> 0.64448953 | H10: =IFERROR(+VLOOKUP("LEINNF"&A10,'Main File'!A:O,12,0),0) -> 0 | I10: =IFERROR(+VLOOKUP("LEINNF"&A10,'Main File'!A:O,13,0),0) -> 0 | J10: =IFERROR(+VLOOKUP("LEINNF"&A10,'Main File'!A:O,14,0),0) -> 0.044014173 | K10: =IFERROR(+VLOOKUP("LEINNF"&A10,'Main File'!A:O,15,0),0) -> 0.6885037
A11: =+A10+1 -> 43198 | B11: =IFERROR(+VLOOKUP("LEINNF"&A11,'Main File'!A:O,6,0),0) -> 1.2000305 | C11: =IFERROR(+VLOOKUP("LEINNF"&A11,'Main File'!A:O,7,0),0) -> 0 | D11: =IFERROR(+VLOOKUP("LEINNF"&A11,'Main File'!A:O,8,0),0) -> 0 | E11: =IFERROR(+VLOOKUP("LEINNF"&A11,'Main File'!A:O,9,0),0) -> 0.045002887 | F11: =IFERROR(+VLOOKUP("LEINNF"&A11,'Main File'!A:O,10,0),0) -> 1.2450334 | G11: =IFERROR(+VLOOKUP("LEINNF"&A11,'Main File'!A:O,11,0),0) -> 0.64449127 | H11: =IFERROR(+VLOOKUP("LEINNF"&A11,'Main File'!A:O,12,0),0) -> 0 | I11: =IFERROR(+VLOOKUP("LEINNF"&A11,'Main File'!A:O,13,0),0) -> 0 | J11: =IFERROR(+VLOOKUP("LEINNF"&A11,'Main File'!A:O,14,0),0) -> 0.044008447 | K11: =IFERROR(+VLOOKUP("LEINNF"&A11,'Main File'!A:O,15,0),0) -> 0.68849972
A12: =+A11+1 -> 43199 | B12: =IFERROR(+VLOOKUP("LEINNF"&A12,'Main File'!A:O,6,0),0) -> 1.2000327 | C12: =IFERROR(+VLOOKUP("LEINNF"&A12,'Main File'!A:O,7,0),0) -> 0 | D12: =IFERROR(+VLOOKUP("LEINNF"&A12,'Main File'!A:O,8,0),0) -> 0 | E12: =IFERROR(+VLOOKUP("LEINNF"&A12,'Main File'!A:O,9,0),0) -> 0.045001717 | F12: =IFERROR(+VLOOKUP("LEINNF"&A12,'Main File'!A:O,10,0),0) -> 1.2450345 | G12: =IFERROR(+VLOOKUP("LEINNF"&A12,'Main File'!A:O,11,0),0) -> 0.6445157 | H12: =IFERROR(+VLOOKUP("LEINNF"&A12,'Main File'!A:O,12,0),0) -> 0 | I12: =IFERROR(+VLOOKUP("LEINNF"&A12,'Main File'!A:O,13,0),0) -> 0 | J12: =IFERROR(+VLOOKUP("LEINNF"&A12,'Main File'!A:O,14,0),0) -> 0.044014315 | K12: =IFERROR(+VLOOKUP("LEINNF"&A12,'Main File'!A:O,15,0),0) -> 0.68853002
A13: =+A12+1 -> 43200 | B13: =IFERROR(+VLOOKUP("LEINNF"&A13,'Main File'!A:O,6,0),0) -> 1.2000261 | C13: =IFERROR(+VLOOKUP("LEINNF"&A13,'Main File'!A:O,7,0),0) -> 0 | D13: =IFERROR(+VLOOKUP("LEINNF"&A13,'Main File'!A:O,8,0),0) -> 0 | E13: =IFERROR(+VLOOKUP("LEINNF"&A13,'Main File'!A:O,9,0),0) -> 0.04499743 | F13: =IFERROR(+VLOOKUP("LEINNF"&A13,'Main File'!A:O,10,0),0) -> 1.2450235 | G13: =IFERROR(+VLOOKUP("LEINNF"&A13,'Main File'!A:O,11,0),0) -> 0.64450216 | H13: =IFERROR(+VLOOKUP("LEINNF"&A13,'Main File'!A:O,12,0),0) -> 0 | I13: =IFERROR(+VLOOKUP("LEINNF"&A13,'Main File'!A:O,13,0),0) -> 0 | J13: =IFERROR(+VLOOKUP("LEINNF"&A13,'Main File'!A:O,14,0),0) -> 0.044014782 | K13: =IFERROR(+VLOOKUP("LEINNF"&A13,'Main File'!A:O,15,0),0) -> 0.68851695
A14: =+A13+1 -> 43201 | B14: =IFERROR(+VLOOKUP("LEINNF"&A14,'Main File'!A:O,6,0),0) -> 1.2000333 | C14: =IFERROR(+VLOOKUP("LEINNF"&A14,'Main File'!A:O,7,0),0) -> 0 | D14: =IFERROR(+VLOOKUP("LEINNF"&A14,'Main File'!A:O,8,0),0) -> 0 | E14: =IFERROR(+VLOOKUP("LEINNF"&A14,'Main File'!A:O,9,0),0) -> 0.045000983 | F14: =IFERROR(+VLOOKUP("LEINNF"&A14,'Main File'!A:O,10,0),0) -> 1.2450343 | G14: =IFERROR(+VLOOKUP("LEINNF"&A14,'Main File'!A:O,11,0),0) -> 0.64448985 | H14: =IFERROR(+VLOOKUP("LEINNF"&A14,'Main File'!A:O,12,0),0) -> 0 | I14: =IFERROR(+VLOOKUP("LEINNF"&A14,'Main File'!A:O,13,0),0) -> 0 | J14: =IFERROR(+VLOOKUP("LEINNF"&A14,'Main File'!A:O,14,0),0) -> 0.04400723 | K14: =IFERROR(+VLOOKUP("LEINNF"&A14,'Main File'!A:O,15,0),0) -> 0.68849708
